Workbook

Sheet Печать
A11: Приложение № 1 к Договору №
A12: от «20» Января 2025 г.
A14: Адрес объекта:
A16: СПИСОК ПОМЕЩЕНИЙ:
B17: Помещение №1: Кухня-гостиная; высота: 3,1м.; площадь: 26,372кв.м.; периметр: 21,48м; площадь стен (с вычетом проемов): 51,9563 кв.м.; окон: 3; дверей: 1
B18: Помещение №2: Спальня 1; высота: 3,1м.; площадь: 11,55кв.м.; периметр: 13,7м; площадь стен (с вычетом проемов): 36,7784 кв.м.; окон: 1; дверей: 1
B19: Помещение №3: Спальня 2; высота: 3,1м.; площадь: 11,935кв.м.; периметр: 13,9м; площадь стен (с вычетом проемов): 34,9962 кв.м.; окон: 2; дверей: 1
B20: Помещение №4: Коридор; высота: 3,1м.; площадь: 11,2695кв.м.; периметр: 16,96м; площадь стен (с вычетом проемов): 30,868 кв.м.; окон: 0; дверей: 7
B21: Помещение №5: Гардеробная; высота: 3,1м.; площадь: 5,394кв.м.; периметр: 10,06м; площадь стен (с вычетом проемов): 20,398 кв.м.; окон: 0; дверей: 1
B22: Помещение №6: Санузел 1; высота: 3,1м.; площадь: 2,84кв.м.; периметр: 6,84м; площадь стен (с вычетом проемов): 19,524 кв.м.; окон: 0; дверей: 1
B23: Помещение №7: Санузел 2; высота: 3,1м.; площадь: 5,588кв.м.; периметр: 9,48м; площадь стен (с вычетом проемов): 27,708 кв.м.; окон: 0; дверей: 1
B24: Помещение №8: Постирочная; высота: 3,1м.; площадь: 2,5кв.м.; периметр: 7м; площадь стен (с вычетом проемов): 20,02 кв.м.; окон: 0; дверей: 1
A26: № | B26: Наименование работ | C26: Ед. Изм. | D26: Кол-во | E26: Стоимость работ | F26: Сумма по работам | G26: Стоимость работ со скидкой | H26: Скидка | I26: Сумма по работам со скидкой
A27: 1 | B27: 2 | C27: 3 | D27: 4 | E27: 5 | F27: 6 | G27: 7 | H27: 8 | I27: 9
A28: ПОТОЛКИ
A29: 2. Монтажные работы (потолки)
A30: 2.3 | B30: Базовая шпатлёвка потолка 1 слой | C30: м² | D30: 60.8 | E30: 578 | F30: 35142.4 | G30: 491.3 | H30: 5271.36 | I30: 29871.04
A31: 2.6 | B31: Устройство подвесного потолка из гипсокартона (2 слоя) одноуровневый | C31: м² | D31: 16.6 | E31: 4543 | F31: 75413.8 | G31: 3861.55 | H31: 11312.07 | I31: 64101.73
A32: 2.10 | B32: Грунтовка потолка 1 слой | C32: м² | D32: 155 | E32: 159 | F32: 24645 | G32: 135.15 | H32: 3696.75 | I32: 20948.25
A33: 2.11 | B33: Штукатурка потолка до 20 мм (от 20 до 30 мм - коэффициент 1,5) | C33: м² | D33: 60.8 | E33: 2563 | F33: 155830.4 | G33: 2178.55 | H33: 23374.56 | I33: 132455.84
A34: 2.12 | B34: Шпатлёвка потолка под окраску 2 слоя | C34: м² | D34: 77.5 | E34: 1200 | F34: 93000 | G34: 1020 | H34: 13950 | I34: 79050
A35: 2.15 | B35: Окраска потолка 2 слоя | C35: м² | D35: 77.5 | E35: 796 | F35: 61690 | G35: 676.6 | H35: 9253.5 | I35: 52436.5
A36: 2.19 | B36: Оклейка потолка сеткой «строби», «паутинка», /пароизоляция потолка/обои,«стеклохолст» К-1,7 | C36: м² | D36: 77.5 | E36: 620 | F36: 48050 | G36: 527 | H36: 7207.5 | I36: 40842.5
A37: 2.24 | B37: Ошкуривание потолка 1 раз | C37: м² | D37: 138 | E37: 441 | F37: 60858 | G37: 374.85 | H37: 9128.7 | I37: 51729.3
A38: 2.32 | B38: Проклейка швов ГКЛВ потолка с армированием перфорированной лентой (Кнауф) | C38: п.м | D38: 15 | E38: 231 | F38: 3465 | G38: 196.35 | H38: 519.75 | I38: 2945.25
A39: Итого по: Монтажные работы (потолки) | F39: 558094.6 | H39: 83714.19 | I39: 474380.41
A40: Итого по разделу: Потолки | F40: 558094.6 | H40: 83714.19 | I40: 474380.41
A41: СТЕНЫ, СТОЛЯРНЫЕ РАБОТЫ
A42: 3. Демонтажные работы ( стены, столярные работы)
A43: 3.21 | B43: Демонтаж с откосов ВЭ краски/шпаклевки. Штукатурки, масл. Краски К-1,3 | C43: п.м | D43: 10 | E43: 257 | F43: 2570 | G43: 218.45 | H43: 385.5 | I43: 2184.5
A44: Итого по: Демонтажные работы ( стены, столярные работы) | F44: 2570 | H44: 385.5 | I44: 2184.5
A45: 4. Монтажные работы (стены,столярные работы)
A46: 4.1 | B46: Оклейка стен сеткой «строби», «паутинка», «стеклохолст»/пароизоляция стен | C46: м² | D46: 15 | E46: 496 | F46: 7440 | G46: 421.6 | H46: 1116 | I46: 6324
A47: 4.3 | B47: Усиление проёмов металлическим уголком с огрунтовкой | C47: п.м | D47: 7.4 | E47: 1496 | F47: 11070.4 | G47: 1271.6 | H47: 1660.56 | I47: 9409.84
A48: 4.9 | B48: Устройство перегородок из газо/пеноблоков, пазогребневых блоков | C48: м² | D48: 75 | E48: 1809 | F48: 135675 | G48: 1537.65 | H48: 20351.25 | I48: 115323.75
A49: 4.14 | B49: Базовая шпатлёвка 1 слой | C49: м² | D49: 15 | E49: 565 | F49: 8475 | G49: 480.25 | H49: 1271.25 | I49: 7203.75
A50: 4.17 | B50: Устройство прямолинейного короба из ГКЛ (2 слоя) Г-образного сечения | C50: п.м | D50: 6 | E50: 2165 | F50: 12990 | G50: 1840.25 | H50: 1948.5 | I50: 11041.5
A51: 4.22 | B51: Гидроизоляция стен (в 2 слоя) | C51: м² | D51: 47 | E51: 675 | F51: 31725 | G51: 573.75 | H51: 4758.75 | I51: 26966.25
A52: 4.24 | B52: Заделка швов ГКЛ стен и потолка | C52: п.м | D52: 15 | E52: 168 | F52: 2520 | G52: 142.8 | H52: 378 | I52: 2142
A53: 4.25 | B53: Заделка штробы | C53: п.м | D53: 78 | E53: 311 | F53: 24258 | G53: 264.35 | H53: 3638.7 | I53: 20619.3
A54: 4.26 | B54: Штукатурка стен до 30 мм (с учетом монтажа маяков) от 30мм до 40мм применять K-1,5; свыше 40мм К-2 | C54: м² | D54: 247 | E54: 1805 | F54: 445835 | G54: 1534.25 | H54: 66875.25 | I54: 378959.75
A55: 4.30 | B55: Шпатлёвка стен под обои 2 слоя | C55: м² | D55: 185 | E55: 754 | F55: 139490 | G55: 640.9 | H55: 20923.5 | I55: 118566.5
A56: 4.31 | B56: Шпатлёвка стен под окраску 2 слоя | C56: м² | D56: 15 | E56: 1037 | F56: 15555 | G56: 881.45 | H56: 2333.25 | I56: 13221.75
A57: 4.32 | B57: Грунтовка стен 1 слой | C57: м² | D57: 447 | E57: 157 | F57: 70179 | G57: 133.45 | H57: 10526.85 | I57: 59652.15
... A61: 4.49 | B61: Обработка стен бетоноконтактом 1 слой | C61: м² | D61: 40 | E61: 204 | F61: 8160 | G61: 173.4 | H61: 1224 | I61: 6936
A62: Итого по: Монтажные работы (стены,столярные работы) | F62: 1100932.4 | H62: 165139.86 | I62: 935792.54
A63: Итого по разделу: Стены, Столярные работы | F63: 1103502.4 | H63: 165525.36 | I63: 937977.04
A64: ПОЛЫ
A65: 6. Монтажные работы (полы)
A66: 6.2 | B66: Обработка пола ,составом антиплесень, гидроизол. Мастиками (1 слой) | C66: м² | D66: 11 | E66: 386 | F66: 4246 | G66: 328.1 | H66: 636.9 | I66: 3609.1
A67: 6.4 | B67: Устройство стяжки пола самовыравнивающейся до 20мм (от 20мм до 40мм К-1,5) | C67: м² | D67: 42 | E67: 1122 | F67: 47124 | G67: 953.7 | H67: 7068.6 | I67: 40055.4
A68: 6.6 | B68: Армирование стяжки пола | C68: м² | D68: 77.5 | E68: 546 | F68: 42315 | G68: 464.1 | H68: 6347.25 | I68: 35967.75
A69: 6.7 | B69: Устройство подиума под душевую кабину | C69: ед. | D69: 1 | E69: 6753 | F69: 6753 | G69: 5740.05 | H69: 1012.95 | I69: 5740.05
A70: 6.10 | B70: Устройство стяжки от 50 мм до 100 мм с устройством маяков,демпферной ленты | C70: м² | D70: 77.5 | E70: 2001 | F70: 155077.5 | G70: 1700.85 | H70: 23261.63 | I70: 131815.88
A71: 6.12 | B71: Настилка подложки под ламинат / паркетную доску | C71: м² | D71: 42 | E71: 140 | F71: 5880 | G71: 119 | H71: 882 | I71: 4998
A72: 6.14 | B72: Устройство пола из ламината с замком ( укладка по диагонали применять К-1,5 , "елочкой" К- 2,0) | C72: м² | D72: 42 | E72: 1270 | F72: 53340 | G72: 1079.5 | H72: 8001 | I72: 45339
A73: 6.16 | B73: Грунтовка пола, 1 слой, обработка Бетоноконтакт К-1,8 | C73: м² | D73: 77.5 | E73: 97 | F73: 7517.5 | G73: 82.45 | H73: 1127.63 | I73: 6389.875
A74: 6.17 | B74: Устройство тепло / звукоизоляции пола (однослойный) | C74: м² | D74: 77.5 | E74: 589 | F74: 45647.5 | G74: 500.65 | H74: 6847.13 | I74: 38800.375
A75: 6.20 | B75: Устройство плинтуса на бетонное / кирпичное/деревянное основание | C75: п.м | D75: 50 | E75: 363 | F75: 18150 | G75: 308.55 | H75: 2722.5 | I75: 15427.5
A76: Итого по: монтажные работы (полы) | F76: 386050.5 | H76: 57907.58 | I76: 328142.92
A77: Итого по разделу: Полы | F77: 386050.5 | H77: 57907.58 | I77: 328142.92
A78: САНТЕХНИКА
A79: 7. Демонтажные работы( сантехника)
A80: 7.3 | B80: Демонтаж пластиковых труб отопления в свободном доступе | C80: п.м | D80: 50 | E80: 129 | F80: 6450 | G80: 109.65 | H80: 967.5 | I80: 5482.5
A81: 7.28 | B81: Демонтаж радиатора отопления | C81: ед. | D81: 6 | E81: 1338 | F81: 8028 | G81: 1137.3 | H81: 1204.2 | I81: 6823.8
A82: Итого по: Демонтажные работы( сантехника) | F82: 14478 | H82: 2171.7 | I82: 12306.3
A83: 8. Монтажные работы (сантехника)
A84: 8.1 | B84: Монтаж и подключение раковины (без смесителя) | C84: ед. | D84: 2 | E84: 2936 | F84: 5872 | G84: 2495.6 | H84: 880.8 | I84: 4991.2
A85: 8.5 | B85: Монтаж и подключение унитаза на новое место стоимостью до 50 000 руб. | C85: ед. | D85: 2 | E85: 4179 | F85: 8358 | G85: 3552.15 | H85: 1253.7 | I85: 7104.3
A86: 8.9 | B86: Монтаж и подключение ванны без гидромассажа (чугун, акрил, камень) стоимостью до 50 000 руб. | C86: ед. | D86: 1 | E86: 6289 | F86: 6289 | G86: 5345.65 | H86: 943.35 | I86: 5345.65
A87: 8.12 | B87: Гидроизоляция швов ванны/ сантех приборов | C87: пм | D87: 3 | E87: 764 | F87: 2292 | G87: 649.4 | H87: 343.8 | I87: 1948.2
A88: 8.13 | B88: Подключение стиральной или посудомоечной машины без прокл. кабеля | C88: ед. | D88: 1 | E88: 2638 | F88: 2638 | G88: 2242.3 | H88: 395.7 | I88: 2242.3
A89: 8.14 | B89: Монтаж и подключение смесителя стоимостью до 50 000 руб. | C89: ед. | D89: 4 | E89: 2565 | F89: 10260 | G89: 2180.25 | H89: 1539 | I89: 8721
A90: 8.16 | B90: Монтаж сифона | C90: ед. | D90: 3 | E90: 2331 | F90: 6993 | G90: 1981.35 | H90: 1048.95 | I90: 5944.05
A91: 8.18 | B91: Монтаж трапа | C91: ед. | D91: 1 | E91: 7193 | F91: 7193 | G91: 6114.05 | H91: 1078.95 | I91: 6114.05
A92: 8.20 | B92: Монтаж душевой штанги | C92: ед. | D92: 2 | E92: 1204 | F92: 2408 | G92: 1023.4 | H92: 361.2 | I92: 2046.8
A93: 8.21 | B93: Монтаж и подключение водонагревателя (без прокладки кабеля) | C93: ед. | D93: 2 | E93: 5717 | F93: 11434 | G93: 4859.45 | H93: 1715.1 | I93: 9718.9
A94: 8.27 | B94: Монтаж и подключение фильтров грубой очистки | C94: ед. | D94: 4 | E94: 1486 | F94: 5944 | G94: 1263.1 | H94: 891.6 | I94: 5052.4
A95: 8.33 | B95: Монтаж трубы сшитый полиэтилен | C95: п.м | D95: 210 | E95: 952 | F95: 199920 | G95: 809.2 | H95: 29988 | I95: 169932
... A107: 8.76 | B107: Монтаж коллекторного шкафа | C107: ед. | D107: 1 | E107: 7607 | F107: 7607 | G107: 6465.95 | H107: 1141.05 | I107: 6465.95
A108: Итого по: Монтажные работы (сантехника) | F108: 459586 | H108: 68937.9 | I108: 390648.1
A109: Итого по разделу: Сантехника | F109: 474064 | H109: 71109.6 | I109: 402954.4
A110: ЭЛЕКТРИКА
A111: 10. Монтажные работы (электрика)
A112: 10.1 | B112: Прокладка кабеля по потолку (в гофре) | C112: п.м. | D112: 100 | E112: 399 | F112: 39900 | G112: 339.15 | H112: 5985 | I112: 33915
A113: 10.2 | B113: Прокладка кабеля в стяжке (в гофре) | C113: п.м | D113: 400 | E113: 329 | F113: 131600 | G113: 279.65 | H113: 19740 | I113: 111860
A114: 10.4 | B114: Прокладка кабеля в штробе | C114: п.м. | D114: 80 | E114: 329 | F114: 26320 | G114: 279.65 | H114: 3948 | I114: 22372
A115: 10.5 | B115: Протяжка кабеля в гофру | C115: п.м. | D115: 500 | E115: 97 | F115: 48500 | G115: 82.45 | H115: 7275 | I115: 41225
A116: 10.15 | B116: Прокладка кабеля 4-6 мм² | C116: п.м. | D116: 20 | E116: 736 | F116: 14720 | G116: 625.6 | H116: 2208 | I116: 12512
A117: 10.25 | B117: Установка электроточки скрытой подводки | C117: ед. | D117: 60 | E117: 693 | F117: 41580 | G117: 589.05 | H117: 6237 | I117: 35343
A118: 10.29 | B118: Установка подрозетника (без изготовления отверстия) | C118: ед. | D118: 60 | E118: 163 | F118: 9780 | G118: 138.55 | H118: 1467 | I118: 8313
A119: 10.61 | B119: Распределительная внутренняя панель на 36 автоматов с расключением, установка | C119: ед. | D119: 1 | E119: 40572 | F119: 40572 | G119: 34486.2 | H119: 6085.8 | I119: 34486.2
A120: 10.73 | B120: Установка накладного вентилятора | C120: ед. | D120: 3 | E120: 1481 | F120: 4443 | G120: 1258.85 | H120: 666.45 | I120: 3776.55
A121: 10.75 | B121: Монтаж полотенцесушителя (электрического) | C121: ед. | D121: 2 | E121: 3198 | F121: 6396 | G121: 2718.3 | H121: 959.4 | I121: 5436.6
A122: 10.77 | B122: Штробление стен и пола до 20*20 мм - бетон | C122: п.м | D122: 20 | E122: 950 | F122: 19000 | G122: 807.5 | H122: 2850 | I122: 16150
A123: 10.79 | B123: Штробление стен и пола до 20*20 мм - гипсолит/блок/ГКЛ | C123: п.м | D123: 40 | E123: 443 | F123: 17720 | G123: 376.55 | H123: 2658 | I123: 15062
... A126: 10.98 | B126: Сверление сквозных отверстий в гипсе диаметром до 15 мм за 50 мм глубины | C126: ед. | D126: 10 | E126: 229 | F126: 2290 | G126: 194.65 | H126: 343.5 | I126: 1946.5
A127: Итого по: Монтажные работы (электрика) | F127: 445841 | H127: 66876.15 | I127: 378964.85
A128: Итого по разделу: Электрика | F128: 445841 | H128: 66876.15 | I128: 378964.85
A129: ПЛИТКА
...

Sheet Замер
A1: v2-20241208
B2: Заказчик
B3: ФИО | M3: =IF(ISBLANK($D3),1,0) -> 1
B4: Паспорт серия | L4: =IF(ISBLANK($D4),1,0) -> 1
B5: Паспорт номер | L5: =IF(ISBLANK($D5),1,0) -> 1
B6: Паспорт выдан | L6: =IF(ISBLANK($D6),1,0) -> 1
B7: Дата выдачи | L7: =IF(ISBLANK($D7),1,0) -> 1
B8: Код подразделения | L8: =IF(ISBLANK($D8),1,0) -> 1
B9: Адрес прописки | L9: =IF(ISBLANK($D9),1,0) -> 1
B10: Объект
B11: Адрес объекта | L11: =IF(ISBLANK($D11),1,0) -> 1 | M11: =IF(ISBLANK($D11),1,0) -> 1
B12: Номер договора | L12: =IF(ISBLANK($D12),1,0) -> 1
B13: Дата заключения | L13: =IF(ISBLANK($D13),1,0) -> 1
B14: Предварительный срок начала работ | L14: =IF(ISBLANK($D14),1,0) -> 1
B15: Предварительный срок окончания работ | L15: =IF(ISBLANK($D15),1,0) -> 1
B16: Замерщик | L16: =IF(ISBLANK($D16),1,0) -> 1 | M16: =IF(ISBLANK($D16),1,0) -> 1
B17: Прораб | L17: =IF(ISBLANK($D17),1,0) -> 1
L18: =SUM(L3:L17) -> 13 | M18: =SUM(M3:M16) -> 3
B20: Комната 1 | H20: Считать в смете | J20: Да | K20: Комната_1 | M20: 20
C21: Название | D21: Кухня-гостиная
C22: Комментарий
C23: Длина | D23: 6.94 | F23: Окна | H23: высота | I23: ширина | J23: глубина
C24: Ширина | D24: 3.8 | G24: оконный проем 1 | H24: 2.15 | I24: 1.75 | J24: 0
C25: Высота | D25: 3.1 | G25: оконный проем 2 | H25: 2.15 | I25: 2.4 | J25: 0
C26: Площадь пола/потолка | D26: =D23*D24 -> 26.372 | G26: оконный проем 3 | H26: 1.76 | I26: 2.17 | J26: 0
C27: Периметр пола/потолка | D27: =(D23+D24)*2 -> 21.48 | G27: оконный проем 4 | H27: 0 | I27: 0 | J27: 0
C28: Площадь стен до вычета проемов | D28: =D27*D25 -> 66.588 | G28: оконный проем 5 | H28: 0 | I28: 0 | J28: 0
C29: Площадь стен с вычетом проемов | D29: =D28-D32-D33 -> 51.9563 | G29: оконный проем 6 | H29: 0 | I29: 0 | J29: 0
C30: Количество окон в помещении | D30: =COUNTIF(H24:H29,">0") -> 3 | F30: Двери | H30: высота | I30: ширина | J30: глубина
C31: Количество дверей в помещении | D31: =COUNTIF(H31:H37,">0") -> 1 | G31: дверной проем 1 | H31: 2.1 | I31: 0.9 | J31: 0
C32: Площадь оконных проемов | D32: =H24*I24+H25*I25+H26*I26+H27*I27+H28*I28+H29*I29 -> 12.7417 | G32: дверной проем 2 | H32: 0 | I32: 0 | J32: 0
C33: Площадь дверных проемов | D33: =H31*I31+H32*I32+H33*I33+H34*I34+H35*I35+H36*I36+H37*I37 -> 1.89 | G33: дверной проем 3 | H33: 0 | I33: 0 | J33: 0
C34: Периметр оконных откосов | D34: =SUM(H24:H29)*2+SUM(I24:I29) -> 18.44 | G34: дверной проем 4 | H34: 0 | I34: 0 | J34: 0
C35: Периметр дверных откосов | D35: =SUM(H31:H37)*2+SUM(I31:I37) -> 5.1 | G35: дверной проем 5 | H35: 0 | I35: 0 | J35: 0
C36: Периметр откосов | D36: =D34+D35 -> 23.54 | G36: дверной проем 6 | H36: 0 | I36: 0 | J36: 0
C37: Подоконники | D37: =SUM(I24:I29) -> 6.32 | G37: дверной проем 7 | H37: 0 | I37: 0 | J37: 0
B40: Комната 2 | H40: Считать в смете | J40: Да | K40: Комната_2 | M40: 40
C41: Название | D41: Спальня 1
C42: Комментарий
C43: Длина | D43: 3.85 | F43: Окна | H43: высота | I43: ширина | J43: глубина
C44: Ширина | D44: 3 | G44: оконный проем 1 | H44: 2.16 | I44: 1.76 | J44: 0
C45: Высота | D45: 3.1 | G45: оконный проем 2 | H45: 0 | I45: 0 | J45: 0
C46: Площадь пола/потолка | D46: =D43*D44 -> 11.55 | G46: оконный проем 3 | H46: 0 | I46: 0 | J46: 0
C47: Периметр пола/потолка | D47: =(D43+D44)*2 -> 13.7 | G47: оконный проем 4 | H47: 0 | I47: 0 | J47: 0
C48: Площадь стен до вычета проемов | D48: =D47*D45 -> 42.47 | G48: оконный проем 5 | H48: 0 | I48: 0 | J48: 0
C49: Площадь стен с вычетом проемов | D49: =D48-D52-D53 -> 36.7784 | G49: оконный проем 6 | H49: 0 | I49: 0 | J49: 0
C50: Количество окон в помещении | D50: =COUNTIF(H44:H49,">0") -> 1 | F50: Двери | H50: высота | I50: ширина | J50: глубина
C51: Количество дверей в помещении | D51: =COUNTIF(H51:H57,">0") -> 1 | G51: дверной проем 1 | H51: 2.1 | I51: 0.9 | J51: 0
C52: Площадь оконных проемов | D52: =H44*I44+H45*I45+H46*I46+H47*I47+H48*I48+H49*I49 -> 3.8016 | G52: дверной проем 2 | H52: 0 | I52: 0 | J52: 0
C53: Площадь дверных проемов | D53: =H51*I51+H52*I52+H53*I53+H54*I54+H55*I55+H56*I56+H57*I57 -> 1.89 | G53: дверной проем 3 | H53: 0 | I53: 0 | J53: 0
C54: Периметр оконных откосов | D54: =SUM(H44:H49)*2+SUM(I44:I49) -> 6.08 | G54: дверной проем 4 | H54: 0 | I54: 0 | J54: 0
C55: Периметр дверных откосов | D55: =SUM(H51:H57)*2+SUM(I51:I57) -> 5.1 | G55: дверной проем 5 | H55: 0 | I55: 0 | J55: 0
C56: Периметр откосов | D56: =D54+D55 -> 11.18 | G56: дверной проем 6 | H56: 0 | I56: 0 | J56: 0
C57: Подоконники | D57: =SUM(I44:I49) -> 1.76 | G57: дверной проем 7 | H57: 0 | I57: 0 | J57: 0
B60: Комната 3 | H60: Считать в смете | J60: Да | K60: Комната_3 | M60: 60
C61: Название | D61: Спальня 2
C62: Комментарий
C63: Длина | D63: 3.85 | F63: Окна | H63: высота | I63: ширина | J63: глубина
C64: Ширина | D64: 3.1 | G64: оконный проем 1 | H64: 2.15 | I64: 1.76 | J64: 0
C65: Высота | D65: 3.1 | G65: оконный проем 2 | H65: 2.18 | I65: 1.11 | J65: 0
C66: Площадь пола/потолка | D66: =D63*D64 -> 11.935 | G66: оконный проем 3 | H66: 0 | I66: 0 | J66: 0
C67: Периметр пола/потолка | D67: =(D63+D64)*2 -> 13.9 | G67: оконный проем 4 | H67: 0 | I67: 0 | J67: 0
C68: Площадь стен до вычета проемов | D68: =D67*D65 -> 43.09 | G68: оконный проем 5 | H68: 0 | I68: 0 | J68: 0
C69: Площадь стен с вычетом проемов | D69: =D68-D72-D73 -> 34.9962 | G69: оконный проем 6 | H69: 0 | I69: 0 | J69: 0
C70: Количество окон в помещении | D70: =COUNTIF(H64:H69,">0") -> 2 | F70: Двери | H70: высота | I70: ширина | J70: глубина
C71: Количество дверей в помещении | D71: =COUNTIF(H71:H77,">0") -> 1 | G71: дверной проем 1 | H71: 2.1 | I71: 0.9 | J71: 0
C72: Площадь оконных проемов | D72: =H64*I64+H65*I65+H66*I66+H67*I67+H68*I68+H69*I69 -> 6.2038 | G72: дверной проем 2 | H72: 0 | I72: 0 | J72: 0
C73: Площадь дверных проемов | D73: =H71*I71+H72*I72+H73*I73+H74*I74+H75*I75+H76*I76+H77*I77 -> 1.89 | G73: дверной проем 3 | H73: 0 | I73: 0 | J73: 0
C74: Периметр оконных откосов | D74: =SUM(H64:H69)*2+SUM(I64:I69) -> 11.53 | G74: дверной проем 4 | H74: 0 | I74: 0 | J74: 0
C75: Периметр дверных откосов | D75: =SUM(H71:H77)*2+SUM(I71:I77) -> 5.1 | G75: дверной проем 5 | H75: 0 | I75: 0 | J75: 0
C76: Периметр откосов | D76: =D74+D75 -> 16.63 | G76: дверной проем 6 | H76: 0 | I76: 0 | J76: 0
C77: Подоконники | D77: =SUM(I64:I69) -> 2.87 | G77: дверной проем 7 | H77: 0 | I77: 0 | J77: 0
B80: Комната 4 | H80: Считать в смете | J80: Да | K80: Комната_4 | M80: 80
C81: Название | D81: Коридор
C82: Комментарий
C83: Длина | D83: 6.83 | F83: Окна | H83: высота | I83: ширина | J83: глубина
C84: Ширина | D84: 1.65 | G84: оконный проем 1 | H84: 0 | I84: 0 | J84: 0
C85: Высота | D85: 3.1 | G85: оконный проем 2 | H85: 0 | I85: 0 | J85: 0
C86: Площадь пола/потолка | D86: =D83*D84 -> 11.2695 | G86: оконный проем 3 | H86: 0 | I86: 0 | J86: 0
C87: Периметр пола/потолка | D87: =(D83+D84)*2 -> 16.96 | G87: оконный проем 4 | H87: 0 | I87: 0 | J87: 0
C88: Площадь стен до вычета проемов | D88: =D87*D85 -> 52.576 | G88: оконный проем 5 | H88: 0 | I88: 0 | J88: 0
C89: Площадь стен с вычетом проемов | D89: =D88-D92-D93 -> 30.868 | G89: оконный проем 6 | H89: 0 | I89: 0 | J89: 0
C90: Количество окон в помещении | D90: =COUNTIF(H84:H89,">0") -> 0 | F90: Двери | H90: высота | I90: ширина | J90: глубина
C91: Количество дверей в помещении | D91: =COUNTIF(H91:H97,">0") -> 7 | G91: дверной проем 1 | H91: 2.1 | I91: 0.9 | J91: 0
C92: Площадь оконных проемов | D92: =H84*I84+H85*I85+H86*I86+H87*I87+H88*I88+H89*I89 -> 0 | G92: дверной проем 2 | H92: 2.1 | I92: 0.9 | J92: 0
C93: Площадь дверных проемов | D93: =H91*I91+H92*I92+H93*I93+H94*I94+H95*I95+H96*I96+H97*I97 -> 21.708 | G93: дверной проем 3 | H93: 2.1 | I93: 0.9 | J93: 0
C94: Периметр оконных откосов | D94: =SUM(H84:H89)*2+SUM(I84:I89) -> 0 | G94: дверной проем 4 | H94: 2.1 | I94: 0.9 | J94: 0
C95: Периметр дверных откосов | D95: =SUM(H91:H97)*2+SUM(I91:I97) -> 40.08 | G95: дверной проем 5 | H95: 2.1 | I95: 0.8 | J95: 0
C96: Периметр откосов | D96: =D94+D95 -> 40.08 | G96: дверной проем 6 | H96: 2.1 | I96: 0.8 | J96: 0
C97: Подоконники | D97: =SUM(I84:I89) -> 0 | G97: дверной проем 7 | H97: 3.1 | I97: 3.48 | J97: 0
B100: Комната 5 | H100: Считать в смете | J100: Да | K100: Комната_5 | M100: 100
C101: Название | D101: Гардеробная
C102: Комментарий
C103: Длина | D103: 3.48 | F103: Окна | H103: высота | I103: ширина | J103: глубина
C104: Ширина | D104: 1.55 | G104: оконный проем 1 | H104: 0 | I104: 0 | J104: 0
C105: Высота | D105: 3.1 | G105: оконный проем 2 | H105: 0 | I105: 0 | J105: 0
C106: Площадь пола/потолка | D106: =D103*D104 -> 5.394 | G106: оконный проем 3 | H106: 0 | I106: 0 | J106: 0
C107: Периметр пола/потолка | D107: =(D103+D104)*2 -> 10.06 | G107: оконный проем 4 | H107: 0 | I107: 0 | J107: 0
C108: Площадь стен до вычета проемов | D108: =D107*D105 -> 31.186 | G108: оконный проем 5 | H108: 0 | I108: 0 | J108: 0
C109: Площадь стен с вычетом проемов | D109: =D108-D112-D113 -> 20.398 | G109: оконный проем 6 | H109: 0 | I109: 0 | J109: 0
...

Sheet Сводная
S1: Помещение_1 | W1: Помещение_2 | AA1: Помещение_3 | AE1: Помещение_4 | AI1: Помещение_5 | AM1: Помещение_6 | AQ1: Помещение_7 | AU1: Помещение_8 | AY1: Помещение_9 | BC1: Помещение_10 | BG1: Помещение_11 | BK1: Помещение_12 | BO1: Помещение_13 | BS1: Помещение_14 | BW1: Помещение_15 | CA1: Помещение_16 | CE1: Помещение_17 | CI1: Помещение_18 | CM1: Помещение_19 | CQ1: Помещение_20
B2: Скидка | U2: 20 | Y2: 40 | AC2: 60 | AG2: 80 | AK2: 100 | AO2: 120 | AS2: 140 | AW2: 160 | BA2: 180 | BE2: 200 | BI2: 220 | BM2: 240 | BQ2: 260 | BU2: 280 | BY2: 300 | CC2: 320 | CG2: 340 | CK2: 360 | CO2: 380 | CS2: 400
B3: 0.15
B11: 1 | C11: Потолки | L11: g | N11: =N60 -> 474380.41
B12: 1 | C12: 1. Демонтажные работы (потолки) | E12: ед. изм. | F12: цена | G12: кол-во | H12: сумма | L12: t | N12: =N21 -> 0
B13: =P13 -> 0 | C13: 1.1 | D13: =VLOOKUP(C13,СписокРабот!$B:$E,2,FALSE()) -> Демонтаж подвесного шкафа (тип - антресоль) | E13: =VLOOKUP(C13,СписокРабот!$B:$E,3,FALSE()) -> ед. | F13: =VLOOKUP(C13,СписокРабот!$B:$E,4,FALSE()) -> 1164 | G13: =Q13 -> 0 | H13: =F13*G13 -> 0 | M13: =$F13*(100%-$B$3) -> 989.4 | N13: =$G13*$M13 -> 0 | P13: =MAX(S13,W13,AA13,AE13,AI13,AM13,AQ13,AU13,AY13,BC13,BG13,BK13,BO13,BS13,BW13,CA13,CE13,CI13,CM13,CQ13) -> 0 | Q13: =IF($S13,T13,0)+IF($W13,X13,0)+IF($AA13,AB13,0)+IF($AE13,AF13,0)+IF($AI13,AJ13,0)+IF($AM13,AN13,0)+IF($AQ13,AR13,0)+IF($AU13,AV13,0)+IF($AY13,AZ13,0)+IF($BC13,BD13,0)+IF($BG13,BH13,0)+IF($BK13,BL13,0)+IF($BO13,BP13,0)+IF($BS13,BT13,0)+IF($BW13,BX13,0)+IF($CA13,CB13,0)+IF($CE13,CF13,0)+IF($CI13,CJ13,0)+IF($CM13,CN13,0)+IF($CQ13,CR13,0) -> 0 | R13: =IF($S13=1,U13,0)+IF($W13,Y13,0)+IF($AA13,AC13,0)+IF($AE13,AG13,0)+IF($AI13,AK13,0)+IF($AM13,AO13,0)+IF($AQ13,AS13,0)+IF($AU13,AW13,0)+IF($AY13,BA13,0)+IF($BC13,BE13,0)+IF($BG13,BI13,0)+IF($BK13,BM13,0)+IF($BO13,BQ13,0)+IF($BS13,BU13,0)+IF($BW13,BY13,0)+IF($CA13,CC13,0)+IF($CE13,CG13,0)+IF($CI13,CK13,0)+IF($CM13,CO13,0)+IF($CQ13,CS13,0) -> 0 | S13: =IF(Замер!$J$20="да",Комната_1!$B13,0) -> 0 | T13: =IF(Замер!$J$20="да",Комната_1!$G13,0) -> 0 | U13: =IF(Замер!$J$20="да",Комната_1!$H13,0) -> 0 | W13: =IF(Замер!$J$40="да",Комната_2!$B13,0) -> 0 | X13: =IF(Замер!$J$40="да",Комната_2!$G13,0) -> 0 | Y13: =IF(Замер!$J$40="да",Комната_2!$H13,0) -> 0 | AA13: =IF(Замер!$J$60="да",Комната_3!$B13,0) -> 0 | AB13: =IF(Замер!$J$60="да",Комната_3!$G13,0) -> 0 | AC13: =IF(Замер!$J$60="да",Комната_3!$H13,0) -> 0 | AE13: =IF(Замер!$J$80="да",Комната_4!$B13,0) -> 0 | AF13: =IF(Замер!$J$80="да",Комната_4!$G13,0) -> 1 | AG13: =IF(Замер!$J$80="да",Комната_4!$H13,0) -> 1164 | AI13: =IF(Замер!$J$100="да",Комната_5!$B13,0) -> 0 | AJ13: =IF(Замер!$J$100="да",Комната_5!$G13,0) -> 1 | AK13: =IF(Замер!$J$100="да",Комната_5!$H13,0) -> 1164 | AM13: =IF(Замер!$J$120="да",Коридор!$B13,0) -> 0 | AN13: =IF(Замер!$J$120="да",Коридор!$G13,0) -> 1 | AO13: =IF(Замер!$J$120="да",Коридор!$H13,0) -> 1164 | AQ13: =IF(Замер!$J$140="да",Кухня!$B13,0) -> 0 | AR13: =IF(Замер!$J$140="да",Кухня!$G13,0) -> 1 | AS13: =IF(Замер!$J$140="да",Кухня!$H13,0) -> 1164 | AU13: =IF(Замер!$J$160="да",Ванна!$B13,0) -> 0 | AV13: =IF(Замер!$J$160="да",Ванна!$G13,0) -> 1 | AW13: =IF(Замер!$J$160="да",Ванна!$H13,0) -> 1164 | AY13: =IF(Замер!$J$180="да",Туалет!$B13,0) -> 0 | AZ13: =IF(Замер!$J$180="да",Туалет!$G13,0) -> 0 | BA13: =IF(Замер!$J$180="да",Туалет!$H13,0) -> 0 | BC13: =IF(Замер!$J$200="да",Балкон!$B13,0) -> 0 | BD13: =IF(Замер!$J$200="да",Балкон!$G13,0) -> 0 | BE13: =IF(Замер!$J$200="да",Балкон!$H13,0) -> 0 | BG13: =IF(Замер!$J$220="да",Помещение_11!$B13,0) -> 0 | BH13: =IF(Замер!$J$220="да",Помещение_11!$G13,0) -> 0 | BI13: =IF(Замер!$J$220="да",Помещение_11!$H13,0) -> 0 | BK13: =IF(Замер!$J$240="да",Помещение_12!$B13,0) -> 0 | BL13: =IF(Замер!$J$240="да",Помещение_12!$G13,0) -> 0 | BM13: =IF(Замер!$J$240="да",Помещение_12!$H13,0) -> 0 | BO13: =IF(Замер!$J$260="да",Помещение_13!$B13,0) -> 0 | BP13: =IF(Замер!$J$260="да",Помещение_13!$G13,0) -> 0 | BQ13: =IF(Замер!$J$260="да",Помещение_13!$H13,0) -> 0 | BS13: =IF(Замер!$J$280="да",Помещение_14!$B13,0) -> 0 | BT13: =IF(Замер!$J$280="да",Помещение_14!$G13,0) -> 0 | BU13: =IF(Замер!$J$280="да",Помещение_14!$H13,0) -> 0 | BW13: =IF(Замер!$J$300="да",Помещение_15!$B13,0) -> 0 | BX13: =IF(Замер!$J$300="да",Помещение_15!$G13,0) -> 0 | BY13: =IF(Замер!$J$300="да",Помещение_15!$H13,0) -> 0 | CA13: =IF(Замер!$J$320="да",Помещение_16!$B13,0) -> 0 | CB13: =IF(Замер!$J$320="да",Помещение_16!$G13,0) -> 0 | CC13: =IF(Замер!$J$320="да",Помещение_16!$H13,0) -> 0 | CE13: =IF(Замер!$J$340="да",Помещение_17!$B13,0) -> 0 | CF13: =IF(Замер!$J$340="да",Помещение_17!$G13,0) -> 0 | CG13: =IF(Замер!$J$340="да",Помещение_17!$H13,0) -> 0 | CI13: =IF(Замер!$J$360="да",Помещение_18!$B13,0) -> 0 | CJ13: =IF(Замер!$J$360="да",Помещение_18!$G13,0) -> 0 | CK13: =IF(Замер!$J$360="да",Помещение_18!$H13,0) -> 0 | CM13: =IF(Замер!$J$380="да",Помещение_19!$B13,0) -> 0 | CN13: =IF(Замер!$J$380="да",Помещение_19!$G13,0) -> 0 | CO13: =IF(Замер!$J$380="да",Помещение_19!$H13,0) -> 0 | CQ13: =IF(Замер!$J$400="да",Помещение_20!$B13,0) -> 0 | CR13: =IF(Замер!$J$400="да",Помещение_20!$G13,0) -> 0 | CS13: =IF(Замер!$J$400="да",Помещение_20!$H13,0) -> 0
B14: =P14 -> 0 | C14: 1.2 | D14: =VLOOKUP(C14,СписокРабот!$B:$E,2,FALSE()) -> Демонтаж вентиляционных коробов | E14: =VLOOKUP(C14,СписокРабот!$B:$E,3,FALSE()) -> п.м | F14: =VLOOKUP(C14,СписокРабот!$B:$E,4,FALSE()) -> 459 | G14: =Q14 -> 0 | H14: =F14*G14 -> 0 | M14: =$F14*(100%-$B$3) -> 390.15 | N14: =$G14*$M14 -> 0 | P14: =MAX(S14,W14,AA14,AE14,AI14,AM14,AQ14,AU14,AY14,BC14,BG14,BK14,BO14,BS14,BW14,CA14,CE14,CI14,CM14,CQ14) -> 0 | Q14: =IF($S14,T14,0)+IF($W14,X14,0)+IF($AA14,AB14,0)+IF($AE14,AF14,0)+IF($AI14,AJ14,0)+IF($AM14,AN14,0)+IF($AQ14,AR14,0)+IF($AU14,AV14,0)+IF($AY14,AZ14,0)+IF($BC14,BD14,0)+IF($BG14,BH14,0)+IF($BK14,BL14,0)+IF($BO14,BP14,0)+IF($BS14,BT14,0)+IF($BW14,BX14,0)+IF($CA14,CB14,0)+IF($CE14,CF14,0)+IF($CI14,CJ14,0)+IF($CM14,CN14,0)+IF($CQ14,CR14,0) -> 0 | R14: =IF($S14=1,U14,0)+IF($W14,Y14,0)+IF($AA14,AC14,0)+IF($AE14,AG14,0)+IF($AI14,AK14,0)+IF($AM14,AO14,0)+IF($AQ14,AS14,0)+IF($AU14,AW14,0)+IF($AY14,BA14,0)+IF($BC14,BE14,0)+IF($BG14,BI14,0)+IF($BK14,BM14,0)+IF($BO14,BQ14,0)+IF($BS14,BU14,0)+IF($BW14,BY14,0)+IF($CA14,CC14,0)+IF($CE14,CG14,0)+IF($CI14,CK14,0)+IF($CM14,CO14,0)+IF($CQ14,CS14,0) -> 0 | S14: =IF(Замер!$J$20="да",Комната_1!$B14,0) -> 0 | T14: =IF(Замер!$J$20="да",Комната_1!$G14,0) -> 0 | U14: =IF(Замер!$J$20="да",Комната_1!$H14,0) -> 0 | W14: =IF(Замер!$J$40="да",Комната_2!$B14,0) -> 0 | X14: =IF(Замер!$J$40="да",Комната_2!$G14,0) -> 0 | Y14: =IF(Замер!$J$40="да",Комната_2!$H14,0) -> 0 | AA14: =IF(Замер!$J$60="да",Комната_3!$B14,0) -> 0 | AB14: =IF(Замер!$J$60="да",Комната_3!$G14,0) -> 0 | AC14: =IF(Замер!$J$60="да",Комната_3!$H14,0) -> 0 | AE14: =IF(Замер!$J$80="да",Комната_4!$B14,0) -> 0 | AF14: =IF(Замер!$J$80="да",Комната_4!$G14,0) -> 0 | AG14: =IF(Замер!$J$80="да",Комната_4!$H14,0) -> 0 | AI14: =IF(Замер!$J$100="да",Комната_5!$B14,0) -> 0 | AJ14: =IF(Замер!$J$100="да",Комната_5!$G14,0) -> 0 | AK14: =IF(Замер!$J$100="да",Комната_5!$H14,0) -> 0 | AM14: =IF(Замер!$J$120="да",Коридор!$B14,0) -> 0 | AN14: =IF(Замер!$J$120="да",Коридор!$G14,0) -> 0 | AO14: =IF(Замер!$J$120="да",Коридор!$H14,0) -> 0 | AQ14: =IF(Замер!$J$140="да",Кухня!$B14,0) -> 0 | AR14: =IF(Замер!$J$140="да",Кухня!$G14,0) -> 0 | AS14: =IF(Замер!$J$140="да",Кухня!$H14,0) -> 0 | AU14: =IF(Замер!$J$160="да",Ванна!$B14,0) -> 0 | AV14: =IF(Замер!$J$160="да",Ванна!$G14,0) -> 0 | AW14: =IF(Замер!$J$160="да",Ванна!$H14,0) -> 0 | AY14: =IF(Замер!$J$180="да",Туалет!$B14,0) -> 0 | AZ14: =IF(Замер!$J$180="да",Туалет!$G14,0) -> 0 | BA14: =IF(Замер!$J$180="да",Туалет!$H14,0) -> 0 | BC14: =IF(Замер!$J$200="да",Балкон!$B14,0) -> 0 | BD14: =IF(Замер!$J$200="да",Балкон!$G14,0) -> 0 | BE14: =IF(Замер!$J$200="да",Балкон!$H14,0) -> 0 | BG14: =IF(Замер!$J$220="да",Помещение_11!$B14,0) -> 0 | BH14: =IF(Замер!$J$220="да",Помещение_11!$G14,0) -> 0 | BI14: =IF(Замер!$J$220="да",Помещение_11!$H14,0) -> 0 | BK14: =IF(Замер!$J$240="да",Помещение_12!$B14,0) -> 0 | BL14: =IF(Замер!$J$240="да",Помещение_12!$G14,0) -> 0 | BM14: =IF(Замер!$J$240="да",Помещение_12!$H14,0) -> 0 | BO14: =IF(Замер!$J$260="да",Помещение_13!$B14,0) -> 0 | BP14: =IF(Замер!$J$260="да",Помещение_13!$G14,0) -> 0 | BQ14: =IF(Замер!$J$260="да",Помещение_13!$H14,0) -> 0 | BS14: =IF(Замер!$J$280="да",Помещение_14!$B14,0) -> 0 | BT14: =IF(Замер!$J$280="да",Помещение_14!$G14,0) -> 0 | BU14: =IF(Замер!$J$280="да",Помещение_14!$H14,0) -> 0 | BW14: =IF(Замер!$J$300="да",Помещение_15!$B14,0) -> 0 | BX14: =IF(Замер!$J$300="да",Помещение_15!$G14,0) -> 0 | BY14: =IF(Замер!$J$300="да",Помещение_15!$H14,0) -> 0 | CA14: =IF(Замер!$J$320="да",Помещение_16!$B14,0) -> 0 | CB14: =IF(Замер!$J$320="да",Помещение_16!$G14,0) -> 0 | CC14: =IF(Замер!$J$320="да",Помещение_16!$H14,0) -> 0 | CE14: =IF(Замер!$J$340="да",Помещение_17!$B14,0) -> 0 | CF14: =IF(Замер!$J$340="да",Помещение_17!$G14,0) -> 0 | CG14: =IF(Замер!$J$340="да",Помещение_17!$H14,0) -> 0 | CI14: =IF(Замер!$J$360="да",Помещение_18!$B14,0) -> 0 | CJ14: =IF(Замер!$J$360="да",Помещение_18!$G14,0) -> 0 | CK14: =IF(Замер!$J$360="да",Помещение_18!$H14,0) -> 0 | CM14: =IF(Замер!$J$380="да",Помещение_19!$B14,0) -> 0 | CN14: =IF(Замер!$J$380="да",Помещение_19!$G14,0) -> 0 | CO14: =IF(Замер!$J$380="да",Помещение_19!$H14,0) -> 0 | CQ14: =IF(Замер!$J$400="да",Помещение_20!$B14,0) -> 0 | CR14: =IF(Замер!$J$400="да",Помещение_20!$G14,0) -> 0 | CS14: =IF(Замер!$J$400="да",Помещение_20!$H14,0) -> 0
B15: =P15 -> 0 | C15: 1.3 | D15: =VLOOKUP(C15,СписокРабот!$B:$E,2,FALSE()) -> Расчистка потолков от старой ВЭ краски / шпаклевки. От штукатурки, масл.краски К-1,3 | E15: =VLOOKUP(C15,СписокРабот!$B:$E,3,FALSE()) -> м² | F15: =VLOOKUP(C15,СписокРабот!$B:$E,4,FALSE()) -> 832 | G15: =Q15 -> 0 | H15: =F15*G15 -> 0 | M15: =$F15*(100%-$B$3) -> 707.2 | N15: =$G15*$M15 -> 0 | P15: =MAX(S15,W15,AA15,AE15,AI15,AM15,AQ15,AU15,AY15,BC15,BG15,BK15,BO15,BS15,BW15,CA15,CE15,CI15,CM15,CQ15) -> 0 | Q15: =IF($S15,T15,0)+IF($W15,X15,0)+IF($AA15,AB15,0)+IF($AE15,AF15,0)+IF($AI15,AJ15,0)+IF($AM15,AN15,0)+IF($AQ15,AR15,0)+IF($AU15,AV15,0)+IF($AY15,AZ15,0)+IF($BC15,BD15,0)+IF($BG15,BH15,0)+IF($BK15,BL15,0)+IF($BO15,BP15,0)+IF($BS15,BT15,0)+IF($BW15,BX15,0)+IF($CA15,CB15,0)+IF($CE15,CF15,0)+IF($CI15,CJ15,0)+IF($CM15,CN15,0)+IF($CQ15,CR15,0) -> 0 | R15: =IF($S15=1,U15,0)+IF($W15,Y15,0)+IF($AA15,AC15,0)+IF($AE15,AG15,0)+IF($AI15,AK15,0)+IF($AM15,AO15,0)+IF($AQ15,AS15,0)+IF($AU15,AW15,0)+IF($AY15,BA15,0)+IF($BC15,BE15,0)+IF($BG15,BI15,0)+IF($BK15,BM15,0)+IF($BO15,BQ15,0)+IF($BS15,BU15,0)+IF($BW15,BY15,0)+IF($CA15,CC15,0)+IF($CE15,CG15,0)+IF($CI15,CK15,0)+IF($CM15,CO15,0)+IF($CQ15,CS15,0) -> 0 | S15: =IF(Замер!$J$20="да",Комната_1!$B15,0) -> 0 | T15: =IF(Замер!$J$20="да",Комната_1!$G15,0) -> 26.4 | U15: =IF(Замер!$J$20="да",Комната_1!$H15,0) -> 21964.8 | W15: =IF(Замер!$J$40="да",Комната_2!$B15,0) -> 0 | X15: =IF(Замер!$J$40="да",Комната_2!$G15,0) -> 11.6 | Y15: =IF(Замер!$J$40="да",Комната_2!$H15,0) -> 9651.2 | AA15: =IF(Замер!$J$60="да",Комната_3!$B15,0) -> 0 | AB15: =IF(Замер!$J$60="да",Комната_3!$G15,0) -> 11.9 | AC15: =IF(Замер!$J$60="да",Комната_3!$H15,0) -> 9900.8 | AE15: =IF(Замер!$J$80="да",Комната_4!$B15,0) -> 0 | AF15: =IF(Замер!$J$80="да",Комната_4!$G15,0) -> 11.3 | AG15: =IF(Замер!$J$80="да",Комната_4!$H15,0) -> 9401.6 | AI15: =IF(Замер!$J$100="да",Комната_5!$B15,0) -> 0 | AJ15: =IF(Замер!$J$100="да",Комната_5!$G15,0) -> 5.4 | AK15: =IF(Замер!$J$100="да",Комната_5!$H15,0) -> 4492.8 | AM15: =IF(Замер!$J$120="да",Коридор!$B15,0) -> 0 | AN15: =IF(Замер!$J$120="да",Коридор!$G15,0) -> 2.8 | AO15: =IF(Замер!$J$120="да",Коридор!$H15,0) -> 2329.6 | AQ15: =IF(Замер!$J$140="да",Кухня!$B15,0) -> 0 | AR15: =IF(Замер!$J$140="да",Кухня!$G15,0) -> 5.6 | AS15: =IF(Замер!$J$140="да",Кухня!$H15,0) -> 4659.2 | AU15: =IF(Замер!$J$160="да",Ванна!$B15,0) -> 0 | AV15: =IF(Замер!$J$160="да",Ванна!$G15,0) -> 2.5 | AW15: =IF(Замер!$J$160="да",Ванна!$H15,0) -> 2080 | AY15: =IF(Замер!$J$180="да",Туалет!$B15,0) -> 0 | AZ15: =IF(Замер!$J$180="да",Туалет!$G15,0) -> 0 | BA15: =IF(Замер!$J$180="да",Туалет!$H15,0) -> 0 | BC15: =IF(Замер!$J$200="да",Балкон!$B15,0) -> 0 | BD15: =IF(Замер!$J$200="да",Балкон!$G15,0) -> 0 | BE15: =IF(Замер!$J$200="да",Балкон!$H15,0) -> 0 | BG15: =IF(Замер!$J$220="да",Помещение_11!$B15,0) -> 0 | BH15: =IF(Замер!$J$220="да",Помещение_11!$G15,0) -> 0 | BI15: =IF(Замер!$J$220="да",Помещение_11!$H15,0) -> 0 | BK15: =IF(Замер!$J$240="да",Помещение_12!$B15,0) -> 0 | BL15: =IF(Замер!$J$240="да",Помещение_12!$G15,0) -> 0 | BM15: =IF(Замер!$J$240="да",Помещение_12!$H15,0) -> 0 | BO15: =IF(Замер!$J$260="да",Помещение_13!$B15,0) -> 0 | BP15: =IF(Замер!$J$260="да",Помещение_13!$G15,0) -> 0 | BQ15: =IF(Замер!$J$260="да",Помещение_13!$H15,0) -> 0 | BS15: =IF(Замер!$J$280="да",Помещение_14!$B15,0) -> 0 | BT15: =IF(Замер!$J$280="да",Помещение_14!$G15,0) -> 0 | BU15: =IF(Замер!$J$280="да",Помещение_14!$H15,0) -> 0 | BW15: =IF(Замер!$J$300="да",Помещение_15!$B15,0) -> 0 | BX15: =IF(Замер!$J$300="да",Помещение_15!$G15,0) -> 0 | BY15: =IF(Замер!$J$300="да",Помещение_15!$H15,0) -> 0 | CA15: =IF(Замер!$J$320="да",Помещение_16!$B15,0) -> 0 | CB15: =IF(Замер!$J$320="да",Помещение_16!$G15,0) -> 0 | CC15: =IF(Замер!$J$320="да",Помещение_16!$H15,0) -> 0 | CE15: =IF(Замер!$J$340="да",Помещение_17!$B15,0) -> 0 | CF15: =IF(Замер!$J$340="да",Помещение_17!$G15,0) -> 0 | CG15: =IF(Замер!$J$340="да",Помещение_17!$H15,0) -> 0 | CI15: =IF(Замер!$J$360="да",Помещение_18!$B15,0) -> 0 | CJ15: =IF(Замер!$J$360="да",Помещение_18!$G15,0) -> 0 | CK15: =IF(Замер!$J$360="да",Помещение_18!$H15,0) -> 0 | CM15: =IF(Замер!$J$380="да",Помещение_19!$B15,0) -> 0 | CN15: =IF(Замер!$J$380="да",Помещение_19!$G15,0) -> 0 | CO15: =IF(Замер!$J$380="да",Помещение_19!$H15,0) -> 0 | CQ15: =IF(Замер!$J$400="да",Помещение_20!$B15,0) -> 0 | CR15: =IF(Замер!$J$400="да",Помещение_20!$G15,0) -> 0 | CS15: =IF(Замер!$J$400="да",Помещение_20!$H15,0) -> 0
B16: =P16 -> 0 | C16: 1.4 | D16: =VLOOKUP(C16,СписокРабот!$B:$E,2,FALSE()) -> Демонтаж натяжного потолка/ с профилем К-2,2 | E16: =VLOOKUP(C16,СписокРабот!$B:$E,3,FALSE()) -> м² | F16: =VLOOKUP(C16,СписокРабот!$B:$E,4,FALSE()) -> 199 | G16: =Q16 -> 0 | H16: =F16*G16 -> 0 | M16: =$F16*(100%-$B$3) -> 169.15 | N16: =$G16*$M16 -> 0 | P16: =MAX(S16,W16,AA16,AE16,AI16,AM16,AQ16,AU16,AY16,BC16,BG16,BK16,BO16,BS16,BW16,CA16,CE16,CI16,CM16,CQ16) -> 0 | Q16: =IF($S16,T16,0)+IF($W16,X16,0)+IF($AA16,AB16,0)+IF($AE16,AF16,0)+IF($AI16,AJ16,0)+IF($AM16,AN16,0)+IF($AQ16,AR16,0)+IF($AU16,AV16,0)+IF($AY16,AZ16,0)+IF($BC16,BD16,0)+IF($BG16,BH16,0)+IF($BK16,BL16,0)+IF($BO16,BP16,0)+IF($BS16,BT16,0)+IF($BW16,BX16,0)+IF($CA16,CB16,0)+IF($CE16,CF16,0)+IF($CI16,CJ16,0)+IF($CM16,CN16,0)+IF($CQ16,CR16,0) -> 0 | R16: =IF($S16=1,U16,0)+IF($W16,Y16,0)+IF($AA16,AC16,0)+IF($AE16,AG16,0)+IF($AI16,AK16,0)+IF($AM16,AO16,0)+IF($AQ16,AS16,0)+IF($AU16,AW16,0)+IF($AY16,BA16,0)+IF($BC16,BE16,0)+IF($BG16,BI16,0)+IF($BK16,BM16,0)+IF($BO16,BQ16,0)+IF($BS16,BU16,0)+IF($BW16,BY16,0)+IF($CA16,CC16,0)+IF($CE16,CG16,0)+IF($CI16,CK16,0)+IF($CM16,CO16,0)+IF($CQ16,CS16,0) -> 0 | S16: =IF(Замер!$J$20="да",Комната_1!$B16,0) -> 0 | T16: =IF(Замер!$J$20="да",Комната_1!$G16,0) -> 26.4 | U16: =IF(Замер!$J$20="да",Комната_1!$H16,0) -> 5253.6 | W16: =IF(Замер!$J$40="да",Комната_2!$B16,0) -> 0 | X16: =IF(Замер!$J$40="да",Комната_2!$G16,0) -> 11.6 | Y16: =IF(Замер!$J$40="да",Комната_2!$H16,0) -> 2308.4 | AA16: =IF(Замер!$J$60="да",Комната_3!$B16,0) -> 0 | AB16: =IF(Замер!$J$60="да",Комната_3!$G16,0) -> 11.9 | AC16: =IF(Замер!$J$60="да",Комната_3!$H16,0) -> 2368.1 | AE16: =IF(Замер!$J$80="да",Комната_4!$B16,0) -> 0 | AF16: =IF(Замер!$J$80="да",Комната_4!$G16,0) -> 11.3 | AG16: =IF(Замер!$J$80="да",Комната_4!$H16,0) -> 2248.7 | AI16: =IF(Замер!$J$100="да",Комната_5!$B16,0) -> 0 | AJ16: =IF(Замер!$J$100="да",Комната_5!$G16,0) -> 5.4 | AK16: =IF(Замер!$J$100="да",Комната_5!$H16,0) -> 1074.6 | AM16: =IF(Замер!$J$120="да",Коридор!$B16,0) -> 0 | AN16: =IF(Замер!$J$120="да",Коридор!$G16,0) -> 2.8 | AO16: =IF(Замер!$J$120="да",Коридор!$H16,0) -> 557.2 | AQ16: =IF(Замер!$J$140="да",Кухня!$B16,0) -> 0 | AR16: =IF(Замер!$J$140="да",Кухня!$G16,0) -> 5.6 | AS16: =IF(Замер!$J$140="да",Кухня!$H16,0) -> 1114.4 | AU16: =IF(Замер!$J$160="да",Ванна!$B16,0) -> 0 | AV16: =IF(Замер!$J$160="да",Ванна!$G16,0) -> 2.5 | AW16: =IF(Замер!$J$160="да",Ванна!$H16,0) -> 497.5 | AY16: =IF(Замер!$J$180="да",Туалет!$B16,0) -> 0 | AZ16: =IF(Замер!$J$180="да",Туалет!$G16,0) -> 0 | BA16: =IF(Замер!$J$180="да",Туалет!$H16,0) -> 0 | BC16: =IF(Замер!$J$200="да",Балкон!$B16,0) -> 0 | BD16: =IF(Замер!$J$200="да",Балкон!$G16,0) -> 0 | BE16: =IF(Замер!$J$200="да",Балкон!$H16,0) -> 0 | BG16: =IF(Замер!$J$220="да",Помещение_11!$B16,0) -> 0 | BH16: =IF(Замер!$J$220="да",Помещение_11!$G16,0) -> 0 | BI16: =IF(Замер!$J$220="да",Помещение_11!$H16,0) -> 0 | BK16: =IF(Замер!$J$240="да",Помещение_12!$B16,0) -> 0 | BL16: =IF(Замер!$J$240="да",Помещение_12!$G16,0) -> 0 | BM16: =IF(Замер!$J$240="да",Помещение_12!$H16,0) -> 0 | BO16: =IF(Замер!$J$260="да",Помещение_13!$B16,0) -> 0 | BP16: =IF(Замер!$J$260="да",Помещение_13!$G16,0) -> 0 | BQ16: =IF(Замер!$J$260="да",Помещение_13!$H16,0) -> 0 | BS16: =IF(Замер!$J$280="да",Помещение_14!$B16,0) -> 0 | BT16: =IF(Замер!$J$280="да",Помещение_14!$G16,0) -> 0 | BU16: =IF(Замер!$J$280="да",Помещение_14!$H16,0) -> 0 | BW16: =IF(Замер!$J$300="да",Помещение_15!$B16,0) -> 0 | BX16: =IF(Замер!$J$300="да",Помещение_15!$G16,0) -> 0 | BY16: =IF(Замер!$J$300="да",Помещение_15!$H16,0) -> 0 | CA16: =IF(Замер!$J$320="да",Помещение_16!$B16,0) -> 0 | CB16: =IF(Замер!$J$320="да",Помещение_16!$G16,0) -> 0 | CC16: =IF(Замер!$J$320="да",Помещение_16!$H16,0) -> 0 | CE16: =IF(Замер!$J$340="да",Помещение_17!$B16,0) -> 0 | CF16: =IF(Замер!$J$340="да",Помещение_17!$G16,0) -> 0 | CG16: =IF(Замер!$J$340="да",Помещение_17!$H16,0) -> 0 | CI16: =IF(Замер!$J$360="да",Помещение_18!$B16,0) -> 0 | CJ16: =IF(Замер!$J$360="да",Помещение_18!$G16,0) -> 0 | CK16: =IF(Замер!$J$360="да",Помещение_18!$H16,0) -> 0 | CM16: =IF(Замер!$J$380="да",Помещение_19!$B16,0) -> 0 | CN16: =IF(Замер!$J$380="да",Помещение_19!$G16,0) -> 0 | CO16: =IF(Замер!$J$380="да",Помещение_19!$H16,0) -> 0 | CQ16: =IF(Замер!$J$400="да",Помещение_20!$B16,0) -> 0 | CR16: =IF(Замер!$J$400="да",Помещение_20!$G16,0) -> 0 | CS16: =IF(Замер!$J$400="да",Помещение_20!$H16,0) -> 0
B17: =P17 -> 0 | C17: 1.5 | D17: =VLOOKUP(C17,СписокРабот!$B:$E,2,FALSE()) -> Демонтаж потолка из гипсокартона/ацеида/шифера | E17: =VLOOKUP(C17,СписокРабот!$B:$E,3,FALSE()) -> м² | F17: =VLOOKUP(C17,СписокРабот!$B:$E,4,FALSE()) -> 1033 | G17: =Q17 -> 0 | H17: =F17*G17 -> 0 | M17: =$F17*(100%-$B$3) -> 878.05 | N17: =$G17*$M17 -> 0 | P17: =MAX(S17,W17,AA17,AE17,AI17,AM17,AQ17,AU17,AY17,BC17,BG17,BK17,BO17,BS17,BW17,CA17,CE17,CI17,CM17,CQ17) -> 0 | Q17: =IF($S17,T17,0)+IF($W17,X17,0)+IF($AA17,AB17,0)+IF($AE17,AF17,0)+IF($AI17,AJ17,0)+IF($AM17,AN17,0)+IF($AQ17,AR17,0)+IF($AU17,AV17,0)+IF($AY17,AZ17,0)+IF($BC17,BD17,0)+IF($BG17,BH17,0)+IF($BK17,BL17,0)+IF($BO17,BP17,0)+IF($BS17,BT17,0)+IF($BW17,BX17,0)+IF($CA17,CB17,0)+IF($CE17,CF17,0)+IF($CI17,CJ17,0)+IF($CM17,CN17,0)+IF($CQ17,CR17,0) -> 0 | R17: =IF($S17=1,U17,0)+IF($W17,Y17,0)+IF($AA17,AC17,0)+IF($AE17,AG17,0)+IF($AI17,AK17,0)+IF($AM17,AO17,0)+IF($AQ17,AS17,0)+IF($AU17,AW17,0)+IF($AY17,BA17,0)+IF($BC17,BE17,0)+IF($BG17,BI17,0)+IF($BK17,BM17,0)+IF($BO17,BQ17,0)+IF($BS17,BU17,0)+IF($BW17,BY17,0)+IF($CA17,CC17,0)+IF($CE17,CG17,0)+IF($CI17,CK17,0)+IF($CM17,CO17,0)+IF($CQ17,CS17,0) -> 0 | S17: =IF(Замер!$J$20="да",Комната_1!$B17,0) -> 0 | T17: =IF(Замер!$J$20="да",Комната_1!$G17,0) -> 26.4 | U17: =IF(Замер!$J$20="да",Комната_1!$H17,0) -> 27271.2 | W17: =IF(Замер!$J$40="да",Комната_2!$B17,0) -> 0 | X17: =IF(Замер!$J$40="да",Комната_2!$G17,0) -> 11.6 | Y17: =IF(Замер!$J$40="да",Комната_2!$H17,0) -> 11982.8 | AA17: =IF(Замер!$J$60="да",Комната_3!$B17,0) -> 0 | AB17: =IF(Замер!$J$60="да",Комната_3!$G17,0) -> 11.9 | AC17: =IF(Замер!$J$60="да",Комната_3!$H17,0) -> 12292.7 | AE17: =IF(Замер!$J$80="да",Комната_4!$B17,0) -> 0 | AF17: =IF(Замер!$J$80="да",Комната_4!$G17,0) -> 11.3 | AG17: =IF(Замер!$J$80="да",Комната_4!$H17,0) -> 11672.9 | AI17: =IF(Замер!$J$100="да",Комната_5!$B17,0) -> 0 | AJ17: =IF(Замер!$J$100="да",Комната_5!$G17,0) -> 5.4 | AK17: =IF(Замер!$J$100="да",Комната_5!$H17,0) -> 5578.2 | AM17: =IF(Замер!$J$120="да",Коридор!$B17,0) -> 0 | AN17: =IF(Замер!$J$120="да",Коридор!$G17,0) -> 2.8 | AO17: =IF(Замер!$J$120="да",Коридор!$H17,0) -> 2892.4 | AQ17: =IF(Замер!$J$140="да",Кухня!$B17,0) -> 0 | AR17: =IF(Замер!$J$140="да",Кухня!$G17,0) -> 5.6 | AS17: =IF(Замер!$J$140="да",Кухня!$H17,0) -> 5784.8 | AU17: =IF(Замер!$J$160="да",Ванна!$B17,0) -> 0 | AV17: =IF(Замер!$J$160="да",Ванна!$G17,0) -> 2.5 | AW17: =IF(Замер!$J$160="да",Ванна!$H17,0) -> 2582.5 | AY17: =IF(Замер!$J$180="да",Туалет!$B17,0) -> 0 | AZ17: =IF(Замер!$J$180="да",Туалет!$G17,0) -> 0 | BA17: =IF(Замер!$J$180="да",Туалет!$H17,0) -> 0 | BC17: =IF(Замер!$J$200="да",Балкон!$B17,0) -> 0 | BD17: =IF(Замер!$J$200="да",Балкон!$G17,0) -> 0 | BE17: =IF(Замер!$J$200="да",Балкон!$H17,0) -> 0 | BG17: =IF(Замер!$J$220="да",Помещение_11!$B17,0) -> 0 | BH17: =IF(Замер!$J$220="да",Помещение_11!$G17,0) -> 0 | BI17: =IF(Замер!$J$220="да",Помещение_11!$H17,0) -> 0 | BK17: =IF(Замер!$J$240="да",Помещение_12!$B17,0) -> 0 | BL17: =IF(Замер!$J$240="да",Помещение_12!$G17,0) -> 0 | BM17: =IF(Замер!$J$240="да",Помещение_12!$H17,0) -> 0 | BO17: =IF(Замер!$J$260="да",Помещение_13!$B17,0) -> 0 | BP17: =IF(Замер!$J$260="да",Помещение_13!$G17,0) -> 0 | BQ17: =IF(Замер!$J$260="да",Помещение_13!$H17,0) -> 0 | BS17: =IF(Замер!$J$280="да",Помещение_14!$B17,0) -> 0 | BT17: =IF(Замер!$J$280="да",Помещение_14!$G17,0) -> 0 | BU17: =IF(Замер!$J$280="да",Помещение_14!$H17,0) -> 0 | BW17: =IF(Замер!$J$300="да",Помещение_15!$B17,0) -> 0 | BX17: =IF(Замер!$J$300="да",Помещение_15!$G17,0) -> 0 | BY17: =IF(Замер!$J$300="да",Помещение_15!$H17,0) -> 0 | CA17: =IF(Замер!$J$320="да",Помещение_16!$B17,0) -> 0 | CB17: =IF(Замер!$J$320="да",Помещение_16!$G17,0) -> 0 | CC17: =IF(Замер!$J$320="да",Помещение_16!$H17,0) -> 0 | CE17: =IF(Замер!$J$340="да",Помещение_17!$B17,0) -> 0 | CF17: =IF(Замер!$J$340="да",Помещение_17!$G17,0) -> 0 | CG17: =IF(Замер!$J$340="да",Помещение_17!$H17,0) -> 0 | CI17: =IF(Замер!$J$360="да",Помещение_18!$B17,0) -> 0 | CJ17: =IF(Замер!$J$360="да",Помещение_18!$G17,0) -> 0 | CK17: =IF(Замер!$J$360="да",Помещение_18!$H17,0) -> 0 | CM17: =IF(Замер!$J$380="да",Помещение_19!$B17,0) -> 0 | CN17: =IF(Замер!$J$380="да",Помещение_19!$G17,0) -> 0 | CO17: =IF(Замер!$J$380="да",Помещение_19!$H17,0) -> 0 | CQ17: =IF(Замер!$J$400="да",Помещение_20!$B17,0) -> 0 | CR17: =IF(Замер!$J$400="да",Помещение_20!$G17,0) -> 0 | CS17: =IF(Замер!$J$400="да",Помещение_20!$H17,0) -> 0
B18: =P18 -> 0 | C18: 1.6 | D18: =VLOOKUP(C18,СписокРабот!$B:$E,2,FALSE()) -> Демонтаж потолочных плит из пенополистирола/снятие обоев /реечного/пластиковых панелей | E18: =VLOOKUP(C18,СписокРабот!$B:$E,3,FALSE()) -> м² | F18: =VLOOKUP(C18,СписокРабот!$B:$E,4,FALSE()) -> 704 | G18: =Q18 -> 0 | H18: =F18*G18 -> 0 | M18: =$F18*(100%-$B$3) -> 598.4 | N18: =$G18*$M18 -> 0 | P18: =MAX(S18,W18,AA18,AE18,AI18,AM18,AQ18,AU18,AY18,BC18,BG18,BK18,BO18,BS18,BW18,CA18,CE18,CI18,CM18,CQ18) -> 0 | Q18: =IF($S18,T18,0)+IF($W18,X18,0)+IF($AA18,AB18,0)+IF($AE18,AF18,0)+IF($AI18,AJ18,0)+IF($AM18,AN18,0)+IF($AQ18,AR18,0)+IF($AU18,AV18,0)+IF($AY18,AZ18,0)+IF($BC18,BD18,0)+IF($BG18,BH18,0)+IF($BK18,BL18,0)+IF($BO18,BP18,0)+IF($BS18,BT18,0)+IF($BW18,BX18,0)+IF($CA18,CB18,0)+IF($CE18,CF18,0)+IF($CI18,CJ18,0)+IF($CM18,CN18,0)+IF($CQ18,CR18,0) -> 0 | R18: =IF($S18=1,U18,0)+IF($W18,Y18,0)+IF($AA18,AC18,0)+IF($AE18,AG18,0)+IF($AI18,AK18,0)+IF($AM18,AO18,0)+IF($AQ18,AS18,0)+IF($AU18,AW18,0)+IF($AY18,BA18,0)+IF($BC18,BE18,0)+IF($BG18,BI18,0)+IF($BK18,BM18,0)+IF($BO18,BQ18,0)+IF($BS18,BU18,0)+IF($BW18,BY18,0)+IF($CA18,CC18,0)+IF($CE18,CG18,0)+IF($CI18,CK18,0)+IF($CM18,CO18,0)+IF($CQ18,CS18,0) -> 0 | S18: =IF(Замер!$J$20="да",Комната_1!$B18,0) -> 0 | T18: =IF(Замер!$J$20="да",Комната_1!$G18,0) -> 26.4 | U18: =IF(Замер!$J$20="да",Комната_1!$H18,0) -> 18585.6 | W18: =IF(Замер!$J$40="да",Комната_2!$B18,0) -> 0 | X18: =IF(Замер!$J$40="да",Комната_2!$G18,0) -> 11.6 | Y18: =IF(Замер!$J$40="да",Комната_2!$H18,0) -> 8166.4 | AA18: =IF(Замер!$J$60="да",Комната_3!$B18,0) -> 0 | AB18: =IF(Замер!$J$60="да",Комната_3!$G18,0) -> 11.9 | AC18: =IF(Замер!$J$60="да",Комната_3!$H18,0) -> 8377.6 | AE18: =IF(Замер!$J$80="да",Комната_4!$B18,0) -> 0 | AF18: =IF(Замер!$J$80="да",Комната_4!$G18,0) -> 11.3 | AG18: =IF(Замер!$J$80="да",Комната_4!$H18,0) -> 7955.2 | AI18: =IF(Замер!$J$100="да",Комната_5!$B18,0) -> 0 | AJ18: =IF(Замер!$J$100="да",Комната_5!$G18,0) -> 5.4 | AK18: =IF(Замер!$J$100="да",Комната_5!$H18,0) -> 3801.6 | AM18: =IF(Замер!$J$120="да",Коридор!$B18,0) -> 0 | AN18: =IF(Замер!$J$120="да",Коридор!$G18,0) -> 2.8 | AO18: =IF(Замер!$J$120="да",Коридор!$H18,0) -> 1971.2 | AQ18: =IF(Замер!$J$140="да",Кухня!$B18,0) -> 0 | AR18: =IF(Замер!$J$140="да",Кухня!$G18,0) -> 5.6 | AS18: =IF(Замер!$J$140="да",Кухня!$H18,0) -> 3942.4 | AU18: =IF(Замер!$J$160="да",Ванна!$B18,0) -> 0 | AV18: =IF(Замер!$J$160="да",Ванна!$G18,0) -> 2.5 | AW18: =IF(Замер!$J$160="да",Ванна!$H18,0) -> 1760 | AY18: =IF(Замер!$J$180="да",Туалет!$B18,0) -> 0 | AZ18: =IF(Замер!$J$180="да",Туалет!$G18,0) -> 0 | BA18: =IF(Замер!$J$180="да",Туалет!$H18,0) -> 0 | BC18: =IF(Замер!$J$200="да",Балкон!$B18,0) -> 0 | BD18: =IF(Замер!$J$200="да",Балкон!$G18,0) -> 0 | BE18: =IF(Замер!$J$200="да",Балкон!$H18,0) -> 0 | BG18: =IF(Замер!$J$220="да",Помещение_11!$B18,0) -> 0 | BH18: =IF(Замер!$J$220="да",Помещение_11!$G18,0) -> 0 | BI18: =IF(Замер!$J$220="да",Помещение_11!$H18,0) -> 0 | BK18: =IF(Замер!$J$240="да",Помещение_12!$B18,0) -> 0 | BL18: =IF(Замер!$J$240="да",Помещение_12!$G18,0) -> 0 | BM18: =IF(Замер!$J$240="да",Помещение_12!$H18,0) -> 0 | BO18: =IF(Замер!$J$260="да",Помещение_13!$B18,0) -> 0 | BP18: =IF(Замер!$J$260="да",Помещение_13!$G18,0) -> 0 | BQ18: =IF(Замер!$J$260="да",Помещение_13!$H18,0) -> 0 | BS18: =IF(Замер!$J$280="да",Помещение_14!$B18,0) -> 0 | BT18: =IF(Замер!$J$280="да",Помещение_14!$G18,0) -> 0 | BU18: =IF(Замер!$J$280="да",Помещение_14!$H18,0) -> 0 | BW18: =IF(Замер!$J$300="да",Помещение_15!$B18,0) -> 0 | BX18: =IF(Замер!$J$300="да",Помещение_15!$G18,0) -> 0 | BY18: =IF(Замер!$J$300="да",Помещение_15!$H18,0) -> 0 | CA18: =IF(Замер!$J$320="да",Помещение_16!$B18,0) -> 0 | CB18: =IF(Замер!$J$320="да",Помещение_16!$G18,0) -> 0 | CC18: =IF(Замер!$J$320="да",Помещение_16!$H18,0) -> 0 | CE18: =IF(Замер!$J$340="да",Помещение_17!$B18,0) -> 0 | CF18: =IF(Замер!$J$340="да",Помещение_17!$G18,0) -> 0 | CG18: =IF(Замер!$J$340="да",Помещение_17!$H18,0) -> 0 | CI18: =IF(Замер!$J$360="да",Помещение_18!$B18,0) -> 0 | CJ18: =IF(Замер!$J$360="да",Помещение_18!$G18,0) -> 0 | CK18: =IF(Замер!$J$360="да",Помещение_18!$H18,0) -> 0 | CM18: =IF(Замер!$J$380="да",Помещение_19!$B18,0) -> 0 | CN18: =IF(Замер!$J$380="да",Помещение_19!$G18,0) -> 0 | CO18: =IF(Замер!$J$380="да",Помещение_19!$H18,0) -> 0 | CQ18: =IF(Замер!$J$400="да",Помещение_20!$B18,0) -> 0 | CR18: =IF(Замер!$J$400="да",Помещение_20!$G18,0) -> 0 | CS18: =IF(Замер!$J$400="да",Помещение_20!$H18,0) -> 0
B19: =P19 -> 0 | C19: 1.7 | D19: =VLOOKUP(C19,СписокРабот!$B:$E,2,FALSE()) -> Демонтаж дранки или металлической сетки с потолка | E19: =VLOOKUP(C19,СписокРабот!$B:$E,3,FALSE()) -> м² | F19: =VLOOKUP(C19,СписокРабот!$B:$E,4,FALSE()) -> 1085 | G19: =Q19 -> 0 | H19: =F19*G19 -> 0 | M19: =$F19*(100%-$B$3) -> 922.25 | N19: =$G19*$M19 -> 0 | P19: =MAX(S19,W19,AA19,AE19,AI19,AM19,AQ19,AU19,AY19,BC19,BG19,BK19,BO19,BS19,BW19,CA19,CE19,CI19,CM19,CQ19) -> 0 | Q19: =IF($S19,T19,0)+IF($W19,X19,0)+IF($AA19,AB19,0)+IF($AE19,AF19,0)+IF($AI19,AJ19,0)+IF($AM19,AN19,0)+IF($AQ19,AR19,0)+IF($AU19,AV19,0)+IF($AY19,AZ19,0)+IF($BC19,BD19,0)+IF($BG19,BH19,0)+IF($BK19,BL19,0)+IF($BO19,BP19,0)+IF($BS19,BT19,0)+IF($BW19,BX19,0)+IF($CA19,CB19,0)+IF($CE19,CF19,0)+IF($CI19,CJ19,0)+IF($CM19,CN19,0)+IF($CQ19,CR19,0) -> 0 | R19: =IF($S19=1,U19,0)+IF($W19,Y19,0)+IF($AA19,AC19,0)+IF($AE19,AG19,0)+IF($AI19,AK19,0)+IF($AM19,AO19,0)+IF($AQ19,AS19,0)+IF($AU19,AW19,0)+IF($AY19,BA19,0)+IF($BC19,BE19,0)+IF($BG19,BI19,0)+IF($BK19,BM19,0)+IF($BO19,BQ19,0)+IF($BS19,BU19,0)+IF($BW19,BY19,0)+IF($CA19,CC19,0)+IF($CE19,CG19,0)+IF($CI19,CK19,0)+IF($CM19,CO19,0)+IF($CQ19,CS19,0) -> 0 | S19: =IF(Замер!$J$20="да",Комната_1!$B19,0) -> 0 | T19: =IF(Замер!$J$20="да",Комната_1!$G19,0) -> 0 | U19: =IF(Замер!$J$20="да",Комната_1!$H19,0) -> 0 | W19: =IF(Замер!$J$40="да",Комната_2!$B19,0) -> 0 | X19: =IF(Замер!$J$40="да",Комната_2!$G19,0) -> 0 | Y19: =IF(Замер!$J$40="да",Комната_2!$H19,0) -> 0 | AA19: =IF(Замер!$J$60="да",Комната_3!$B19,0) -> 0 | AB19: =IF(Замер!$J$60="да",Комната_3!$G19,0) -> 0 | AC19: =IF(Замер!$J$60="да",Комната_3!$H19,0) -> 0 | AE19: =IF(Замер!$J$80="да",Комната_4!$B19,0) -> 0 | AF19: =IF(Замер!$J$80="да",Комната_4!$G19,0) -> 0 | AG19: =IF(Замер!$J$80="да",Комната_4!$H19,0) -> 0 | AI19: =IF(Замер!$J$100="да",Комната_5!$B19,0) -> 0 | AJ19: =IF(Замер!$J$100="да",Комната_5!$G19,0) -> 0 | AK19: =IF(Замер!$J$100="да",Комната_5!$H19,0) -> 0 | AM19: =IF(Замер!$J$120="да",Коридор!$B19,0) -> 0 | AN19: =IF(Замер!$J$120="да",Коридор!$G19,0) -> 0 | AO19: =IF(Замер!$J$120="да",Коридор!$H19,0) -> 0 | AQ19: =IF(Замер!$J$140="да",Кухня!$B19,0) -> 0 | AR19: =IF(Замер!$J$140="да",Кухня!$G19,0) -> 0 | AS19: =IF(Замер!$J$140="да",Кухня!$H19,0) -> 0 | AU19: =IF(Замер!$J$160="да",Ванна!$B19,0) -> 0 | AV19: =IF(Замер!$J$160="да",Ванна!$G19,0) -> 0 | AW19: =IF(Замер!$J$160="да",Ванна!$H19,0) -> 0 | AY19: =IF(Замер!$J$180="да",Туалет!$B19,0) -> 0 | AZ19: =IF(Замер!$J$180="да",Туалет!$G19,0) -> 0 | BA19: =IF(Замер!$J$180="да",Туалет!$H19,0) -> 0 | BC19: =IF(Замер!$J$200="да",Балкон!$B19,0) -> 0 | BD19: =IF(Замер!$J$200="да",Балкон!$G19,0) -> 0 | BE19: =IF(Замер!$J$200="да",Балкон!$H19,0) -> 0 | BG19: =IF(Замер!$J$220="да",Помещение_11!$B19,0) -> 0 | BH19: =IF(Замер!$J$220="да",Помещение_11!$G19,0) -> 0 | BI19: =IF(Замер!$J$220="да",Помещение_11!$H19,0) -> 0 | BK19: =IF(Замер!$J$240="да",Помещение_12!$B19,0) -> 0 | BL19: =IF(Замер!$J$240="да",Помещение_12!$G19,0) -> 0 | BM19: =IF(Замер!$J$240="да",Помещение_12!$H19,0) -> 0 | BO19: =IF(Замер!$J$260="да",Помещение_13!$B19,0) -> 0 | BP19: =IF(Замер!$J$260="да",Помещение_13!$G19,0) -> 0 | BQ19: =IF(Замер!$J$260="да",Помещение_13!$H19,0) -> 0 | BS19: =IF(Замер!$J$280="да",Помещение_14!$B19,0) -> 0 | BT19: =IF(Замер!$J$280="да",Помещение_14!$G19,0) -> 0 | BU19: =IF(Замер!$J$280="да",Помещение_14!$H19,0) -> 0 | BW19: =IF(Замер!$J$300="да",Помещение_15!$B19,0) -> 0 | BX19: =IF(Замер!$J$300="да",Помещение_15!$G19,0) -> 0 | BY19: =IF(Замер!$J$300="да",Помещение_15!$H19,0) -> 0 | CA19: =IF(Замер!$J$320="да",Помещение_16!$B19,0) -> 0 | CB19: =IF(Замер!$J$320="да",Помещение_16!$G19,0) -> 0 | CC19: =IF(Замер!$J$320="да",Помещение_16!$H19,0) -> 0 | CE19: =IF(Замер!$J$340="да",Помещение_17!$B19,0) -> 0 | CF19: =IF(Замер!$J$340="да",Помещение_17!$G19,0) -> 0 | CG19: =IF(Замер!$J$340="да",Помещение_17!$H19,0) -> 0 | CI19: =IF(Замер!$J$360="да",Помещение_18!$B19,0) -> 0 | CJ19: =IF(Замер!$J$360="да",Помещение_18!$G19,0) -> 0 | CK19: =IF(Замер!$J$360="да",Помещение_18!$H19,0) -> 0 | CM19: =IF(Замер!$J$380="да",Помещение_19!$B19,0) -> 0 | CN19: =IF(Замер!$J$380="да",Помещение_19!$G19,0) -> 0 | CO19: =IF(Замер!$J$380="да",Помещение_19!$H19,0) -> 0 | CQ19: =IF(Замер!$J$400="да",Помещение_20!$B19,0) -> 0 | CR19: =IF(Замер!$J$400="да",Помещение_20!$G19,0) -> 0 | CS19: =IF(Замер!$J$400="да",Помещение_20!$H19,0) -> 0
B20: =P20 -> 0 | C20: 1.8 | D20: =VLOOKUP(C20,СписокРабот!$B:$E,2,FALSE()) -> Демонтаж потолочного плинтуса из полиуретана, лепнины из гипса К-1,5 | E20: =VLOOKUP(C20,СписокРабот!$B:$E,3,FALSE()) -> п.м | F20: =VLOOKUP(C20,СписокРабот!$B:$E,4,FALSE()) -> 128 | G20: =Q20 -> 0 | H20: =F20*G20 -> 0 | M20: =$F20*(100%-$B$3) -> 108.8 | N20: =$G20*$M20 -> 0 | P20: =MAX(S20,W20,AA20,AE20,AI20,AM20,AQ20,AU20,AY20,BC20,BG20,BK20,BO20,BS20,BW20,CA20,CE20,CI20,CM20,CQ20) -> 0 | Q20: =IF($S20,T20,0)+IF($W20,X20,0)+IF($AA20,AB20,0)+IF($AE20,AF20,0)+IF($AI20,AJ20,0)+IF($AM20,AN20,0)+IF($AQ20,AR20,0)+IF($AU20,AV20,0)+IF($AY20,AZ20,0)+IF($BC20,BD20,0)+IF($BG20,BH20,0)+IF($BK20,BL20,0)+IF($BO20,BP20,0)+IF($BS20,BT20,0)+IF($BW20,BX20,0)+IF($CA20,CB20,0)+IF($CE20,CF20,0)+IF($CI20,CJ20,0)+IF($CM20,CN20,0)+IF($CQ20,CR20,0) -> 0 | R20: =IF($S20=1,U20,0)+IF($W20,Y20,0)+IF($AA20,AC20,0)+IF($AE20,AG20,0)+IF($AI20,AK20,0)+IF($AM20,AO20,0)+IF($AQ20,AS20,0)+IF($AU20,AW20,0)+IF($AY20,BA20,0)+IF($BC20,BE20,0)+IF($BG20,BI20,0)+IF($BK20,BM20,0)+IF($BO20,BQ20,0)+IF($BS20,BU20,0)+IF($BW20,BY20,0)+IF($CA20,CC20,0)+IF($CE20,CG20,0)+IF($CI20,CK20,0)+IF($CM20,CO20,0)+IF($CQ20,CS20,0) -> 0 | S20: =IF(Замер!$J$20="да",Комната_1!$B20,0) -> 0 | T20: =IF(Замер!$J$20="да",Комната_1!$G20,0) -> 0 | U20: =IF(Замер!$J$20="да",Комната_1!$H20,0) -> 0 | W20: =IF(Замер!$J$40="да",Комната_2!$B20,0) -> 0 | X20: =IF(Замер!$J$40="да",Комната_2!$G20,0) -> 0 | Y20: =IF(Замер!$J$40="да",Комната_2!$H20,0) -> 0 | AA20: =IF(Замер!$J$60="да",Комната_3!$B20,0) -> 0 | AB20: =IF(Замер!$J$60="да",Комната_3!$G20,0) -> 0 | AC20: =IF(Замер!$J$60="да",Комната_3!$H20,0) -> 0 | AE20: =IF(Замер!$J$80="да",Комната_4!$B20,0) -> 0 | AF20: =IF(Замер!$J$80="да",Комната_4!$G20,0) -> 0 | AG20: =IF(Замер!$J$80="да",Комната_4!$H20,0) -> 0 | AI20: =IF(Замер!$J$100="да",Комната_5!$B20,0) -> 0 | AJ20: =IF(Замер!$J$100="да",Комната_5!$G20,0) -> 0 | AK20: =IF(Замер!$J$100="да",Комната_5!$H20,0) -> 0 | AM20: =IF(Замер!$J$120="да",Коридор!$B20,0) -> 0 | AN20: =IF(Замер!$J$120="да",Коридор!$G20,0) -> 0 | AO20: =IF(Замер!$J$120="да",Коридор!$H20,0) -> 0 | AQ20: =IF(Замер!$J$140="да",Кухня!$B20,0) -> 0 | AR20: =IF(Замер!$J$140="да",Кухня!$G20,0) -> 0 | AS20: =IF(Замер!$J$140="да",Кухня!$H20,0) -> 0 | AU20: =IF(Замер!$J$160="да",Ванна!$B20,0) -> 0 | AV20: =IF(Замер!$J$160="да",Ванна!$G20,0) -> 0 | AW20: =IF(Замер!$J$160="да",Ванна!$H20,0) -> 0 | AY20: =IF(Замер!$J$180="да",Туалет!$B20,0) -> 0 | AZ20: =IF(Замер!$J$180="да",Туалет!$G20,0) -> 0 | BA20: =IF(Замер!$J$180="да",Туалет!$H20,0) -> 0 | BC20: =IF(Замер!$J$200="да",Балкон!$B20,0) -> 0 | BD20: =IF(Замер!$J$200="да",Балкон!$G20,0) -> 0 | BE20: =IF(Замер!$J$200="да",Балкон!$H20,0) -> 0 | BG20: =IF(Замер!$J$220="да",Помещение_11!$B20,0) -> 0 | BH20: =IF(Замер!$J$220="да",Помещение_11!$G20,0) -> 0 | BI20: =IF(Замер!$J$220="да",Помещение_11!$H20,0) -> 0 | BK20: =IF(Замер!$J$240="да",Помещение_12!$B20,0) -> 0 | BL20: =IF(Замер!$J$240="да",Помещение_12!$G20,0) -> 0 | BM20: =IF(Замер!$J$240="да",Помещение_12!$H20,0) -> 0 | BO20: =IF(Замер!$J$260="да",Помещение_13!$B20,0) -> 0 | BP20: =IF(Замер!$J$260="да",Помещение_13!$G20,0) -> 0 | BQ20: =IF(Замер!$J$260="да",Помещение_13!$H20,0) -> 0 | BS20: =IF(Замер!$J$280="да",Помещение_14!$B20,0) -> 0 | BT20: =IF(Замер!$J$280="да",Помещение_14!$G20,0) -> 0 | BU20: =IF(Замер!$J$280="да",Помещение_14!$H20,0) -> 0 | BW20: =IF(Замер!$J$300="да",Помещение_15!$B20,0) -> 0 | BX20: =IF(Замер!$J$300="да",Помещение_15!$G20,0) -> 0 | BY20: =IF(Замер!$J$300="да",Помещение_15!$H20,0) -> 0 | CA20: =IF(Замер!$J$320="да",Помещение_16!$B20,0) -> 0 | CB20: =IF(Замер!$J$320="да",Помещение_16!$G20,0) -> 0 | CC20: =IF(Замер!$J$320="да",Помещение_16!$H20,0) -> 0 | CE20: =IF(Замер!$J$340="да",Помещение_17!$B20,0) -> 0 | CF20: =IF(Замер!$J$340="да",Помещение_17!$G20,0) -> 0 | CG20: =IF(Замер!$J$340="да",Помещение_17!$H20,0) -> 0 | CI20: =IF(Замер!$J$360="да",Помещение_18!$B20,0) -> 0 | CJ20: =IF(Замер!$J$360="да",Помещение_18!$G20,0) -> 0 | CK20: =IF(Замер!$J$360="да",Помещение_18!$H20,0) -> 0 | CM20: =IF(Замер!$J$380="да",Помещение_19!$B20,0) -> 0 | CN20: =IF(Замер!$J$380="да",Помещение_19!$G20,0) -> 0 | CO20: =IF(Замер!$J$380="да",Помещение_19!$H20,0) -> 0 | CQ20: =IF(Замер!$J$400="да",Помещение_20!$B20,0) -> 0 | CR20: =IF(Замер!$J$400="да",Помещение_20!$G20,0) -> 0 | CS20: =IF(Замер!$J$400="да",Помещение_20!$H20,0) -> 0
B21: 1 | C21: Итого по: Демонтажные работы (потолки) | G21: =SUMIF(B13:B20,">0",H13:H20) -> 0 | L21: s | N21: =G21*(100%-$B$3) -> 0
B22: 1 | C22: 2. Монтажные работы (потолки) | E22: ед. изм. | F22: цена | G22: кол-во | H22: сумма | L22: t | N22: =N59 -> 474380.41
B23: =P23 -> 0 | C23: 2.1 | D23: =VLOOKUP(C23,СписокРабот!$B:$E,2,FALSE()) -> Устройство реечных подвесных потолков | E23: =VLOOKUP(C23,СписокРабот!$B:$E,3,FALSE()) -> м² | F23: =VLOOKUP(C23,СписокРабот!$B:$E,4,FALSE()) -> 1880 | G23: =Q23 -> 0 | H23: =F23*G23 -> 0 | M23: =$F23*(100%-$B$3) -> 1598 | N23: =$G23*$M23 -> 0 | P23: =MAX(S23,W23,AA23,AE23,AI23,AM23,AQ23,AU23,AY23,BC23,BG23,BK23,BO23,BS23,BW23,CA23,CE23,CI23,CM23,CQ23) -> 0 | Q23: =IF($S23,T23,0)+IF($W23,X23,0)+IF($AA23,AB23,0)+IF($AE23,AF23,0)+IF($AI23,AJ23,0)+IF($AM23,AN23,0)+IF($AQ23,AR23,0)+IF($AU23,AV23,0)+IF($AY23,AZ23,0)+IF($BC23,BD23,0)+IF($BG23,BH23,0)+IF($BK23,BL23,0)+IF($BO23,BP23,0)+IF($BS23,BT23,0)+IF($BW23,BX23,0)+IF($CA23,CB23,0)+IF($CE23,CF23,0)+IF($CI23,CJ23,0)+IF($CM23,CN23,0)+IF($CQ23,CR23,0) -> 0 | R23: =IF($S23=1,U23,0)+IF($W23,Y23,0)+IF($AA23,AC23,0)+IF($AE23,AG23,0)+IF($AI23,AK23,0)+IF($AM23,AO23,0)+IF($AQ23,AS23,0)+IF($AU23,AW23,0)+IF($AY23,BA23,0)+IF($BC23,BE23,0)+IF($BG23,BI23,0)+IF($BK23,BM23,0)+IF($BO23,BQ23,0)+IF($BS23,BU23,0)+IF($BW23,BY23,0)+IF($CA23,CC23,0)+IF($CE23,CG23,0)+IF($CI23,CK23,0)+IF($CM23,CO23,0)+IF($CQ23,CS23,0) -> 0 | S23: =IF(Замер!$J$20="да",Комната_1!$B23,0) -> 0 | T23: =IF(Замер!$J$20="да",Комната_1!$G23,0) -> 26.4 | U23: =IF(Замер!$J$20="да",Комната_1!$H23,0) -> 49632 | W23: =IF(Замер!$J$40="да",Комната_2!$B23,0) -> 0 | X23: =IF(Замер!$J$40="да",Комната_2!$G23,0) -> 11.6 | Y23: =IF(Замер!$J$40="да",Комната_2!$H23,0) -> 21808 | AA23: =IF(Замер!$J$60="да",Комната_3!$B23,0) -> 0 | AB23: =IF(Замер!$J$60="да",Комната_3!$G23,0) -> 11.9 | AC23: =IF(Замер!$J$60="да",Комната_3!$H23,0) -> 22372 | AE23: =IF(Замер!$J$80="да",Комната_4!$B23,0) -> 0 | AF23: =IF(Замер!$J$80="да",Комната_4!$G23,0) -> 11.3 | AG23: =IF(Замер!$J$80="да",Комната_4!$H23,0) -> 21244 | AI23: =IF(Замер!$J$100="да",Комната_5!$B23,0) -> 0 | AJ23: =IF(Замер!$J$100="да",Комната_5!$G23,0) -> 5.4 | AK23: =IF(Замер!$J$100="да",Комната_5!$H23,0) -> 10152 | AM23: =IF(Замер!$J$120="да",Коридор!$B23,0) -> 0 | AN23: =IF(Замер!$J$120="да",Коридор!$G23,0) -> 2.8 | AO23: =IF(Замер!$J$120="да",Коридор!$H23,0) -> 5264 | AQ23: =IF(Замер!$J$140="да",Кухня!$B23,0) -> 0 | AR23: =IF(Замер!$J$140="да",Кухня!$G23,0) -> 5.6 | AS23: =IF(Замер!$J$140="да",Кухня!$H23,0) -> 10528 | AU23: =IF(Замер!$J$160="да",Ванна!$B23,0) -> 0 | AV23: =IF(Замер!$J$160="да",Ванна!$G23,0) -> 2.5 | AW23: =IF(Замер!$J$160="да",Ванна!$H23,0) -> 4700 | AY23: =IF(Замер!$J$180="да",Туалет!$B23,0) -> 0 | AZ23: =IF(Замер!$J$180="да",Туалет!$G23,0) -> 0 | BA23: =IF(Замер!$J$180="да",Туалет!$H23,0) -> 0 | BC23: =IF(Замер!$J$200="да",Балкон!$B23,0) -> 0 | BD23: =IF(Замер!$J$200="да",Балкон!$G23,0) -> 0 | BE23: =IF(Замер!$J$200="да",Балкон!$H23,0) -> 0 | BG23: =IF(Замер!$J$220="да",Помещение_11!$B23,0) -> 0 | BH23: =IF(Замер!$J$220="да",Помещение_11!$G23,0) -> 0 | BI23: =IF(Замер!$J$220="да",Помещение_11!$H23,0) -> 0 | BK23: =IF(Замер!$J$240="да",Помещение_12!$B23,0) -> 0 | BL23: =IF(Замер!$J$240="да",Помещение_12!$G23,0) -> 0 | BM23: =IF(Замер!$J$240="да",Помещение_12!$H23,0) -> 0 | BO23: =IF(Замер!$J$260="да",Помещение_13!$B23,0) -> 0 | BP23: =IF(Замер!$J$260="да",Помещение_13!$G23,0) -> 0 | BQ23: =IF(Замер!$J$260="да",Помещение_13!$H23,0) -> 0 | BS23: =IF(Замер!$J$280="да",Помещение_14!$B23,0) -> 0 | BT23: =IF(Замер!$J$280="да",Помещение_14!$G23,0) -> 0 | BU23: =IF(Замер!$J$280="да",Помещение_14!$H23,0) -> 0 | BW23: =IF(Замер!$J$300="да",Помещение_15!$B23,0) -> 0 | BX23: =IF(Замер!$J$300="да",Помещение_15!$G23,0) -> 0 | BY23: =IF(Замер!$J$300="да",Помещение_15!$H23,0) -> 0 | CA23: =IF(Замер!$J$320="да",Помещение_16!$B23,0) -> 0 | CB23: =IF(Замер!$J$320="да",Помещение_16!$G23,0) -> 0 | CC23: =IF(Замер!$J$320="да",Помещение_16!$H23,0) -> 0 | CE23: =IF(Замер!$J$340="да",Помещение_17!$B23,0) -> 0 | CF23: =IF(Замер!$J$340="да",Помещение_17!$G23,0) -> 0 | CG23: =IF(Замер!$J$340="да",Помещение_17!$H23,0) -> 0 | CI23: =IF(Замер!$J$360="да",Помещение_18!$B23,0) -> 0 | CJ23: =IF(Замер!$J$360="да",Помещение_18!$G23,0) -> 0 | CK23: =IF(Замер!$J$360="да",Помещение_18!$H23,0) -> 0 | CM23: =IF(Замер!$J$380="да",Помещение_19!$B23,0) -> 0 | CN23: =IF(Замер!$J$380="да",Помещение_19!$G23,0) -> 0 | CO23: =IF(Замер!$J$380="да",Помещение_19!$H23,0) -> 0 | CQ23: =IF(Замер!$J$400="да",Помещение_20!$B23,0) -> 0 | CR23: =IF(Замер!$J$400="да",Помещение_20!$G23,0) -> 0 | CS23: =IF(Замер!$J$400="да",Помещение_20!$H23,0) -> 0
B24: =P24 -> 0 | C24: 2.2 | D24: =VLOOKUP(C24,СписокРабот!$B:$E,2,FALSE()) -> Устройство теневого профиля | E24: =VLOOKUP(C24,СписокРабот!$B:$E,3,FALSE()) -> п.м. | F24: =VLOOKUP(C24,СписокРабот!$B:$E,4,FALSE()) -> 1919 | G24: =Q24 -> 0 | H24: =F24*G24 -> 0 | M24: =$F24*(100%-$B$3) -> 1631.15 | N24: =$G24*$M24 -> 0 | P24: =MAX(S24,W24,AA24,AE24,AI24,AM24,AQ24,AU24,AY24,BC24,BG24,BK24,BO24,BS24,BW24,CA24,CE24,CI24,CM24,CQ24) -> 0 | Q24: =IF($S24,T24,0)+IF($W24,X24,0)+IF($AA24,AB24,0)+IF($AE24,AF24,0)+IF($AI24,AJ24,0)+IF($AM24,AN24,0)+IF($AQ24,AR24,0)+IF($AU24,AV24,0)+IF($AY24,AZ24,0)+IF($BC24,BD24,0)+IF($BG24,BH24,0)+IF($BK24,BL24,0)+IF($BO24,BP24,0)+IF($BS24,BT24,0)+IF($BW24,BX24,0)+IF($CA24,CB24,0)+IF($CE24,CF24,0)+IF($CI24,CJ24,0)+IF($CM24,CN24,0)+IF($CQ24,CR24,0) -> 0 | R24: =IF($S24=1,U24,0)+IF($W24,Y24,0)+IF($AA24,AC24,0)+IF($AE24,AG24,0)+IF($AI24,AK24,0)+IF($AM24,AO24,0)+IF($AQ24,AS24,0)+IF($AU24,AW24,0)+IF($AY24,BA24,0)+IF($BC24,BE24,0)+IF($BG24,BI24,0)+IF($BK24,BM24,0)+IF($BO24,BQ24,0)+IF($BS24,BU24,0)+IF($BW24,BY24,0)+IF($CA24,CC24,0)+IF($CE24,CG24,0)+IF($CI24,CK24,0)+IF($CM24,CO24,0)+IF($CQ24,CS24,0) -> 0 | S24: =IF(Замер!$J$20="да",Комната_1!$B24,0) -> 0 | T24: =IF(Замер!$J$20="да",Комната_1!$G24,0) -> 26.4 | U24: =IF(Замер!$J$20="да",Комната_1!$H24,0) -> 50661.6 | W24: =IF(Замер!$J$40="да",Комната_2!$B24,0) -> 0 | X24: =IF(Замер!$J$40="да",Комната_2!$G24,0) -> 11.6 | Y24: =IF(Замер!$J$40="да",Комната_2!$H24,0) -> 22260.4 | AA24: =IF(Замер!$J$60="да",Комната_3!$B24,0) -> 0 | AB24: =IF(Замер!$J$60="да",Комната_3!$G24,0) -> 11.9 | AC24: =IF(Замер!$J$60="да",Комната_3!$H24,0) -> 22836.1 | AE24: =IF(Замер!$J$80="да",Комната_4!$B24,0) -> 0 | AF24: =IF(Замер!$J$80="да",Комната_4!$G24,0) -> 11.3 | AG24: =IF(Замер!$J$80="да",Комната_4!$H24,0) -> 21684.7 | AI24: =IF(Замер!$J$100="да",Комната_5!$B24,0) -> 0 | AJ24: =IF(Замер!$J$100="да",Комната_5!$G24,0) -> 5.4 | AK24: =IF(Замер!$J$100="да",Комната_5!$H24,0) -> 10362.6 | AM24: =IF(Замер!$J$120="да",Коридор!$B24,0) -> 0 | AN24: =IF(Замер!$J$120="да",Коридор!$G24,0) -> 2.8 | AO24: =IF(Замер!$J$120="да",Коридор!$H24,0) -> 5373.2 | AQ24: =IF(Замер!$J$140="да",Кухня!$B24,0) -> 0 | AR24: =IF(Замер!$J$140="да",Кухня!$G24,0) -> 5.6 | AS24: =IF(Замер!$J$140="да",Кухня!$H24,0) -> 10746.4 | AU24: =IF(Замер!$J$160="да",Ванна!$B24,0) -> 0 | AV24: =IF(Замер!$J$160="да",Ванна!$G24,0) -> 2.5 | AW24: =IF(Замер!$J$160="да",Ванна!$H24,0) -> 4797.5 | AY24: =IF(Замер!$J$180="да",Туалет!$B24,0) -> 0 | AZ24: =IF(Замер!$J$180="да",Туалет!$G24,0) -> 0 | BA24: =IF(Замер!$J$180="да",Туалет!$H24,0) -> 0 | BC24: =IF(Замер!$J$200="да",Балкон!$B24,0) -> 0 | BD24: =IF(Замер!$J$200="да",Балкон!$G24,0) -> 0 | BE24: =IF(Замер!$J$200="да",Балкон!$H24,0) -> 0 | BG24: =IF(Замер!$J$220="да",Помещение_11!$B24,0) -> 0 | BH24: =IF(Замер!$J$220="да",Помещение_11!$G24,0) -> 0 | BI24: =IF(Замер!$J$220="да",Помещение_11!$H24,0) -> 0 | BK24: =IF(Замер!$J$240="да",Помещение_12!$B24,0) -> 0 | BL24: =IF(Замер!$J$240="да",Помещение_12!$G24,0) -> 0 | BM24: =IF(Замер!$J$240="да",Помещение_12!$H24,0) -> 0 | BO24: =IF(Замер!$J$260="да",Помещение_13!$B24,0) -> 0 | BP24: =IF(Замер!$J$260="да",Помещение_13!$G24,0) -> 0 | BQ24: =IF(Замер!$J$260="да",Помещение_13!$H24,0) -> 0 | BS24: =IF(Замер!$J$280="да",Помещение_14!$B24,0) -> 0 | BT24: =IF(Замер!$J$280="да",Помещение_14!$G24,0) -> 0 | BU24: =IF(Замер!$J$280="да",Помещение_14!$H24,0) -> 0 | BW24: =IF(Замер!$J$300="да",Помещение_15!$B24,0) -> 0 | BX24: =IF(Замер!$J$300="да",Помещение_15!$G24,0) -> 0 | BY24: =IF(Замер!$J$300="да",Помещение_15!$H24,0) -> 0 | CA24: =IF(Замер!$J$320="да",Помещение_16!$B24,0) -> 0 | CB24: =IF(Замер!$J$320="да",Помещение_16!$G24,0) -> 0 | CC24: =IF(Замер!$J$320="да",Помещение_16!$H24,0) -> 0 | CE24: =IF(Замер!$J$340="да",Помещение_17!$B24,0) -> 0 | CF24: =IF(Замер!$J$340="да",Помещение_17!$G24,0) -> 0 | CG24: =IF(Замер!$J$340="да",Помещение_17!$H24,0) -> 0 | CI24: =IF(Замер!$J$360="да",Помещение_18!$B24,0) -> 0 | CJ24: =IF(Замер!$J$360="да",Помещение_18!$G24,0) -> 0 | CK24: =IF(Замер!$J$360="да",Помещение_18!$H24,0) -> 0 | CM24: =IF(Замер!$J$380="да",Помещение_19!$B24,0) -> 0 | CN24: =IF(Замер!$J$380="да",Помещение_19!$G24,0) -> 0 | CO24: =IF(Замер!$J$380="да",Помещение_19!$H24,0) -> 0 | CQ24: =IF(Замер!$J$400="да",Помещение_20!$B24,0) -> 0 | CR24: =IF(Замер!$J$400="да",Помещение_20!$G24,0) -> 0 | CS24: =IF(Замер!$J$400="да",Помещение_20!$H24,0) -> 0
B25: =P25 -> 1 | C25: 2.3 | D25: =VLOOKUP(C25,СписокРабот!$B:$E,2,FALSE()) -> Базовая шпатлёвка потолка 1 слой | E25: =VLOOKUP(C25,СписокРабот!$B:$E,3,FALSE()) -> м² | F25: =VLOOKUP(C25,СписокРабот!$B:$E,4,FALSE()) -> 578 | G25: =Q25 -> 60.8 | H25: =F25*G25 -> 35142.4 | M25: =$F25*(100%-$B$3) -> 491.3 | N25: =$G25*$M25 -> 29871.04 | P25: =MAX(S25,W25,AA25,AE25,AI25,AM25,AQ25,AU25,AY25,BC25,BG25,BK25,BO25,BS25,BW25,CA25,CE25,CI25,CM25,CQ25) -> 1 | Q25: =IF($S25,T25,0)+IF($W25,X25,0)+IF($AA25,AB25,0)+IF($AE25,AF25,0)+IF($AI25,AJ25,0)+IF($AM25,AN25,0)+IF($AQ25,AR25,0)+IF($AU25,AV25,0)+IF($AY25,AZ25,0)+IF($BC25,BD25,0)+IF($BG25,BH25,0)+IF($BK25,BL25,0)+IF($BO25,BP25,0)+IF($BS25,BT25,0)+IF($BW25,BX25,0)+IF($CA25,CB25,0)+IF($CE25,CF25,0)+IF($CI25,CJ25,0)+IF($CM25,CN25,0)+IF($CQ25,CR25,0) -> 60.8 | R25: =IF($S25=1,U25,0)+IF($W25,Y25,0)+IF($AA25,AC25,0)+IF($AE25,AG25,0)+IF($AI25,AK25,0)+IF($AM25,AO25,0)+IF($AQ25,AS25,0)+IF($AU25,AW25,0)+IF($AY25,BA25,0)+IF($BC25,BE25,0)+IF($BG25,BI25,0)+IF($BK25,BM25,0)+IF($BO25,BQ25,0)+IF($BS25,BU25,0)+IF($BW25,BY25,0)+IF($CA25,CC25,0)+IF($CE25,CG25,0)+IF($CI25,CK25,0)+IF($CM25,CO25,0)+IF($CQ25,CS25,0) -> 35142.4 | S25: =IF(Замер!$J$20="да",Комната_1!$B25,0) -> 1 | T25: =IF(Замер!$J$20="да",Комната_1!$G25,0) -> 60.8 | U25: =IF(Замер!$J$20="да",Комната_1!$H25,0) -> 35142.4 | W25: =IF(Замер!$J$40="да",Комната_2!$B25,0) -> 0 | X25: =IF(Замер!$J$40="да",Комната_2!$G25,0) -> 11.6 | Y25: =IF(Замер!$J$40="да",Комната_2!$H25,0) -> 6704.8 | AA25: =IF(Замер!$J$60="да",Комната_3!$B25,0) -> 0 | AB25: =IF(Замер!$J$60="да",Комната_3!$G25,0) -> 11.9 | AC25: =IF(Замер!$J$60="да",Комната_3!$H25,0) -> 6878.2 | AE25: =IF(Замер!$J$80="да",Комната_4!$B25,0) -> 0 | AF25: =IF(Замер!$J$80="да",Комната_4!$G25,0) -> 11.3 | AG25: =IF(Замер!$J$80="да",Комната_4!$H25,0) -> 6531.4 | AI25: =IF(Замер!$J$100="да",Комната_5!$B25,0) -> 0 | AJ25: =IF(Замер!$J$100="да",Комната_5!$G25,0) -> 5.4 | AK25: =IF(Замер!$J$100="да",Комната_5!$H25,0) -> 3121.2 | AM25: =IF(Замер!$J$120="да",Коридор!$B25,0) -> 0 | AN25: =IF(Замер!$J$120="да",Коридор!$G25,0) -> 2.8 | AO25: =IF(Замер!$J$120="да",Коридор!$H25,0) -> 1618.4 | AQ25: =IF(Замер!$J$140="да",Кухня!$B25,0) -> 0 | AR25: =IF(Замер!$J$140="да",Кухня!$G25,0) -> 5.6 | AS25: =IF(Замер!$J$140="да",Кухня!$H25,0) -> 3236.8 | AU25: =IF(Замер!$J$160="да",Ванна!$B25,0) -> 0 | AV25: =IF(Замер!$J$160="да",Ванна!$G25,0) -> 2.5 | AW25: =IF(Замер!$J$160="да",Ванна!$H25,0) -> 1445 | AY25: =IF(Замер!$J$180="да",Туалет!$B25,0) -> 0 | AZ25: =IF(Замер!$J$180="да",Туалет!$G25,0) -> 0 | BA25: =IF(Замер!$J$180="да",Туалет!$H25,0) -> 0 | BC25: =IF(Замер!$J$200="да",Балкон!$B25,0) -> 0 | BD25: =IF(Замер!$J$200="да",Балкон!$G25,0) -> 0 | BE25: =IF(Замер!$J$200="да",Балкон!$H25,0) -> 0 | BG25: =IF(Замер!$J$220="да",Помещение_11!$B25,0) -> 0 | BH25: =IF(Замер!$J$220="да",Помещение_11!$G25,0) -> 0 | BI25: =IF(Замер!$J$220="да",Помещение_11!$H25,0) -> 0 | BK25: =IF(Замер!$J$240="да",Помещение_12!$B25,0) -> 0 | BL25: =IF(Замер!$J$240="да",Помещение_12!$G25,0) -> 0 | BM25: =IF(Замер!$J$240="да",Помещение_12!$H25,0) -> 0 | BO25: =IF(Замер!$J$260="да",Помещение_13!$B25,0) -> 0 | BP25: =IF(Замер!$J$260="да",Помещение_13!$G25,0) -> 0 | BQ25: =IF(Замер!$J$260="да",Помещение_13!$H25,0) -> 0 | BS25: =IF(Замер!$J$280="да",Помещение_14!$B25,0) -> 0 | BT25: =IF(Замер!$J$280="да",Помещение_14!$G25,0) -> 0 | BU25: =IF(Замер!$J$280="да",Помещение_14!$H25,0) -> 0 | BW25: =IF(Замер!$J$300="да",Помещение_15!$B25,0) -> 0 | BX25: =IF(Замер!$J$300="да",Помещение_15!$G25,0) -> 0 | BY25: =IF(Замер!$J$300="да",Помещение_15!$H25,0) -> 0 | CA25: =IF(Замер!$J$320="да",Помещение_16!$B25,0) -> 0 | CB25: =IF(Замер!$J$320="да",Помещение_16!$G25,0) -> 0 | CC25: =IF(Замер!$J$320="да",Помещение_16!$H25,0) -> 0 | CE25: =IF(Замер!$J$340="да",Помещение_17!$B25,0) -> 0 | CF25: =IF(Замер!$J$340="да",Помещение_17!$G25,0) -> 0 | CG25: =IF(Замер!$J$340="да",Помещение_17!$H25,0) -> 0 | CI25: =IF(Замер!$J$360="да",Помещение_18!$B25,0) -> 0 | CJ25: =IF(Замер!$J$360="да",Помещение_18!$G25,0) -> 0 | CK25: =IF(Замер!$J$360="да",Помещение_18!$H25,0) -> 0 | CM25: =IF(Замер!$J$380="да",Помещение_19!$B25,0) -> 0 | CN25: =IF(Замер!$J$380="да",Помещение_19!$G25,0) -> 0 | CO25: =IF(Замер!$J$380="да",Помещение_19!$H25,0) -> 0 | CQ25: =IF(Замер!$J$400="да",Помещение_20!$B25,0) -> 0 | CR25: =IF(Замер!$J$400="да",Помещение_20!$G25,0) -> 0 | CS25: =IF(Замер!$J$400="да",Помещение_20!$H25,0) -> 0
B26: =P26 -> 0 | C26: 2.4 | D26: =VLOOKUP(C26,СписокРабот!$B:$E,2,FALSE()) -> Устройство подвесного потолка из гипсокартона (1 слой) одноуровневый | E26: =VLOOKUP(C26,СписокРабот!$B:$E,3,FALSE()) -> м² | F26: =VLOOKUP(C26,СписокРабот!$B:$E,4,FALSE()) -> 3821 | G26: =Q26 -> 0 | H26: =F26*G26 -> 0 | M26: =$F26*(100%-$B$3) -> 3247.85 | N26: =$G26*$M26 -> 0 | P26: =MAX(S26,W26,AA26,AE26,AI26,AM26,AQ26,AU26,AY26,BC26,BG26,BK26,BO26,BS26,BW26,CA26,CE26,CI26,CM26,CQ26) -> 0 | Q26: =IF($S26,T26,0)+IF($W26,X26,0)+IF($AA26,AB26,0)+IF($AE26,AF26,0)+IF($AI26,AJ26,0)+IF($AM26,AN26,0)+IF($AQ26,AR26,0)+IF($AU26,AV26,0)+IF($AY26,AZ26,0)+IF($BC26,BD26,0)+IF($BG26,BH26,0)+IF($BK26,BL26,0)+IF($BO26,BP26,0)+IF($BS26,BT26,0)+IF($BW26,BX26,0)+IF($CA26,CB26,0)+IF($CE26,CF26,0)+IF($CI26,CJ26,0)+IF($CM26,CN26,0)+IF($CQ26,CR26,0) -> 0 | R26: =IF($S26=1,U26,0)+IF($W26,Y26,0)+IF($AA26,AC26,0)+IF($AE26,AG26,0)+IF($AI26,AK26,0)+IF($AM26,AO26,0)+IF($AQ26,AS26,0)+IF($AU26,AW26,0)+IF($AY26,BA26,0)+IF($BC26,BE26,0)+IF($BG26,BI26,0)+IF($BK26,BM26,0)+IF($BO26,BQ26,0)+IF($BS26,BU26,0)+IF($BW26,BY26,0)+IF($CA26,CC26,0)+IF($CE26,CG26,0)+IF($CI26,CK26,0)+IF($CM26,CO26,0)+IF($CQ26,CS26,0) -> 0 | S26: =IF(Замер!$J$20="да",Комната_1!$B26,0) -> 0 | T26: =IF(Замер!$J$20="да",Комната_1!$G26,0) -> 26.4 | U26: =IF(Замер!$J$20="да",Комната_1!$H26,0) -> 100874.4 | W26: =IF(Замер!$J$40="да",Комната_2!$B26,0) -> 0 | X26: =IF(Замер!$J$40="да",Комната_2!$G26,0) -> 11.6 | Y26: =IF(Замер!$J$40="да",Комната_2!$H26,0) -> 44323.6 | AA26: =IF(Замер!$J$60="да",Комната_3!$B26,0) -> 0 | AB26: =IF(Замер!$J$60="да",Комната_3!$G26,0) -> 11.9 | AC26: =IF(Замер!$J$60="да",Комната_3!$H26,0) -> 45469.9 | AE26: =IF(Замер!$J$80="да",Комната_4!$B26,0) -> 0 | AF26: =IF(Замер!$J$80="да",Комната_4!$G26,0) -> 11.3 | AG26: =IF(Замер!$J$80="да",Комната_4!$H26,0) -> 43177.3 | AI26: =IF(Замер!$J$100="да",Комната_5!$B26,0) -> 0 | AJ26: =IF(Замер!$J$100="да",Комната_5!$G26,0) -> 5.4 | AK26: =IF(Замер!$J$100="да",Комната_5!$H26,0) -> 20633.4 | AM26: =IF(Замер!$J$120="да",Коридор!$B26,0) -> 0 | AN26: =IF(Замер!$J$120="да",Коридор!$G26,0) -> 2.8 | AO26: =IF(Замер!$J$120="да",Коридор!$H26,0) -> 10698.8 | AQ26: =IF(Замер!$J$140="да",Кухня!$B26,0) -> 0 | AR26: =IF(Замер!$J$140="да",Кухня!$G26,0) -> 5.6 | AS26: =IF(Замер!$J$140="да",Кухня!$H26,0) -> 21397.6 | AU26: =IF(Замер!$J$160="да",Ванна!$B26,0) -> 0 | AV26: =IF(Замер!$J$160="да",Ванна!$G26,0) -> 2.5 | AW26: =IF(Замер!$J$160="да",Ванна!$H26,0) -> 9552.5 | AY26: =IF(Замер!$J$180="да",Туалет!$B26,0) -> 0 | AZ26: =IF(Замер!$J$180="да",Туалет!$G26,0) -> 0 | BA26: =IF(Замер!$J$180="да",Туалет!$H26,0) -> 0 | BC26: =IF(Замер!$J$200="да",Балкон!$B26,0) -> 0 | BD26: =IF(Замер!$J$200="да",Балкон!$G26,0) -> 0 | BE26: =IF(Замер!$J$200="да",Балкон!$H26,0) -> 0 | BG26: =IF(Замер!$J$220="да",Помещение_11!$B26,0) -> 0 | BH26: =IF(Замер!$J$220="да",Помещение_11!$G26,0) -> 0 | BI26: =IF(Замер!$J$220="да",Помещение_11!$H26,0) -> 0 | BK26: =IF(Замер!$J$240="да",Помещение_12!$B26,0) -> 0 | BL26: =IF(Замер!$J$240="да",Помещение_12!$G26,0) -> 0 | BM26: =IF(Замер!$J$240="да",Помещение_12!$H26,0) -> 0 | BO26: =IF(Замер!$J$260="да",Помещение_13!$B26,0) -> 0 | BP26: =IF(Замер!$J$260="да",Помещение_13!$G26,0) -> 0 | BQ26: =IF(Замер!$J$260="да",Помещение_13!$H26,0) -> 0 | BS26: =IF(Замер!$J$280="да",Помещение_14!$B26,0) -> 0 | BT26: =IF(Замер!$J$280="да",Помещение_14!$G26,0) -> 0 | BU26: =IF(Замер!$J$280="да",Помещение_14!$H26,0) -> 0 | BW26: =IF(Замер!$J$300="да",Помещение_15!$B26,0) -> 0 | BX26: =IF(Замер!$J$300="да",Помещение_15!$G26,0) -> 0 | BY26: =IF(Замер!$J$300="да",Помещение_15!$H26,0) -> 0 | CA26: =IF(Замер!$J$320="да",Помещение_16!$B26,0) -> 0 | CB26: =IF(Замер!$J$320="да",Помещение_16!$G26,0) -> 0 | CC26: =IF(Замер!$J$320="да",Помещение_16!$H26,0) -> 0 | CE26: =IF(Замер!$J$340="да",Помещение_17!$B26,0) -> 0 | CF26: =IF(Замер!$J$340="да",Помещение_17!$G26,0) -> 0 | CG26: =IF(Замер!$J$340="да",Помещение_17!$H26,0) -> 0 | CI26: =IF(Замер!$J$360="да",Помещение_18!$B26,0) -> 0 | CJ26: =IF(Замер!$J$360="да",Помещение_18!$G26,0) -> 0 | CK26: =IF(Замер!$J$360="да",Помещение_18!$H26,0) -> 0 | CM26: =IF(Замер!$J$380="да",Помещение_19!$B26,0) -> 0 | CN26: =IF(Замер!$J$380="да",Помещение_19!$G26,0) -> 0 | CO26: =IF(Замер!$J$380="да",Помещение_19!$H26,0) -> 0 | CQ26: =IF(Замер!$J$400="да",Помещение_20!$B26,0) -> 0 | CR26: =IF(Замер!$J$400="да",Помещение_20!$G26,0) -> 0 | CS26: =IF(Замер!$J$400="да",Помещение_20!$H26,0) -> 0
B27: =P27 -> 0 | C27: 2.5 | D27: =VLOOKUP(C27,СписокРабот!$B:$E,2,FALSE()) -> Установка воздуховода | E27: =VLOOKUP(C27,СписокРабот!$B:$E,3,FALSE()) -> п.м. | F27: =VLOOKUP(C27,СписокРабот!$B:$E,4,FALSE()) -> 1194 | G27: =Q27 -> 0 | H27: =F27*G27 -> 0 | M27: =$F27*(100%-$B$3) -> 1014.9 | N27: =$G27*$M27 -> 0 | P27: =MAX(S27,W27,AA27,AE27,AI27,AM27,AQ27,AU27,AY27,BC27,BG27,BK27,BO27,BS27,BW27,CA27,CE27,CI27,CM27,CQ27) -> 0 | Q27: =IF($S27,T27,0)+IF($W27,X27,0)+IF($AA27,AB27,0)+IF($AE27,AF27,0)+IF($AI27,AJ27,0)+IF($AM27,AN27,0)+IF($AQ27,AR27,0)+IF($AU27,AV27,0)+IF($AY27,AZ27,0)+IF($BC27,BD27,0)+IF($BG27,BH27,0)+IF($BK27,BL27,0)+IF($BO27,BP27,0)+IF($BS27,BT27,0)+IF($BW27,BX27,0)+IF($CA27,CB27,0)+IF($CE27,CF27,0)+IF($CI27,CJ27,0)+IF($CM27,CN27,0)+IF($CQ27,CR27,0) -> 0 | R27: =IF($S27=1,U27,0)+IF($W27,Y27,0)+IF($AA27,AC27,0)+IF($AE27,AG27,0)+IF($AI27,AK27,0)+IF($AM27,AO27,0)+IF($AQ27,AS27,0)+IF($AU27,AW27,0)+IF($AY27,BA27,0)+IF($BC27,BE27,0)+IF($BG27,BI27,0)+IF($BK27,BM27,0)+IF($BO27,BQ27,0)+IF($BS27,BU27,0)+IF($BW27,BY27,0)+IF($CA27,CC27,0)+IF($CE27,CG27,0)+IF($CI27,CK27,0)+IF($CM27,CO27,0)+IF($CQ27,CS27,0) -> 0 | S27: =IF(Замер!$J$20="да",Комната_1!$B27,0) -> 0 | T27: =IF(Замер!$J$20="да",Комната_1!$G27,0) -> 0 | U27: =IF(Замер!$J$20="да",Комната_1!$H27,0) -> 0 | W27: =IF(Замер!$J$40="да",Комната_2!$B27,0) -> 0 | X27: =IF(Замер!$J$40="да",Комната_2!$G27,0) -> 0 | Y27: =IF(Замер!$J$40="да",Комната_2!$H27,0) -> 0 | AA27: =IF(Замер!$J$60="да",Комната_3!$B27,0) -> 0 | AB27: =IF(Замер!$J$60="да",Комната_3!$G27,0) -> 0 | AC27: =IF(Замер!$J$60="да",Комната_3!$H27,0) -> 0 | AE27: =IF(Замер!$J$80="да",Комната_4!$B27,0) -> 0 | AF27: =IF(Замер!$J$80="да",Комната_4!$G27,0) -> 0 | AG27: =IF(Замер!$J$80="да",Комната_4!$H27,0) -> 0 | AI27: =IF(Замер!$J$100="да",Комната_5!$B27,0) -> 0 | AJ27: =IF(Замер!$J$100="да",Комната_5!$G27,0) -> 0 | AK27: =IF(Замер!$J$100="да",Комната_5!$H27,0) -> 0 | AM27: =IF(Замер!$J$120="да",Коридор!$B27,0) -> 0 | AN27: =IF(Замер!$J$120="да",Коридор!$G27,0) -> 0 | AO27: =IF(Замер!$J$120="да",Коридор!$H27,0) -> 0 | AQ27: =IF(Замер!$J$140="да",Кухня!$B27,0) -> 0 | AR27: =IF(Замер!$J$140="да",Кухня!$G27,0) -> 0 | AS27: =IF(Замер!$J$140="да",Кухня!$H27,0) -> 0 | AU27: =IF(Замер!$J$160="да",Ванна!$B27,0) -> 0 | AV27: =IF(Замер!$J$160="да",Ванна!$G27,0) -> 0 | AW27: =IF(Замер!$J$160="да",Ванна!$H27,0) -> 0 | AY27: =IF(Замер!$J$180="да",Туалет!$B27,0) -> 0 | AZ27: =IF(Замер!$J$180="да",Туалет!$G27,0) -> 0 | BA27: =IF(Замер!$J$180="да",Туалет!$H27,0) -> 0 | BC27: =IF(Замер!$J$200="да",Балкон!$B27,0) -> 0 | BD27: =IF(Замер!$J$200="да",Балкон!$G27,0) -> 0 | BE27: =IF(Замер!$J$200="да",Балкон!$H27,0) -> 0 | BG27: =IF(Замер!$J$220="да",Помещение_11!$B27,0) -> 0 | BH27: =IF(Замер!$J$220="да",Помещение_11!$G27,0) -> 0 | BI27: =IF(Замер!$J$220="да",Помещение_11!$H27,0) -> 0 | BK27: =IF(Замер!$J$240="да",Помещение_12!$B27,0) -> 0 | BL27: =IF(Замер!$J$240="да",Помещение_12!$G27,0) -> 0 | BM27: =IF(Замер!$J$240="да",Помещение_12!$H27,0) -> 0 | BO27: =IF(Замер!$J$260="да",Помещение_13!$B27,0) -> 0 | BP27: =IF(Замер!$J$260="да",Помещение_13!$G27,0) -> 0 | BQ27: =IF(Замер!$J$260="да",Помещение_13!$H27,0) -> 0 | BS27: =IF(Замер!$J$280="да",Помещение_14!$B27,0) -> 0 | BT27: =IF(Замер!$J$280="да",Помещение_14!$G27,0) -> 0 | BU27: =IF(Замер!$J$280="да",Помещение_14!$H27,0) -> 0 | BW27: =IF(Замер!$J$300="да",Помещение_15!$B27,0) -> 0 | BX27: =IF(Замер!$J$300="да",Помещение_15!$G27,0) -> 0 | BY27: =IF(Замер!$J$300="да",Помещение_15!$H27,0) -> 0 | CA27: =IF(Замер!$J$320="да",Помещение_16!$B27,0) -> 0 | CB27: =IF(Замер!$J$320="да",Помещение_16!$G27,0) -> 0 | CC27: =IF(Замер!$J$320="да",Помещение_16!$H27,0) -> 0 | CE27: =IF(Замер!$J$340="да",Помещение_17!$B27,0) -> 0 | CF27: =IF(Замер!$J$340="да",Помещение_17!$G27,0) -> 0 | CG27: =IF(Замер!$J$340="да",Помещение_17!$H27,0) -> 0 | CI27: =IF(Замер!$J$360="да",Помещение_18!$B27,0) -> 0 | CJ27: =IF(Замер!$J$360="да",Помещение_18!$G27,0) -> 0 | CK27: =IF(Замер!$J$360="да",Помещение_18!$H27,0) -> 0 | CM27: =IF(Замер!$J$380="да",Помещение_19!$B27,0) -> 0 | CN27: =IF(Замер!$J$380="да",Помещение_19!$G27,0) -> 0 | CO27: =IF(Замер!$J$380="да",Помещение_19!$H27,0) -> 0 | CQ27: =IF(Замер!$J$400="да",Помещение_20!$B27,0) -> 0 | CR27: =IF(Замер!$J$400="да",Помещение_20!$G27,0) -> 0 | CS27: =IF(Замер!$J$400="да",Помещение_20!$H27,0) -> 0
B28: =P28 -> 1 | C28: 2.6 | D28: =VLOOKUP(C28,СписокРабот!$B:$E,2,FALSE()) -> Устройство подвесного потолка из гипсокартона (2 слоя) одноуровневый | E28: =VLOOKUP(C28,СписокРабот!$B:$E,3,FALSE()) -> м² | F28: =VLOOKUP(C28,СписокРабот!$B:$E,4,FALSE()) -> 4543 | G28: =Q28 -> 16.6 | H28: =F28*G28 -> 75413.8 | M28: =$F28*(100%-$B$3) -> 3861.55 | N28: =$G28*$M28 -> 64101.73 | P28: =MAX(S28,W28,AA28,AE28,AI28,AM28,AQ28,AU28,AY28,BC28,BG28,BK28,BO28,BS28,BW28,CA28,CE28,CI28,CM28,CQ28) -> 1 | Q28: =IF($S28,T28,0)+IF($W28,X28,0)+IF($AA28,AB28,0)+IF($AE28,AF28,0)+IF($AI28,AJ28,0)+IF($AM28,AN28,0)+IF($AQ28,AR28,0)+IF($AU28,AV28,0)+IF($AY28,AZ28,0)+IF($BC28,BD28,0)+IF($BG28,BH28,0)+IF($BK28,BL28,0)+IF($BO28,BP28,0)+IF($BS28,BT28,0)+IF($BW28,BX28,0)+IF($CA28,CB28,0)+IF($CE28,CF28,0)+IF($CI28,CJ28,0)+IF($CM28,CN28,0)+IF($CQ28,CR28,0) -> 16.6 | R28: =IF($S28=1,U28,0)+IF($W28,Y28,0)+IF($AA28,AC28,0)+IF($AE28,AG28,0)+IF($AI28,AK28,0)+IF($AM28,AO28,0)+IF($AQ28,AS28,0)+IF($AU28,AW28,0)+IF($AY28,BA28,0)+IF($BC28,BE28,0)+IF($BG28,BI28,0)+IF($BK28,BM28,0)+IF($BO28,BQ28,0)+IF($BS28,BU28,0)+IF($BW28,BY28,0)+IF($CA28,CC28,0)+IF($CE28,CG28,0)+IF($CI28,CK28,0)+IF($CM28,CO28,0)+IF($CQ28,CS28,0) -> 75413.8 | S28: =IF(Замер!$J$20="да",Комната_1!$B28,0) -> 1 | T28: =IF(Замер!$J$20="да",Комната_1!$G28,0) -> 16.6 | U28: =IF(Замер!$J$20="да",Комната_1!$H28,0) -> 75413.8 | W28: =IF(Замер!$J$40="да",Комната_2!$B28,0) -> 0 | X28: =IF(Замер!$J$40="да",Комната_2!$G28,0) -> 11.6 | Y28: =IF(Замер!$J$40="да",Комната_2!$H28,0) -> 52698.8 | AA28: =IF(Замер!$J$60="да",Комната_3!$B28,0) -> 0 | AB28: =IF(Замер!$J$60="да",Комната_3!$G28,0) -> 11.9 | AC28: =IF(Замер!$J$60="да",Комната_3!$H28,0) -> 54061.7 | AE28: =IF(Замер!$J$80="да",Комната_4!$B28,0) -> 0 | AF28: =IF(Замер!$J$80="да",Комната_4!$G28,0) -> 11.3 | AG28: =IF(Замер!$J$80="да",Комната_4!$H28,0) -> 51335.9 | AI28: =IF(Замер!$J$100="да",Комната_5!$B28,0) -> 0 | AJ28: =IF(Замер!$J$100="да",Комната_5!$G28,0) -> 5.4 | AK28: =IF(Замер!$J$100="да",Комната_5!$H28,0) -> 24532.2 | AM28: =IF(Замер!$J$120="да",Коридор!$B28,0) -> 0 | AN28: =IF(Замер!$J$120="да",Коридор!$G28,0) -> 2.8 | AO28: =IF(Замер!$J$120="да",Коридор!$H28,0) -> 12720.4 | AQ28: =IF(Замер!$J$140="да",Кухня!$B28,0) -> 0 | AR28: =IF(Замер!$J$140="да",Кухня!$G28,0) -> 5.6 | AS28: =IF(Замер!$J$140="да",Кухня!$H28,0) -> 25440.8 | AU28: =IF(Замер!$J$160="да",Ванна!$B28,0) -> 0 | AV28: =IF(Замер!$J$160="да",Ванна!$G28,0) -> 2.5 | AW28: =IF(Замер!$J$160="да",Ванна!$H28,0) -> 11357.5 | AY28: =IF(Замер!$J$180="да",Туалет!$B28,0) -> 0 | AZ28: =IF(Замер!$J$180="да",Туалет!$G28,0) -> 0 | BA28: =IF(Замер!$J$180="да",Туалет!$H28,0) -> 0 | BC28: =IF(Замер!$J$200="да",Балкон!$B28,0) -> 0 | BD28: =IF(Замер!$J$200="да",Балкон!$G28,0) -> 0 | BE28: =IF(Замер!$J$200="да",Балкон!$H28,0) -> 0 | BG28: =IF(Замер!$J$220="да",Помещение_11!$B28,0) -> 0 | BH28: =IF(Замер!$J$220="да",Помещение_11!$G28,0) -> 0 | BI28: =IF(Замер!$J$220="да",Помещение_11!$H28,0) -> 0 | BK28: =IF(Замер!$J$240="да",Помещение_12!$B28,0) -> 0 | BL28: =IF(Замер!$J$240="да",Помещение_12!$G28,0) -> 0 | BM28: =IF(Замер!$J$240="да",Помещение_12!$H28,0) -> 0 | BO28: =IF(Замер!$J$260="да",Помещение_13!$B28,0) -> 0 | BP28: =IF(Замер!$J$260="да",Помещение_13!$G28,0) -> 0 | BQ28: =IF(Замер!$J$260="да",Помещение_13!$H28,0) -> 0 | BS28: =IF(Замер!$J$280="да",Помещение_14!$B28,0) -> 0 | BT28: =IF(Замер!$J$280="да",Помещение_14!$G28,0) -> 0 | BU28: =IF(Замер!$J$280="да",Помещение_14!$H28,0) -> 0 | BW28: =IF(Замер!$J$300="да",Помещение_15!$B28,0) -> 0 | BX28: =IF(Замер!$J$300="да",Помещение_15!$G28,0) -> 0 | BY28: =IF(Замер!$J$300="да",Помещение_15!$H28,0) -> 0 | CA28: =IF(Замер!$J$320="да",Помещение_16!$B28,0) -> 0 | CB28: =IF(Замер!$J$320="да",Помещение_16!$G28,0) -> 0 | CC28: =IF(Замер!$J$320="да",Помещение_16!$H28,0) -> 0 | CE28: =IF(Замер!$J$340="да",Помещение_17!$B28,0) -> 0 | CF28: =IF(Замер!$J$340="да",Помещение_17!$G28,0) -> 0 | CG28: =IF(Замер!$J$340="да",Помещение_17!$H28,0) -> 0 | CI28: =IF(Замер!$J$360="да",Помещение_18!$B28,0) -> 0 | CJ28: =IF(Замер!$J$360="да",Помещение_18!$G28,0) -> 0 | CK28: =IF(Замер!$J$360="да",Помещение_18!$H28,0) -> 0 | CM28: =IF(Замер!$J$380="да",Помещение_19!$B28,0) -> 0 | CN28: =IF(Замер!$J$380="да",Помещение_19!$G28,0) -> 0 | CO28: =IF(Замер!$J$380="да",Помещение_19!$H28,0) -> 0 | CQ28: =IF(Замер!$J$400="да",Помещение_20!$B28,0) -> 0 | CR28: =IF(Замер!$J$400="да",Помещение_20!$G28,0) -> 0 | CS28: =IF(Замер!$J$400="да",Помещение_20!$H28,0) -> 0
B29: =P29 -> 0 | C29: 2.7 | D29: =VLOOKUP(C29,СписокРабот!$B:$E,2,FALSE()) -> Устройство разноуровнего потолка из ГКЛ с прямолинейными элементами 1слой | E29: =VLOOKUP(C29,СписокРабот!$B:$E,3,FALSE()) -> м² | F29: =VLOOKUP(C29,СписокРабот!$B:$E,4,FALSE()) -> 5108 | G29: =Q29 -> 0 | H29: =F29*G29 -> 0 | M29: =$F29*(100%-$B$3) -> 4341.8 | N29: =$G29*$M29 -> 0 | P29: =MAX(S29,W29,AA29,AE29,AI29,AM29,AQ29,AU29,AY29,BC29,BG29,BK29,BO29,BS29,BW29,CA29,CE29,CI29,CM29,CQ29) -> 0 | Q29: =IF($S29,T29,0)+IF($W29,X29,0)+IF($AA29,AB29,0)+IF($AE29,AF29,0)+IF($AI29,AJ29,0)+IF($AM29,AN29,0)+IF($AQ29,AR29,0)+IF($AU29,AV29,0)+IF($AY29,AZ29,0)+IF($BC29,BD29,0)+IF($BG29,BH29,0)+IF($BK29,BL29,0)+IF($BO29,BP29,0)+IF($BS29,BT29,0)+IF($BW29,BX29,0)+IF($CA29,CB29,0)+IF($CE29,CF29,0)+IF($CI29,CJ29,0)+IF($CM29,CN29,0)+IF($CQ29,CR29,0) -> 0 | R29: =IF($S29=1,U29,0)+IF($W29,Y29,0)+IF($AA29,AC29,0)+IF($AE29,AG29,0)+IF($AI29,AK29,0)+IF($AM29,AO29,0)+IF($AQ29,AS29,0)+IF($AU29,AW29,0)+IF($AY29,BA29,0)+IF($BC29,BE29,0)+IF($BG29,BI29,0)+IF($BK29,BM29,0)+IF($BO29,BQ29,0)+IF($BS29,BU29,0)+IF($BW29,BY29,0)+IF($CA29,CC29,0)+IF($CE29,CG29,0)+IF($CI29,CK29,0)+IF($CM29,CO29,0)+IF($CQ29,CS29,0) -> 0 | S29: =IF(Замер!$J$20="да",Комната_1!$B29,0) -> 0 | T29: =IF(Замер!$J$20="да",Комната_1!$G29,0) -> 26.4 | U29: =IF(Замер!$J$20="да",Комната_1!$H29,0) -> 134851.2 | W29: =IF(Замер!$J$40="да",Комната_2!$B29,0) -> 0 | X29: =IF(Замер!$J$40="да",Комната_2!$G29,0) -> 11.6 | Y29: =IF(Замер!$J$40="да",Комната_2!$H29,0) -> 59252.8 | AA29: =IF(Замер!$J$60="да",Комната_3!$B29,0) -> 0 | AB29: =IF(Замер!$J$60="да",Комната_3!$G29,0) -> 11.9 | AC29: =IF(Замер!$J$60="да",Комната_3!$H29,0) -> 60785.2 | AE29: =IF(Замер!$J$80="да",Комната_4!$B29,0) -> 0 | AF29: =IF(Замер!$J$80="да",Комната_4!$G29,0) -> 11.3 | AG29: =IF(Замер!$J$80="да",Комната_4!$H29,0) -> 57720.4 | AI29: =IF(Замер!$J$100="да",Комната_5!$B29,0) -> 0 | AJ29: =IF(Замер!$J$100="да",Комната_5!$G29,0) -> 5.4 | AK29: =IF(Замер!$J$100="да",Комната_5!$H29,0) -> 27583.2 | AM29: =IF(Замер!$J$120="да",Коридор!$B29,0) -> 0 | AN29: =IF(Замер!$J$120="да",Коридор!$G29,0) -> 2.8 | AO29: =IF(Замер!$J$120="да",Коридор!$H29,0) -> 14302.4 | AQ29: =IF(Замер!$J$140="да",Кухня!$B29,0) -> 0 | AR29: =IF(Замер!$J$140="да",Кухня!$G29,0) -> 5.6 | AS29: =IF(Замер!$J$140="да",Кухня!$H29,0) -> 28604.8 | AU29: =IF(Замер!$J$160="да",Ванна!$B29,0) -> 0 | AV29: =IF(Замер!$J$160="да",Ванна!$G29,0) -> 2.5 | AW29: =IF(Замер!$J$160="да",Ванна!$H29,0) -> 12770 | AY29: =IF(Замер!$J$180="да",Туалет!$B29,0) -> 0 | AZ29: =IF(Замер!$J$180="да",Туалет!$G29,0) -> 0 | BA29: =IF(Замер!$J$180="да",Туалет!$H29,0) -> 0 | BC29: =IF(Замер!$J$200="да",Балкон!$B29,0) -> 0 | BD29: =IF(Замер!$J$200="да",Балкон!$G29,0) -> 0 | BE29: =IF(Замер!$J$200="да",Балкон!$H29,0) -> 0 | BG29: =IF(Замер!$J$220="да",Помещение_11!$B29,0) -> 0 | BH29: =IF(Замер!$J$220="да",Помещение_11!$G29,0) -> 0 | BI29: =IF(Замер!$J$220="да",Помещение_11!$H29,0) -> 0 | BK29: =IF(Замер!$J$240="да",Помещение_12!$B29,0) -> 0 | BL29: =IF(Замер!$J$240="да",Помещение_12!$G29,0) -> 0 | BM29: =IF(Замер!$J$240="да",Помещение_12!$H29,0) -> 0 | BO29: =IF(Замер!$J$260="да",Помещение_13!$B29,0) -> 0 | BP29: =IF(Замер!$J$260="да",Помещение_13!$G29,0) -> 0 | BQ29: =IF(Замер!$J$260="да",Помещение_13!$H29,0) -> 0 | BS29: =IF(Замер!$J$280="да",Помещение_14!$B29,0) -> 0 | BT29: =IF(Замер!$J$280="да",Помещение_14!$G29,0) -> 0 | BU29: =IF(Замер!$J$280="да",Помещение_14!$H29,0) -> 0 | BW29: =IF(Замер!$J$300="да",Помещение_15!$B29,0) -> 0 | BX29: =IF(Замер!$J$300="да",Помещение_15!$G29,0) -> 0 | BY29: =IF(Замер!$J$300="да",Помещение_15!$H29,0) -> 0 | CA29: =IF(Замер!$J$320="да",Помещение_16!$B29,0) -> 0 | CB29: =IF(Замер!$J$320="да",Помещение_16!$G29,0) -> 0 | CC29: =IF(Замер!$J$320="да",Помещение_16!$H29,0) -> 0 | CE29: =IF(Замер!$J$340="да",Помещение_17!$B29,0) -> 0 | CF29: =IF(Замер!$J$340="да",Помещение_17!$G29,0) -> 0 | CG29: =IF(Замер!$J$340="да",Помещение_17!$H29,0) -> 0 | CI29: =IF(Замер!$J$360="да",Помещение_18!$B29,0) -> 0 | CJ29: =IF(Замер!$J$360="да",Помещение_18!$G29,0) -> 0 | CK29: =IF(Замер!$J$360="да",Помещение_18!$H29,0) -> 0 | CM29: =IF(Замер!$J$380="да",Помещение_19!$B29,0) -> 0 | CN29: =IF(Замер!$J$380="да",Помещение_19!$G29,0) -> 0 | CO29: =IF(Замер!$J$380="да",Помещение_19!$H29,0) -> 0 | CQ29: =IF(Замер!$J$400="да",Помещение_20!$B29,0) -> 0 | CR29: =IF(Замер!$J$400="да",Помещение_20!$G29,0) -> 0 | CS29: =IF(Замер!$J$400="да",Помещение_20!$H29,0) -> 0
B30: =P30 -> 0 | C30: 2.8 | D30: =VLOOKUP(C30,СписокРабот!$B:$E,2,FALSE()) -> Устройство разноур. потолка из ГКЛ слож. геометр. форм с криволин. эл-ми 1слой | E30: =VLOOKUP(C30,СписокРабот!$B:$E,3,FALSE()) -> м² | F30: =VLOOKUP(C30,СписокРабот!$B:$E,4,FALSE()) -> 6937 | G30: =Q30 -> 0 | H30: =F30*G30 -> 0 | M30: =$F30*(100%-$B$3) -> 5896.45 | N30: =$G30*$M30 -> 0 | P30: =MAX(S30,W30,AA30,AE30,AI30,AM30,AQ30,AU30,AY30,BC30,BG30,BK30,BO30,BS30,BW30,CA30,CE30,CI30,CM30,CQ30) -> 0 | Q30: =IF($S30,T30,0)+IF($W30,X30,0)+IF($AA30,AB30,0)+IF($AE30,AF30,0)+IF($AI30,AJ30,0)+IF($AM30,AN30,0)+IF($AQ30,AR30,0)+IF($AU30,AV30,0)+IF($AY30,AZ30,0)+IF($BC30,BD30,0)+IF($BG30,BH30,0)+IF($BK30,BL30,0)+IF($BO30,BP30,0)+IF($BS30,BT30,0)+IF($BW30,BX30,0)+IF($CA30,CB30,0)+IF($CE30,CF30,0)+IF($CI30,CJ30,0)+IF($CM30,CN30,0)+IF($CQ30,CR30,0) -> 0 | R30: =IF($S30=1,U30,0)+IF($W30,Y30,0)+IF($AA30,AC30,0)+IF($AE30,AG30,0)+IF($AI30,AK30,0)+IF($AM30,AO30,0)+IF($AQ30,AS30,0)+IF($AU30,AW30,0)+IF($AY30,BA30,0)+IF($BC30,BE30,0)+IF($BG30,BI30,0)+IF($BK30,BM30,0)+IF($BO30,BQ30,0)+IF($BS30,BU30,0)+IF($BW30,BY30,0)+IF($CA30,CC30,0)+IF($CE30,CG30,0)+IF($CI30,CK30,0)+IF($CM30,CO30,0)+IF($CQ30,CS30,0) -> 0 | S30: =IF(Замер!$J$20="да",Комната_1!$B30,0) -> 0 | T30: =IF(Замер!$J$20="да",Комната_1!$G30,0) -> 0 | U30: =IF(Замер!$J$20="да",Комната_1!$H30,0) -> 0 | W30: =IF(Замер!$J$40="да",Комната_2!$B30,0) -> 0 | X30: =IF(Замер!$J$40="да",Комната_2!$G30,0) -> 0 | Y30: =IF(Замер!$J$40="да",Комната_2!$H30,0) -> 0 | AA30: =IF(Замер!$J$60="да",Комната_3!$B30,0) -> 0 | AB30: =IF(Замер!$J$60="да",Комната_3!$G30,0) -> 0 | AC30: =IF(Замер!$J$60="да",Комната_3!$H30,0) -> 0 | AE30: =IF(Замер!$J$80="да",Комната_4!$B30,0) -> 0 | AF30: =IF(Замер!$J$80="да",Комната_4!$G30,0) -> 0 | AG30: =IF(Замер!$J$80="да",Комната_4!$H30,0) -> 0 | AI30: =IF(Замер!$J$100="да",Комната_5!$B30,0) -> 0 | AJ30: =IF(Замер!$J$100="да",Комната_5!$G30,0) -> 0 | AK30: =IF(Замер!$J$100="да",Комната_5!$H30,0) -> 0 | AM30: =IF(Замер!$J$120="да",Коридор!$B30,0) -> 0 | AN30: =IF(Замер!$J$120="да",Коридор!$G30,0) -> 0 | AO30: =IF(Замер!$J$120="да",Коридор!$H30,0) -> 0 | AQ30: =IF(Замер!$J$140="да",Кухня!$B30,0) -> 0 | AR30: =IF(Замер!$J$140="да",Кухня!$G30,0) -> 0 | AS30: =IF(Замер!$J$140="да",Кухня!$H30,0) -> 0 | AU30: =IF(Замер!$J$160="да",Ванна!$B30,0) -> 0 | AV30: =IF(Замер!$J$160="да",Ванна!$G30,0) -> 0 | AW30: =IF(Замер!$J$160="да",Ванна!$H30,0) -> 0 | AY30: =IF(Замер!$J$180="да",Туалет!$B30,0) -> 0 | AZ30: =IF(Замер!$J$180="да",Туалет!$G30,0) -> 0 | BA30: =IF(Замер!$J$180="да",Туалет!$H30,0) -> 0 | BC30: =IF(Замер!$J$200="да",Балкон!$B30,0) -> 0 | BD30: =IF(Замер!$J$200="да",Балкон!$G30,0) -> 0 | BE30: =IF(Замер!$J$200="да",Балкон!$H30,0) -> 0 | BG30: =IF(Замер!$J$220="да",Помещение_11!$B30,0) -> 0 | BH30: =IF(Замер!$J$220="да",Помещение_11!$G30,0) -> 0 | BI30: =IF(Замер!$J$220="да",Помещение_11!$H30,0) -> 0 | BK30: =IF(Замер!$J$240="да",Помещение_12!$B30,0) -> 0 | BL30: =IF(Замер!$J$240="да",Помещение_12!$G30,0) -> 0 | BM30: =IF(Замер!$J$240="да",Помещение_12!$H30,0) -> 0 | BO30: =IF(Замер!$J$260="да",Помещение_13!$B30,0) -> 0 | BP30: =IF(Замер!$J$260="да",Помещение_13!$G30,0) -> 0 | BQ30: =IF(Замер!$J$260="да",Помещение_13!$H30,0) -> 0 | BS30: =IF(Замер!$J$280="да",Помещение_14!$B30,0) -> 0 | BT30: =IF(Замер!$J$280="да",Помещение_14!$G30,0) -> 0 | BU30: =IF(Замер!$J$280="да",Помещение_14!$H30,0) -> 0 | BW30: =IF(Замер!$J$300="да",Помещение_15!$B30,0) -> 0 | BX30: =IF(Замер!$J$300="да",Помещение_15!$G30,0) -> 0 | BY30: =IF(Замер!$J$300="да",Помещение_15!$H30,0) -> 0 | CA30: =IF(Замер!$J$320="да",Помещение_16!$B30,0) -> 0 | CB30: =IF(Замер!$J$320="да",Помещение_16!$G30,0) -> 0 | CC30: =IF(Замер!$J$320="да",Помещение_16!$H30,0) -> 0 | CE30: =IF(Замер!$J$340="да",Помещение_17!$B30,0) -> 0 | CF30: =IF(Замер!$J$340="да",Помещение_17!$G30,0) -> 0 | CG30: =IF(Замер!$J$340="да",Помещение_17!$H30,0) -> 0 | CI30: =IF(Замер!$J$360="да",Помещение_18!$B30,0) -> 0 | CJ30: =IF(Замер!$J$360="да",Помещение_18!$G30,0) -> 0 | CK30: =IF(Замер!$J$360="да",Помещение_18!$H30,0) -> 0 | CM30: =IF(Замер!$J$380="да",Помещение_19!$B30,0) -> 0 | CN30: =IF(Замер!$J$380="да",Помещение_19!$G30,0) -> 0 | CO30: =IF(Замер!$J$380="да",Помещение_19!$H30,0) -> 0 | CQ30: =IF(Замер!$J$400="да",Помещение_20!$B30,0) -> 0 | CR30: =IF(Замер!$J$400="да",Помещение_20!$G30,0) -> 0 | CS30: =IF(Замер!$J$400="да",Помещение_20!$H30,0) -> 0
B31: =P31 -> 0 | C31: 2.9 | D31: =VLOOKUP(C31,СписокРабот!$B:$E,2,FALSE()) -> Монтаж натяжного потолка/ малые обьемы ,с/у и т.п. К-1,8 | E31: =VLOOKUP(C31,СписокРабот!$B:$E,3,FALSE()) -> м² | F31: =VLOOKUP(C31,СписокРабот!$B:$E,4,FALSE()) -> 1789 | G31: =Q31 -> 0 | H31: =F31*G31 -> 0 | M31: =$F31*(100%-$B$3) -> 1520.65 | N31: =$G31*$M31 -> 0 | P31: =MAX(S31,W31,AA31,AE31,AI31,AM31,AQ31,AU31,AY31,BC31,BG31,BK31,BO31,BS31,BW31,CA31,CE31,CI31,CM31,CQ31) -> 0 | Q31: =IF($S31,T31,0)+IF($W31,X31,0)+IF($AA31,AB31,0)+IF($AE31,AF31,0)+IF($AI31,AJ31,0)+IF($AM31,AN31,0)+IF($AQ31,AR31,0)+IF($AU31,AV31,0)+IF($AY31,AZ31,0)+IF($BC31,BD31,0)+IF($BG31,BH31,0)+IF($BK31,BL31,0)+IF($BO31,BP31,0)+IF($BS31,BT31,0)+IF($BW31,BX31,0)+IF($CA31,CB31,0)+IF($CE31,CF31,0)+IF($CI31,CJ31,0)+IF($CM31,CN31,0)+IF($CQ31,CR31,0) -> 0 | R31: =IF($S31=1,U31,0)+IF($W31,Y31,0)+IF($AA31,AC31,0)+IF($AE31,AG31,0)+IF($AI31,AK31,0)+IF($AM31,AO31,0)+IF($AQ31,AS31,0)+IF($AU31,AW31,0)+IF($AY31,BA31,0)+IF($BC31,BE31,0)+IF($BG31,BI31,0)+IF($BK31,BM31,0)+IF($BO31,BQ31,0)+IF($BS31,BU31,0)+IF($BW31,BY31,0)+IF($CA31,CC31,0)+IF($CE31,CG31,0)+IF($CI31,CK31,0)+IF($CM31,CO31,0)+IF($CQ31,CS31,0) -> 0 | S31: =IF(Замер!$J$20="да",Комната_1!$B31,0) -> 0 | T31: =IF(Замер!$J$20="да",Комната_1!$G31,0) -> 26.4 | U31: =IF(Замер!$J$20="да",Комната_1!$H31,0) -> 47229.6 | W31: =IF(Замер!$J$40="да",Комната_2!$B31,0) -> 0 | X31: =IF(Замер!$J$40="да",Комната_2!$G31,0) -> 11.6 | Y31: =IF(Замер!$J$40="да",Комната_2!$H31,0) -> 20752.4 | AA31: =IF(Замер!$J$60="да",Комната_3!$B31,0) -> 0 | AB31: =IF(Замер!$J$60="да",Комната_3!$G31,0) -> 11.9 | AC31: =IF(Замер!$J$60="да",Комната_3!$H31,0) -> 21289.1 | AE31: =IF(Замер!$J$80="да",Комната_4!$B31,0) -> 0 | AF31: =IF(Замер!$J$80="да",Комната_4!$G31,0) -> 11.3 | AG31: =IF(Замер!$J$80="да",Комната_4!$H31,0) -> 20215.7 | AI31: =IF(Замер!$J$100="да",Комната_5!$B31,0) -> 0 | AJ31: =IF(Замер!$J$100="да",Комната_5!$G31,0) -> 5.4 | AK31: =IF(Замер!$J$100="да",Комната_5!$H31,0) -> 9660.6 | AM31: =IF(Замер!$J$120="да",Коридор!$B31,0) -> 0 | AN31: =IF(Замер!$J$120="да",Коридор!$G31,0) -> 2.8 | AO31: =IF(Замер!$J$120="да",Коридор!$H31,0) -> 5009.2 | AQ31: =IF(Замер!$J$140="да",Кухня!$B31,0) -> 0 | AR31: =IF(Замер!$J$140="да",Кухня!$G31,0) -> 5.6 | AS31: =IF(Замер!$J$140="да",Кухня!$H31,0) -> 10018.4 | AU31: =IF(Замер!$J$160="да",Ванна!$B31,0) -> 0 | AV31: =IF(Замер!$J$160="да",Ванна!$G31,0) -> 2.5 | AW31: =IF(Замер!$J$160="да",Ванна!$H31,0) -> 4472.5 | AY31: =IF(Замер!$J$180="да",Туалет!$B31,0) -> 0 | AZ31: =IF(Замер!$J$180="да",Туалет!$G31,0) -> 0 | BA31: =IF(Замер!$J$180="да",Туалет!$H31,0) -> 0 | BC31: =IF(Замер!$J$200="да",Балкон!$B31,0) -> 0 | BD31: =IF(Замер!$J$200="да",Балкон!$G31,0) -> 0 | BE31: =IF(Замер!$J$200="да",Балкон!$H31,0) -> 0 | BG31: =IF(Замер!$J$220="да",Помещение_11!$B31,0) -> 0 | BH31: =IF(Замер!$J$220="да",Помещение_11!$G31,0) -> 0 | BI31: =IF(Замер!$J$220="да",Помещение_11!$H31,0) -> 0 | BK31: =IF(Замер!$J$240="да",Помещение_12!$B31,0) -> 0 | BL31: =IF(Замер!$J$240="да",Помещение_12!$G31,0) -> 0 | BM31: =IF(Замер!$J$240="да",Помещение_12!$H31,0) -> 0 | BO31: =IF(Замер!$J$260="да",Помещение_13!$B31,0) -> 0 | BP31: =IF(Замер!$J$260="да",Помещение_13!$G31,0) -> 0 | BQ31: =IF(Замер!$J$260="да",Помещение_13!$H31,0) -> 0 | BS31: =IF(Замер!$J$280="да",Помещение_14!$B31,0) -> 0 | BT31: =IF(Замер!$J$280="да",Помещение_14!$G31,0) -> 0 | BU31: =IF(Замер!$J$280="да",Помещение_14!$H31,0) -> 0 | BW31: =IF(Замер!$J$300="да",Помещение_15!$B31,0) -> 0 | BX31: =IF(Замер!$J$300="да",Помещение_15!$G31,0) -> 0 | BY31: =IF(Замер!$J$300="да",Помещение_15!$H31,0) -> 0 | CA31: =IF(Замер!$J$320="да",Помещение_16!$B31,0) -> 0 | CB31: =IF(Замер!$J$320="да",Помещение_16!$G31,0) -> 0 | CC31: =IF(Замер!$J$320="да",Помещение_16!$H31,0) -> 0 | CE31: =IF(Замер!$J$340="да",Помещение_17!$B31,0) -> 0 | CF31: =IF(Замер!$J$340="да",Помещение_17!$G31,0) -> 0 | CG31: =IF(Замер!$J$340="да",Помещение_17!$H31,0) -> 0 | CI31: =IF(Замер!$J$360="да",Помещение_18!$B31,0) -> 0 | CJ31: =IF(Замер!$J$360="да",Помещение_18!$G31,0) -> 0 | CK31: =IF(Замер!$J$360="да",Помещение_18!$H31,0) -> 0 | CM31: =IF(Замер!$J$380="да",Помещение_19!$B31,0) -> 0 | CN31: =IF(Замер!$J$380="да",Помещение_19!$G31,0) -> 0 | CO31: =IF(Замер!$J$380="да",Помещение_19!$H31,0) -> 0 | CQ31: =IF(Замер!$J$400="да",Помещение_20!$B31,0) -> 0 | CR31: =IF(Замер!$J$400="да",Помещение_20!$G31,0) -> 0 | CS31: =IF(Замер!$J$400="да",Помещение_20!$H31,0) -> 0
B32: =P32 -> 1 | C32: 2.10 | D32: =VLOOKUP(C32,СписокРабот!$B:$E,2,FALSE()) -> Грунтовка потолка 1 слой | E32: =VLOOKUP(C32,СписокРабот!$B:$E,3,FALSE()) -> м² | F32: =VLOOKUP(C32,СписокРабот!$B:$E,4,FALSE()) -> 159 | G32: =Q32 -> 155 | H32: =F32*G32 -> 24645 | M32: =$F32*(100%-$B$3) -> 135.15 | N32: =$G32*$M32 -> 20948.25 | P32: =MAX(S32,W32,AA32,AE32,AI32,AM32,AQ32,AU32,AY32,BC32,BG32,BK32,BO32,BS32,BW32,CA32,CE32,CI32,CM32,CQ32) -> 1 | Q32: =IF($S32,T32,0)+IF($W32,X32,0)+IF($AA32,AB32,0)+IF($AE32,AF32,0)+IF($AI32,AJ32,0)+IF($AM32,AN32,0)+IF($AQ32,AR32,0)+IF($AU32,AV32,0)+IF($AY32,AZ32,0)+IF($BC32,BD32,0)+IF($BG32,BH32,0)+IF($BK32,BL32,0)+IF($BO32,BP32,0)+IF($BS32,BT32,0)+IF($BW32,BX32,0)+IF($CA32,CB32,0)+IF($CE32,CF32,0)+IF($CI32,CJ32,0)+IF($CM32,CN32,0)+IF($CQ32,CR32,0) -> 155 | R32: =IF($S32=1,U32,0)+IF($W32,Y32,0)+IF($AA32,AC32,0)+IF($AE32,AG32,0)+IF($AI32,AK32,0)+IF($AM32,AO32,0)+IF($AQ32,AS32,0)+IF($AU32,AW32,0)+IF($AY32,BA32,0)+IF($BC32,BE32,0)+IF($BG32,BI32,0)+IF($BK32,BM32,0)+IF($BO32,BQ32,0)+IF($BS32,BU32,0)+IF($BW32,BY32,0)+IF($CA32,CC32,0)+IF($CE32,CG32,0)+IF($CI32,CK32,0)+IF($CM32,CO32,0)+IF($CQ32,CS32,0) -> 24645 | S32: =IF(Замер!$J$20="да",Комната_1!$B32,0) -> 1 | T32: =IF(Замер!$J$20="да",Комната_1!$G32,0) -> 155 | U32: =IF(Замер!$J$20="да",Комната_1!$H32,0) -> 24645 | W32: =IF(Замер!$J$40="да",Комната_2!$B32,0) -> 0 | X32: =IF(Замер!$J$40="да",Комната_2!$G32,0) -> 11.6 | Y32: =IF(Замер!$J$40="да",Комната_2!$H32,0) -> 1844.4 | AA32: =IF(Замер!$J$60="да",Комната_3!$B32,0) -> 0 | AB32: =IF(Замер!$J$60="да",Комната_3!$G32,0) -> 11.9 | AC32: =IF(Замер!$J$60="да",Комната_3!$H32,0) -> 1892.1 | AE32: =IF(Замер!$J$80="да",Комната_4!$B32,0) -> 0 | AF32: =IF(Замер!$J$80="да",Комната_4!$G32,0) -> 11.3 | AG32: =IF(Замер!$J$80="да",Комната_4!$H32,0) -> 1796.7 | AI32: =IF(Замер!$J$100="да",Комната_5!$B32,0) -> 0 | AJ32: =IF(Замер!$J$100="да",Комната_5!$G32,0) -> 5.4 | AK32: =IF(Замер!$J$100="да",Комната_5!$H32,0) -> 858.6 | AM32: =IF(Замер!$J$120="да",Коридор!$B32,0) -> 0 | AN32: =IF(Замер!$J$120="да",Коридор!$G32,0) -> 2.8 | AO32: =IF(Замер!$J$120="да",Коридор!$H32,0) -> 445.2 | AQ32: =IF(Замер!$J$140="да",Кухня!$B32,0) -> 0 | AR32: =IF(Замер!$J$140="да",Кухня!$G32,0) -> 5.6 | AS32: =IF(Замер!$J$140="да",Кухня!$H32,0) -> 890.4 | AU32: =IF(Замер!$J$160="да",Ванна!$B32,0) -> 0 | AV32: =IF(Замер!$J$160="да",Ванна!$G32,0) -> 2.5 | AW32: =IF(Замер!$J$160="да",Ванна!$H32,0) -> 397.5 | AY32: =IF(Замер!$J$180="да",Туалет!$B32,0) -> 0 | AZ32: =IF(Замер!$J$180="да",Туалет!$G32,0) -> 0 | BA32: =IF(Замер!$J$180="да",Туалет!$H32,0) -> 0 | BC32: =IF(Замер!$J$200="да",Балкон!$B32,0) -> 0 | BD32: =IF(Замер!$J$200="да",Балкон!$G32,0) -> 0 | BE32: =IF(Замер!$J$200="да",Балкон!$H32,0) -> 0 | BG32: =IF(Замер!$J$220="да",Помещение_11!$B32,0) -> 0 | BH32: =IF(Замер!$J$220="да",Помещение_11!$G32,0) -> 0 | BI32: =IF(Замер!$J$220="да",Помещение_11!$H32,0) -> 0 | BK32: =IF(Замер!$J$240="да",Помещение_12!$B32,0) -> 0 | BL32: =IF(Замер!$J$240="да",Помещение_12!$G32,0) -> 0 | BM32: =IF(Замер!$J$240="да",Помещение_12!$H32,0) -> 0 | BO32: =IF(Замер!$J$260="да",Помещение_13!$B32,0) -> 0 | BP32: =IF(Замер!$J$260="да",Помещение_13!$G32,0) -> 0 | BQ32: =IF(Замер!$J$260="да",Помещение_13!$H32,0) -> 0 | BS32: =IF(Замер!$J$280="да",Помещение_14!$B32,0) -> 0 | BT32: =IF(Замер!$J$280="да",Помещение_14!$G32,0) -> 0 | BU32: =IF(Замер!$J$280="да",Помещение_14!$H32,0) -> 0 | BW32: =IF(Замер!$J$300="да",Помещение_15!$B32,0) -> 0 | BX32: =IF(Замер!$J$300="да",Помещение_15!$G32,0) -> 0 | BY32: =IF(Замер!$J$300="да",Помещение_15!$H32,0) -> 0 | CA32: =IF(Замер!$J$320="да",Помещение_16!$B32,0) -> 0 | CB32: =IF(Замер!$J$320="да",Помещение_16!$G32,0) -> 0 | CC32: =IF(Замер!$J$320="да",Помещение_16!$H32,0) -> 0 | CE32: =IF(Замер!$J$340="да",Помещение_17!$B32,0) -> 0 | CF32: =IF(Замер!$J$340="да",Помещение_17!$G32,0) -> 0 | CG32: =IF(Замер!$J$340="да",Помещение_17!$H32,0) -> 0 | CI32: =IF(Замер!$J$360="да",Помещение_18!$B32,0) -> 0 | CJ32: =IF(Замер!$J$360="да",Помещение_18!$G32,0) -> 0 | CK32: =IF(Замер!$J$360="да",Помещение_18!$H32,0) -> 0 | CM32: =IF(Замер!$J$380="да",Помещение_19!$B32,0) -> 0 | CN32: =IF(Замер!$J$380="да",Помещение_19!$G32,0) -> 0 | CO32: =IF(Замер!$J$380="да",Помещение_19!$H32,0) -> 0 | CQ32: =IF(Замер!$J$400="да",Помещение_20!$B32,0) -> 0 | CR32: =IF(Замер!$J$400="да",Помещение_20!$G32,0) -> 0 | CS32: =IF(Замер!$J$400="да",Помещение_20!$H32,0) -> 0
B33: =P33 -> 1 | C33: 2.11 | D33: =VLOOKUP(C33,СписокРабот!$B:$E,2,FALSE()) -> Штукатурка потолка до 20 мм (от 20 до 30 мм - коэффициент 1,5) | E33: =VLOOKUP(C33,СписокРабот!$B:$E,3,FALSE()) -> м² | F33: =VLOOKUP(C33,СписокРабот!$B:$E,4,FALSE()) -> 2563 | G33: =Q33 -> 60.8 | H33: =F33*G33 -> 155830.4 | M33: =$F33*(100%-$B$3) -> 2178.55 | N33: =$G33*$M33 -> 132455.84 | P33: =MAX(S33,W33,AA33,AE33,AI33,AM33,AQ33,AU33,AY33,BC33,BG33,BK33,BO33,BS33,BW33,CA33,CE33,CI33,CM33,CQ33) -> 1 | Q33: =IF($S33,T33,0)+IF($W33,X33,0)+IF($AA33,AB33,0)+IF($AE33,AF33,0)+IF($AI33,AJ33,0)+IF($AM33,AN33,0)+IF($AQ33,AR33,0)+IF($AU33,AV33,0)+IF($AY33,AZ33,0)+IF($BC33,BD33,0)+IF($BG33,BH33,0)+IF($BK33,BL33,0)+IF($BO33,BP33,0)+IF($BS33,BT33,0)+IF($BW33,BX33,0)+IF($CA33,CB33,0)+IF($CE33,CF33,0)+IF($CI33,CJ33,0)+IF($CM33,CN33,0)+IF($CQ33,CR33,0) -> 60.8 | R33: =IF($S33=1,U33,0)+IF($W33,Y33,0)+IF($AA33,AC33,0)+IF($AE33,AG33,0)+IF($AI33,AK33,0)+IF($AM33,AO33,0)+IF($AQ33,AS33,0)+IF($AU33,AW33,0)+IF($AY33,BA33,0)+IF($BC33,BE33,0)+IF($BG33,BI33,0)+IF($BK33,BM33,0)+IF($BO33,BQ33,0)+IF($BS33,BU33,0)+IF($BW33,BY33,0)+IF($CA33,CC33,0)+IF($CE33,CG33,0)+IF($CI33,CK33,0)+IF($CM33,CO33,0)+IF($CQ33,CS33,0) -> 155830.4 | S33: =IF(Замер!$J$20="да",Комната_1!$B33,0) -> 1 | T33: =IF(Замер!$J$20="да",Комната_1!$G33,0) -> 60.8 | U33: =IF(Замер!$J$20="да",Комната_1!$H33,0) -> 155830.4 | W33: =IF(Замер!$J$40="да",Комната_2!$B33,0) -> 0 | X33: =IF(Замер!$J$40="да",Комната_2!$G33,0) -> 11.6 | Y33: =IF(Замер!$J$40="да",Комната_2!$H33,0) -> 29730.8 | AA33: =IF(Замер!$J$60="да",Комната_3!$B33,0) -> 0 | AB33: =IF(Замер!$J$60="да",Комната_3!$G33,0) -> 11.9 | AC33: =IF(Замер!$J$60="да",Комната_3!$H33,0) -> 30499.7 | AE33: =IF(Замер!$J$80="да",Комната_4!$B33,0) -> 0 | AF33: =IF(Замер!$J$80="да",Комната_4!$G33,0) -> 11.3 | AG33: =IF(Замер!$J$80="да",Комната_4!$H33,0) -> 28961.9 | AI33: =IF(Замер!$J$100="да",Комната_5!$B33,0) -> 0 | AJ33: =IF(Замер!$J$100="да",Комната_5!$G33,0) -> 5.4 | AK33: =IF(Замер!$J$100="да",Комната_5!$H33,0) -> 13840.2 | AM33: =IF(Замер!$J$120="да",Коридор!$B33,0) -> 0 | AN33: =IF(Замер!$J$120="да",Коридор!$G33,0) -> 2.8 | AO33: =IF(Замер!$J$120="да",Коридор!$H33,0) -> 7176.4 | AQ33: =IF(Замер!$J$140="да",Кухня!$B33,0) -> 0 | AR33: =IF(Замер!$J$140="да",Кухня!$G33,0) -> 5.6 | AS33: =IF(Замер!$J$140="да",Кухня!$H33,0) -> 14352.8 | AU33: =IF(Замер!$J$160="да",Ванна!$B33,0) -> 0 | AV33: =IF(Замер!$J$160="да",Ванна!$G33,0) -> 2.5 | AW33: =IF(Замер!$J$160="да",Ванна!$H33,0) -> 6407.5 | AY33: =IF(Замер!$J$180="да",Туалет!$B33,0) -> 0 | AZ33: =IF(Замер!$J$180="да",Туалет!$G33,0) -> 0 | BA33: =IF(Замер!$J$180="да",Туалет!$H33,0) -> 0 | BC33: =IF(Замер!$J$200="да",Балкон!$B33,0) -> 0 | BD33: =IF(Замер!$J$200="да",Балкон!$G33,0) -> 0 | BE33: =IF(Замер!$J$200="да",Балкон!$H33,0) -> 0 | BG33: =IF(Замер!$J$220="да",Помещение_11!$B33,0) -> 0 | BH33: =IF(Замер!$J$220="да",Помещение_11!$G33,0) -> 0 | BI33: =IF(Замер!$J$220="да",Помещение_11!$H33,0) -> 0 | BK33: =IF(Замер!$J$240="да",Помещение_12!$B33,0) -> 0 | BL33: =IF(Замер!$J$240="да",Помещение_12!$G33,0) -> 0 | BM33: =IF(Замер!$J$240="да",Помещение_12!$H33,0) -> 0 | BO33: =IF(Замер!$J$260="да",Помещение_13!$B33,0) -> 0 | BP33: =IF(Замер!$J$260="да",Помещение_13!$G33,0) -> 0 | BQ33: =IF(Замер!$J$260="да",Помещение_13!$H33,0) -> 0 | BS33: =IF(Замер!$J$280="да",Помещение_14!$B33,0) -> 0 | BT33: =IF(Замер!$J$280="да",Помещение_14!$G33,0) -> 0 | BU33: =IF(Замер!$J$280="да",Помещение_14!$H33,0) -> 0 | BW33: =IF(Замер!$J$300="да",Помещение_15!$B33,0) -> 0 | BX33: =IF(Замер!$J$300="да",Помещение_15!$G33,0) -> 0 | BY33: =IF(Замер!$J$300="да",Помещение_15!$H33,0) -> 0 | CA33: =IF(Замер!$J$320="да",Помещение_16!$B33,0) -> 0 | CB33: =IF(Замер!$J$320="да",Помещение_16!$G33,0) -> 0 | CC33: =IF(Замер!$J$320="да",Помещение_16!$H33,0) -> 0 | CE33: =IF(Замер!$J$340="да",Помещение_17!$B33,0) -> 0 | CF33: =IF(Замер!$J$340="да",Помещение_17!$G33,0) -> 0 | CG33: =IF(Замер!$J$340="да",Помещение_17!$H33,0) -> 0 | CI33: =IF(Замер!$J$360="да",Помещение_18!$B33,0) -> 0 | CJ33: =IF(Замер!$J$360="да",Помещение_18!$G33,0) -> 0 | CK33: =IF(Замер!$J$360="да",Помещение_18!$H33,0) -> 0 | CM33: =IF(Замер!$J$380="да",Помещение_19!$B33,0) -> 0 | CN33: =IF(Замер!$J$380="да",Помещение_19!$G33,0) -> 0 | CO33: =IF(Замер!$J$380="да",Помещение_19!$H33,0) -> 0 | CQ33: =IF(Замер!$J$400="да",Помещение_20!$B33,0) -> 0 | CR33: =IF(Замер!$J$400="да",Помещение_20!$G33,0) -> 0 | CS33: =IF(Замер!$J$400="да",Помещение_20!$H33,0) -> 0
B34: =P34 -> 1 | C34: 2.12 | D34: =VLOOKUP(C34,СписокРабот!$B:$E,2,FALSE()) -> Шпатлёвка потолка под окраску 2 слоя | E34: =VLOOKUP(C34,СписокРабот!$B:$E,3,FALSE()) -> м² | F34: =VLOOKUP(C34,СписокРабот!$B:$E,4,FALSE()) -> 1200 | G34: =Q34 -> 77.5 | H34: =F34*G34 -> 93000 | M34: =$F34*(100%-$B$3) -> 1020 | N34: =$G34*$M34 -> 79050 | P34: =MAX(S34,W34,AA34,AE34,AI34,AM34,AQ34,AU34,AY34,BC34,BG34,BK34,BO34,BS34,BW34,CA34,CE34,CI34,CM34,CQ34) -> 1 | Q34: =IF($S34,T34,0)+IF($W34,X34,0)+IF($AA34,AB34,0)+IF($AE34,AF34,0)+IF($AI34,AJ34,0)+IF($AM34,AN34,0)+IF($AQ34,AR34,0)+IF($AU34,AV34,0)+IF($AY34,AZ34,0)+IF($BC34,BD34,0)+IF($BG34,BH34,0)+IF($BK34,BL34,0)+IF($BO34,BP34,0)+IF($BS34,BT34,0)+IF($BW34,BX34,0)+IF($CA34,CB34,0)+IF($CE34,CF34,0)+IF($CI34,CJ34,0)+IF($CM34,CN34,0)+IF($CQ34,CR34,0) -> 77.5 | R34: =IF($S34=1,U34,0)+IF($W34,Y34,0)+IF($AA34,AC34,0)+IF($AE34,AG34,0)+IF($AI34,AK34,0)+IF($AM34,AO34,0)+IF($AQ34,AS34,0)+IF($AU34,AW34,0)+IF($AY34,BA34,0)+IF($BC34,BE34,0)+IF($BG34,BI34,0)+IF($BK34,BM34,0)+IF($BO34,BQ34,0)+IF($BS34,BU34,0)+IF($BW34,BY34,0)+IF($CA34,CC34,0)+IF($CE34,CG34,0)+IF($CI34,CK34,0)+IF($CM34,CO34,0)+IF($CQ34,CS34,0) -> 93000 | S34: =IF(Замер!$J$20="да",Комната_1!$B34,0) -> 1 | T34: =IF(Замер!$J$20="да",Комната_1!$G34,0) -> 77.5 | U34: =IF(Замер!$J$20="да",Комната_1!$H34,0) -> 93000 | W34: =IF(Замер!$J$40="да",Комната_2!$B34,0) -> 0 | X34: =IF(Замер!$J$40="да",Комната_2!$G34,0) -> 11.6 | Y34: =IF(Замер!$J$40="да",Комната_2!$H34,0) -> 13920 | AA34: =IF(Замер!$J$60="да",Комната_3!$B34,0) -> 0 | AB34: =IF(Замер!$J$60="да",Комната_3!$G34,0) -> 11.9 | AC34: =IF(Замер!$J$60="да",Комната_3!$H34,0) -> 14280 | AE34: =IF(Замер!$J$80="да",Комната_4!$B34,0) -> 0 | AF34: =IF(Замер!$J$80="да",Комната_4!$G34,0) -> 11.3 | AG34: =IF(Замер!$J$80="да",Комната_4!$H34,0) -> 13560 | AI34: =IF(Замер!$J$100="да",Комната_5!$B34,0) -> 0 | AJ34: =IF(Замер!$J$100="да",Комната_5!$G34,0) -> 5.4 | AK34: =IF(Замер!$J$100="да",Комната_5!$H34,0) -> 6480 | AM34: =IF(Замер!$J$120="да",Коридор!$B34,0) -> 0 | AN34: =IF(Замер!$J$120="да",Коридор!$G34,0) -> 2.8 | AO34: =IF(Замер!$J$120="да",Коридор!$H34,0) -> 3360 | AQ34: =IF(Замер!$J$140="да",Кухня!$B34,0) -> 0 | AR34: =IF(Замер!$J$140="да",Кухня!$G34,0) -> 5.6 | AS34: =IF(Замер!$J$140="да",Кухня!$H34,0) -> 6720 | AU34: =IF(Замер!$J$160="да",Ванна!$B34,0) -> 0 | AV34: =IF(Замер!$J$160="да",Ванна!$G34,0) -> 2.5 | AW34: =IF(Замер!$J$160="да",Ванна!$H34,0) -> 3000 | AY34: =IF(Замер!$J$180="да",Туалет!$B34,0) -> 0 | AZ34: =IF(Замер!$J$180="да",Туалет!$G34,0) -> 0 | BA34: =IF(Замер!$J$180="да",Туалет!$H34,0) -> 0 | BC34: =IF(Замер!$J$200="да",Балкон!$B34,0) -> 0 | BD34: =IF(Замер!$J$200="да",Балкон!$G34,0) -> 0 | BE34: =IF(Замер!$J$200="да",Балкон!$H34,0) -> 0 | BG34: =IF(Замер!$J$220="да",Помещение_11!$B34,0) -> 0 | BH34: =IF(Замер!$J$220="да",Помещение_11!$G34,0) -> 0 | BI34: =IF(Замер!$J$220="да",Помещение_11!$H34,0) -> 0 | BK34: =IF(Замер!$J$240="да",Помещение_12!$B34,0) -> 0 | BL34: =IF(Замер!$J$240="да",Помещение_12!$G34,0) -> 0 | BM34: =IF(Замер!$J$240="да",Помещение_12!$H34,0) -> 0 | BO34: =IF(Замер!$J$260="да",Помещение_13!$B34,0) -> 0 | BP34: =IF(Замер!$J$260="да",Помещение_13!$G34,0) -> 0 | BQ34: =IF(Замер!$J$260="да",Помещение_13!$H34,0) -> 0 | BS34: =IF(Замер!$J$280="да",Помещение_14!$B34,0) -> 0 | BT34: =IF(Замер!$J$280="да",Помещение_14!$G34,0) -> 0 | BU34: =IF(Замер!$J$280="да",Помещение_14!$H34,0) -> 0 | BW34: =IF(Замер!$J$300="да",Помещение_15!$B34,0) -> 0 | BX34: =IF(Замер!$J$300="да",Помещение_15!$G34,0) -> 0 | BY34: =IF(Замер!$J$300="да",Помещение_15!$H34,0) -> 0 | CA34: =IF(Замер!$J$320="да",Помещение_16!$B34,0) -> 0 | CB34: =IF(Замер!$J$320="да",Помещение_16!$G34,0) -> 0 | CC34: =IF(Замер!$J$320="да",Помещение_16!$H34,0) -> 0 | CE34: =IF(Замер!$J$340="да",Помещение_17!$B34,0) -> 0 | CF34: =IF(Замер!$J$340="да",Помещение_17!$G34,0) -> 0 | CG34: =IF(Замер!$J$340="да",Помещение_17!$H34,0) -> 0 | CI34: =IF(Замер!$J$360="да",Помещение_18!$B34,0) -> 0 | CJ34: =IF(Замер!$J$360="да",Помещение_18!$G34,0) -> 0 | CK34: =IF(Замер!$J$360="да",Помещение_18!$H34,0) -> 0 | CM34: =IF(Замер!$J$380="да",Помещение_19!$B34,0) -> 0 | CN34: =IF(Замер!$J$380="да",Помещение_19!$G34,0) -> 0 | CO34: =IF(Замер!$J$380="да",Помещение_19!$H34,0) -> 0 | CQ34: =IF(Замер!$J$400="да",Помещение_20!$B34,0) -> 0 | CR34: =IF(Замер!$J$400="да",Помещение_20!$G34,0) -> 0 | CS34: =IF(Замер!$J$400="да",Помещение_20!$H34,0) -> 0
... B58: =P58 -> 0 | C58: 2.36 | D58: =VLOOKUP(C58,СписокРабот!$B:$E,2,FALSE()) -> Нанесение грунта Беноноконтакт на потолок 1 слой | E58: =VLOOKUP(C58,СписокРабот!$B:$E,3,FALSE()) -> м² | F58: =VLOOKUP(C58,СписокРабот!$B:$E,4,FALSE()) -> 321 | G58: =Q58 -> 0 | H58: =F58*G58 -> 0 | M58: =$F58*(100%-$B$3) -> 272.85 | N58: =$G58*$M58 -> 0 | P58: =MAX(S58,W58,AA58,AE58,AI58,AM58,AQ58,AU58,AY58,BC58,BG58,BK58,BO58,BS58,BW58,CA58,CE58,CI58,CM58,CQ58) -> 0 | Q58: =IF($S58,T58,0)+IF($W58,X58,0)+IF($AA58,AB58,0)+IF($AE58,AF58,0)+IF($AI58,AJ58,0)+IF($AM58,AN58,0)+IF($AQ58,AR58,0)+IF($AU58,AV58,0)+IF($AY58,AZ58,0)+IF($BC58,BD58,0)+IF($BG58,BH58,0)+IF($BK58,BL58,0)+IF($BO58,BP58,0)+IF($BS58,BT58,0)+IF($BW58,BX58,0)+IF($CA58,CB58,0)+IF($CE58,CF58,0)+IF($CI58,CJ58,0)+IF($CM58,CN58,0)+IF($CQ58,CR58,0) -> 0 | R58: =IF($S58=1,U58,0)+IF($W58,Y58,0)+IF($AA58,AC58,0)+IF($AE58,AG58,0)+IF($AI58,AK58,0)+IF($AM58,AO58,0)+IF($AQ58,AS58,0)+IF($AU58,AW58,0)+IF($AY58,BA58,0)+IF($BC58,BE58,0)+IF($BG58,BI58,0)+IF($BK58,BM58,0)+IF($BO58,BQ58,0)+IF($BS58,BU58,0)+IF($BW58,BY58,0)+IF($CA58,CC58,0)+IF($CE58,CG58,0)+IF($CI58,CK58,0)+IF($CM58,CO58,0)+IF($CQ58,CS58,0) -> 0 | S58: =IF(Замер!$J$20="да",Комната_1!$B58,0) -> 0 | T58: =IF(Замер!$J$20="да",Комната_1!$G58,0) -> 0 | U58: =IF(Замер!$J$20="да",Комната_1!$H58,0) -> 0 | W58: =IF(Замер!$J$40="да",Комната_2!$B58,0) -> 0 | X58: =IF(Замер!$J$40="да",Комната_2!$G58,0) -> 0 | Y58: =IF(Замер!$J$40="да",Комната_2!$H58,0) -> 0 | AA58: =IF(Замер!$J$60="да",Комната_3!$B58,0) -> 0 | AB58: =IF(Замер!$J$60="да",Комната_3!$G58,0) -> 0 | AC58: =IF(Замер!$J$60="да",Комната_3!$H58,0) -> 0 | AE58: =IF(Замер!$J$80="да",Комната_4!$B58,0) -> 0 | AF58: =IF(Замер!$J$80="да",Комната_4!$G58,0) -> 0 | AG58: =IF(Замер!$J$80="да",Комната_4!$H58,0) -> 0 | AI58: =IF(Замер!$J$100="да",Комната_5!$B58,0) -> 0 | AJ58: =IF(Замер!$J$100="да",Комната_5!$G58,0) -> 0 | AK58: =IF(Замер!$J$100="да",Комната_5!$H58,0) -> 0 | AM58: =IF(Замер!$J$120="да",Коридор!$B58,0) -> 0 | AN58: =IF(Замер!$J$120="да",Коридор!$G58,0) -> 0 | AO58: =IF(Замер!$J$120="да",Коридор!$H58,0) -> 0 | AQ58: =IF(Замер!$J$140="да",Кухня!$B58,0) -> 0 | AR58: =IF(Замер!$J$140="да",Кухня!$G58,0) -> 0 | AS58: =IF(Замер!$J$140="да",Кухня!$H58,0) -> 0 | AU58: =IF(Замер!$J$160="да",Ванна!$B58,0) -> 0 | AV58: =IF(Замер!$J$160="да",Ванна!$G58,0) -> 0 | AW58: =IF(Замер!$J$160="да",Ванна!$H58,0) -> 0 | AY58: =IF(Замер!$J$180="да",Туалет!$B58,0) -> 0 | AZ58: =IF(Замер!$J$180="да",Туалет!$G58,0) -> 0 | BA58: =IF(Замер!$J$180="да",Туалет!$H58,0) -> 0 | BC58: =IF(Замер!$J$200="да",Балкон!$B58,0) -> 0 | BD58: =IF(Замер!$J$200="да",Балкон!$G58,0) -> 0 | BE58: =IF(Замер!$J$200="да",Балкон!$H58,0) -> 0 | BG58: =IF(Замер!$J$220="да",Помещение_11!$B58,0) -> 0 | BH58: =IF(Замер!$J$220="да",Помещение_11!$G58,0) -> 0 | BI58: =IF(Замер!$J$220="да",Помещение_11!$H58,0) -> 0 | BK58: =IF(Замер!$J$240="да",Помещение_12!$B58,0) -> 0 | BL58: =IF(Замер!$J$240="да",Помещение_12!$G58,0) -> 0 | BM58: =IF(Замер!$J$240="да",Помещение_12!$H58,0) -> 0 | BO58: =IF(Замер!$J$260="да",Помещение_13!$B58,0) -> 0 | BP58: =IF(Замер!$J$260="да",Помещение_13!$G58,0) -> 0 | BQ58: =IF(Замер!$J$260="да",Помещение_13!$H58,0) -> 0 | BS58: =IF(Замер!$J$280="да",Помещение_14!$B58,0) -> 0 | BT58: =IF(Замер!$J$280="да",Помещение_14!$G58,0) -> 0 | BU58: =IF(Замер!$J$280="да",Помещение_14!$H58,0) -> 0 | BW58: =IF(Замер!$J$300="да",Помещение_15!$B58,0) -> 0 | BX58: =IF(Замер!$J$300="да",Помещение_15!$G58,0) -> 0 | BY58: =IF(Замер!$J$300="да",Помещение_15!$H58,0) -> 0 | CA58: =IF(Замер!$J$320="да",Помещение_16!$B58,0) -> 0 | CB58: =IF(Замер!$J$320="да",Помещение_16!$G58,0) -> 0 | CC58: =IF(Замер!$J$320="да",Помещение_16!$H58,0) -> 0 | CE58: =IF(Замер!$J$340="да",Помещение_17!$B58,0) -> 0 | CF58: =IF(Замер!$J$340="да",Помещение_17!$G58,0) -> 0 | CG58: =IF(Замер!$J$340="да",Помещение_17!$H58,0) -> 0 | CI58: =IF(Замер!$J$360="да",Помещение_18!$B58,0) -> 0 | CJ58: =IF(Замер!$J$360="да",Помещение_18!$G58,0) -> 0 | CK58: =IF(Замер!$J$360="да",Помещение_18!$H58,0) -> 0 | CM58: =IF(Замер!$J$380="да",Помещение_19!$B58,0) -> 0 | CN58: =IF(Замер!$J$380="да",Помещение_19!$G58,0) -> 0 | CO58: =IF(Замер!$J$380="да",Помещение_19!$H58,0) -> 0 | CQ58: =IF(Замер!$J$400="да",Помещение_20!$B58,0) -> 0 | CR58: =IF(Замер!$J$400="да",Помещение_20!$G58,0) -> 0 | CS58: =IF(Замер!$J$400="да",Помещение_20!$H58,0) -> 0
B59: 1 | C59: Итого по: Монтажные работы (потолки) | G59: =SUMIF(B23:B58,">0",H23:H58) -> 558094.6 | L59: s | N59: =G59*(100%-$B$3) -> 474380.41
B60: 1 | C60: Итого по разделу: Потолки | G60: =G21+G59 -> 558094.6 | L60: gs | N60: =G60*(100%-$B$3) -> 474380.41
B61: 1 | C61: Стены, Столярные работы | L61: g | N61: =N182 -> 937977.04
B62: 1 | C62: 3. Демонтажные работы ( стены, столярные работы) | E62: ед. изм. | F62: цена | G62: кол-во | H62: сумма | L62: t | N62: =N83 -> 2184.5
B63: =P63 -> 0 | C63: 3.1 | D63: =VLOOKUP(C63,СписокРабот!$B:$E,2,FALSE()) -> Демонтаж стен деревянных, кирпичных (1/4, 1/2) ПГП при наличии плитки или армирования К-1,6 | E63: =VLOOKUP(C63,СписокРабот!$B:$E,3,FALSE()) -> м² | F63: =VLOOKUP(C63,СписокРабот!$B:$E,4,FALSE()) -> 1409 | G63: =Q63 -> 0 | H63: =F63*G63 -> 0 | M63: =$F63*(100%-$B$3) -> 1197.65 | N63: =$G63*$M63 -> 0 | P63: =MAX(S63,W63,AA63,AE63,AI63,AM63,AQ63,AU63,AY63,BC63,BG63,BK63,BO63,BS63,BW63,CA63,CE63,CI63,CM63,CQ63) -> 0 | Q63: =IF($S63,T63,0)+IF($W63,X63,0)+IF($AA63,AB63,0)+IF($AE63,AF63,0)+IF($AI63,AJ63,0)+IF($AM63,AN63,0)+IF($AQ63,AR63,0)+IF($AU63,AV63,0)+IF($AY63,AZ63,0)+IF($BC63,BD63,0)+IF($BG63,BH63,0)+IF($BK63,BL63,0)+IF($BO63,BP63,0)+IF($BS63,BT63,0)+IF($BW63,BX63,0)+IF($CA63,CB63,0)+IF($CE63,CF63,0)+IF($CI63,CJ63,0)+IF($CM63,CN63,0)+IF($CQ63,CR63,0) -> 0 | R63: =IF($S63=1,U63,0)+IF($W63,Y63,0)+IF($AA63,AC63,0)+IF($AE63,AG63,0)+IF($AI63,AK63,0)+IF($AM63,AO63,0)+IF($AQ63,AS63,0)+IF($AU63,AW63,0)+IF($AY63,BA63,0)+IF($BC63,BE63,0)+IF($BG63,BI63,0)+IF($BK63,BM63,0)+IF($BO63,BQ63,0)+IF($BS63,BU63,0)+IF($BW63,BY63,0)+IF($CA63,CC63,0)+IF($CE63,CG63,0)+IF($CI63,CK63,0)+IF($CM63,CO63,0)+IF($CQ63,CS63,0) -> 0 | S63: =IF(Замер!$J$20="да",Комната_1!$B63,0) -> 0 | T63: =IF(Замер!$J$20="да",Комната_1!$G63,0) -> 0 | U63: =IF(Замер!$J$20="да",Комната_1!$H63,0) -> 0 | W63: =IF(Замер!$J$40="да",Комната_2!$B63,0) -> 0 | X63: =IF(Замер!$J$40="да",Комната_2!$G63,0) -> 0 | Y63: =IF(Замер!$J$40="да",Комната_2!$H63,0) -> 0 | AA63: =IF(Замер!$J$60="да",Комната_3!$B63,0) -> 0 | AB63: =IF(Замер!$J$60="да",Комната_3!$G63,0) -> 0 | AC63: =IF(Замер!$J$60="да",Комната_3!$H63,0) -> 0 | AE63: =IF(Замер!$J$80="да",Комната_4!$B63,0) -> 0 | AF63: =IF(Замер!$J$80="да",Комната_4!$G63,0) -> 0 | AG63: =IF(Замер!$J$80="да",Комната_4!$H63,0) -> 0 | AI63: =IF(Замер!$J$100="да",Комната_5!$B63,0) -> 0 | AJ63: =IF(Замер!$J$100="да",Комната_5!$G63,0) -> 0 | AK63: =IF(Замер!$J$100="да",Комната_5!$H63,0) -> 0 | AM63: =IF(Замер!$J$120="да",Коридор!$B63,0) -> 0 | AN63: =IF(Замер!$J$120="да",Коридор!$G63,0) -> 0 | AO63: =IF(Замер!$J$120="да",Коридор!$H63,0) -> 0 | AQ63: =IF(Замер!$J$140="да",Кухня!$B63,0) -> 0 | AR63: =IF(Замер!$J$140="да",Кухня!$G63,0) -> 0 | AS63: =IF(Замер!$J$140="да",Кухня!$H63,0) -> 0 | AU63: =IF(Замер!$J$160="да",Ванна!$B63,0) -> 0 | AV63: =IF(Замер!$J$160="да",Ванна!$G63,0) -> 0 | AW63: =IF(Замер!$J$160="да",Ванна!$H63,0) -> 0 | AY63: =IF(Замер!$J$180="да",Туалет!$B63,0) -> 0 | AZ63: =IF(Замер!$J$180="да",Туалет!$G63,0) -> 0 | BA63: =IF(Замер!$J$180="да",Туалет!$H63,0) -> 0 | BC63: =IF(Замер!$J$200="да",Балкон!$B63,0) -> 0 | BD63: =IF(Замер!$J$200="да",Балкон!$G63,0) -> 0 | BE63: =IF(Замер!$J$200="да",Балкон!$H63,0) -> 0 | BG63: =IF(Замер!$J$220="да",Помещение_11!$B63,0) -> 0 | BH63: =IF(Замер!$J$220="да",Помещение_11!$G63,0) -> 0 | BI63: =IF(Замер!$J$220="да",Помещение_11!$H63,0) -> 0 | BK63: =IF(Замер!$J$240="да",Помещение_12!$B63,0) -> 0 | BL63: =IF(Замер!$J$240="да",Помещение_12!$G63,0) -> 0 | BM63: =IF(Замер!$J$240="да",Помещение_12!$H63,0) -> 0 | BO63: =IF(Замер!$J$260="да",Помещение_13!$B63,0) -> 0 | BP63: =IF(Замер!$J$260="да",Помещение_13!$G63,0) -> 0 | BQ63: =IF(Замер!$J$260="да",Помещение_13!$H63,0) -> 0 | BS63: =IF(Замер!$J$280="да",Помещение_14!$B63,0) -> 0 | BT63: =IF(Замер!$J$280="да",Помещение_14!$G63,0) -> 0 | BU63: =IF(Замер!$J$280="да",Помещение_14!$H63,0) -> 0 | BW63: =IF(Замер!$J$300="да",Помещение_15!$B63,0) -> 0 | BX63: =IF(Замер!$J$300="да",Помещение_15!$G63,0) -> 0 | BY63: =IF(Замер!$J$300="да",Помещение_15!$H63,0) -> 0 | CA63: =IF(Замер!$J$320="да",Помещение_16!$B63,0) -> 0 | CB63: =IF(Замер!$J$320="да",Помещение_16!$G63,0) -> 0 | CC63: =IF(Замер!$J$320="да",Помещение_16!$H63,0) -> 0 | CE63: =IF(Замер!$J$340="да",Помещение_17!$B63,0) -> 0 | CF63: =IF(Замер!$J$340="да",Помещение_17!$G63,0) -> 0 | CG63: =IF(Замер!$J$340="да",Помещение_17!$H63,0) -> 0 | CI63: =IF(Замер!$J$360="да",Помещение_18!$B63,0) -> 0 | CJ63: =IF(Замер!$J$360="да",Помещение_18!$G63,0) -> 0 | CK63: =IF(Замер!$J$360="да",Помещение_18!$H63,0) -> 0 | CM63: =IF(Замер!$J$380="да",Помещение_19!$B63,0) -> 0 | CN63: =IF(Замер!$J$380="да",Помещение_19!$G63,0) -> 0 | CO63: =IF(Замер!$J$380="да",Помещение_19!$H63,0) -> 0 | CQ63: =IF(Замер!$J$400="да",Помещение_20!$B63,0) -> 0 | CR63: =IF(Замер!$J$400="да",Помещение_20!$G63,0) -> 0 | CS63: =IF(Замер!$J$400="да",Помещение_20!$H63,0) -> 0
B64: =P64 -> 0 | C64: 3.2 | D64: =VLOOKUP(C64,СписокРабот!$B:$E,2,FALSE()) -> Демонтаж пластикового откоса/ наличника | E64: =VLOOKUP(C64,СписокРабот!$B:$E,3,FALSE()) -> п.м | F64: =VLOOKUP(C64,СписокРабот!$B:$E,4,FALSE()) -> 74 | G64: =Q64 -> 0 | H64: =F64*G64 -> 0 | M64: =$F64*(100%-$B$3) -> 62.9 | N64: =$G64*$M64 -> 0 | P64: =MAX(S64,W64,AA64,AE64,AI64,AM64,AQ64,AU64,AY64,BC64,BG64,BK64,BO64,BS64,BW64,CA64,CE64,CI64,CM64,CQ64) -> 0 | Q64: =IF($S64,T64,0)+IF($W64,X64,0)+IF($AA64,AB64,0)+IF($AE64,AF64,0)+IF($AI64,AJ64,0)+IF($AM64,AN64,0)+IF($AQ64,AR64,0)+IF($AU64,AV64,0)+IF($AY64,AZ64,0)+IF($BC64,BD64,0)+IF($BG64,BH64,0)+IF($BK64,BL64,0)+IF($BO64,BP64,0)+IF($BS64,BT64,0)+IF($BW64,BX64,0)+IF($CA64,CB64,0)+IF($CE64,CF64,0)+IF($CI64,CJ64,0)+IF($CM64,CN64,0)+IF($CQ64,CR64,0) -> 0 | R64: =IF($S64=1,U64,0)+IF($W64,Y64,0)+IF($AA64,AC64,0)+IF($AE64,AG64,0)+IF($AI64,AK64,0)+IF($AM64,AO64,0)+IF($AQ64,AS64,0)+IF($AU64,AW64,0)+IF($AY64,BA64,0)+IF($BC64,BE64,0)+IF($BG64,BI64,0)+IF($BK64,BM64,0)+IF($BO64,BQ64,0)+IF($BS64,BU64,0)+IF($BW64,BY64,0)+IF($CA64,CC64,0)+IF($CE64,CG64,0)+IF($CI64,CK64,0)+IF($CM64,CO64,0)+IF($CQ64,CS64,0) -> 0 | S64: =IF(Замер!$J$20="да",Комната_1!$B64,0) -> 0 | T64: =IF(Замер!$J$20="да",Комната_1!$G64,0) -> 18.44 | U64: =IF(Замер!$J$20="да",Комната_1!$H64,0) -> 1364.56 | W64: =IF(Замер!$J$40="да",Комната_2!$B64,0) -> 0 | X64: =IF(Замер!$J$40="да",Комната_2!$G64,0) -> 18.44 | Y64: =IF(Замер!$J$40="да",Комната_2!$H64,0) -> 1364.56 | AA64: =IF(Замер!$J$60="да",Комната_3!$B64,0) -> 0 | AB64: =IF(Замер!$J$60="да",Комната_3!$G64,0) -> 18.44 | AC64: =IF(Замер!$J$60="да",Комната_3!$H64,0) -> 1364.56 | AE64: =IF(Замер!$J$80="да",Комната_4!$B64,0) -> 0 | AF64: =IF(Замер!$J$80="да",Комната_4!$G64,0) -> 0 | AG64: =IF(Замер!$J$80="да",Комната_4!$H64,0) -> 0 | AI64: =IF(Замер!$J$100="да",Комната_5!$B64,0) -> 0 | AJ64: =IF(Замер!$J$100="да",Комната_5!$G64,0) -> 0 | AK64: =IF(Замер!$J$100="да",Комната_5!$H64,0) -> 0 | AM64: =IF(Замер!$J$120="да",Коридор!$B64,0) -> 0 | AN64: =IF(Замер!$J$120="да",Коридор!$G64,0) -> 0 | AO64: =IF(Замер!$J$120="да",Коридор!$H64,0) -> 0 | AQ64: =IF(Замер!$J$140="да",Кухня!$B64,0) -> 0 | AR64: =IF(Замер!$J$140="да",Кухня!$G64,0) -> 0 | AS64: =IF(Замер!$J$140="да",Кухня!$H64,0) -> 0 | AU64: =IF(Замер!$J$160="да",Ванна!$B64,0) -> 0 | AV64: =IF(Замер!$J$160="да",Ванна!$G64,0) -> 0 | AW64: =IF(Замер!$J$160="да",Ванна!$H64,0) -> 0 | AY64: =IF(Замер!$J$180="да",Туалет!$B64,0) -> 0 | AZ64: =IF(Замер!$J$180="да",Туалет!$G64,0) -> 0 | BA64: =IF(Замер!$J$180="да",Туалет!$H64,0) -> 0 | BC64: =IF(Замер!$J$200="да",Балкон!$B64,0) -> 0 | BD64: =IF(Замер!$J$200="да",Балкон!$G64,0) -> 0 | BE64: =IF(Замер!$J$200="да",Балкон!$H64,0) -> 0 | BG64: =IF(Замер!$J$220="да",Помещение_11!$B64,0) -> 0 | BH64: =IF(Замер!$J$220="да",Помещение_11!$G64,0) -> 0 | BI64: =IF(Замер!$J$220="да",Помещение_11!$H64,0) -> 0 | BK64: =IF(Замер!$J$240="да",Помещение_12!$B64,0) -> 0 | BL64: =IF(Замер!$J$240="да",Помещение_12!$G64,0) -> 0 | BM64: =IF(Замер!$J$240="да",Помещение_12!$H64,0) -> 0 | BO64: =IF(Замер!$J$260="да",Помещение_13!$B64,0) -> 0 | BP64: =IF(Замер!$J$260="да",Помещение_13!$G64,0) -> 0 | BQ64: =IF(Замер!$J$260="да",Помещение_13!$H64,0) -> 0 | BS64: =IF(Замер!$J$280="да",Помещение_14!$B64,0) -> 0 | BT64: =IF(Замер!$J$280="да",Помещение_14!$G64,0) -> 0 | BU64: =IF(Замер!$J$280="да",Помещение_14!$H64,0) -> 0 | BW64: =IF(Замер!$J$300="да",Помещение_15!$B64,0) -> 0 | BX64: =IF(Замер!$J$300="да",Помещение_15!$G64,0) -> 0 | BY64: =IF(Замер!$J$300="да",Помещение_15!$H64,0) -> 0 | CA64: =IF(Замер!$J$320="да",Помещение_16!$B64,0) -> 0 | CB64: =IF(Замер!$J$320="да",Помещение_16!$G64,0) -> 0 | CC64: =IF(Замер!$J$320="да",Помещение_16!$H64,0) -> 0 | CE64: =IF(Замер!$J$340="да",Помещение_17!$B64,0) -> 0 | CF64: =IF(Замер!$J$340="да",Помещение_17!$G64,0) -> 0 | CG64: =IF(Замер!$J$340="да",Помещение_17!$H64,0) -> 0 | CI64: =IF(Замер!$J$360="да",Помещение_18!$B64,0) -> 0 | CJ64: =IF(Замер!$J$360="да",Помещение_18!$G64,0) -> 0 | CK64: =IF(Замер!$J$360="да",Помещение_18!$H64,0) -> 0 | CM64: =IF(Замер!$J$380="да",Помещение_19!$B64,0) -> 0 | CN64: =IF(Замер!$J$380="да",Помещение_19!$G64,0) -> 0 | CO64: =IF(Замер!$J$380="да",Помещение_19!$H64,0) -> 0 | CQ64: =IF(Замер!$J$400="да",Помещение_20!$B64,0) -> 0 | CR64: =IF(Замер!$J$400="да",Помещение_20!$G64,0) -> 0 | CS64: =IF(Замер!$J$400="да",Помещение_20!$H64,0) -> 0
B65: =P65 -> 0 | C65: 3.4 | D65: =VLOOKUP(C65,СписокРабот!$B:$E,2,FALSE()) -> Демонтаж существующих кирпичных конструкций | E65: =VLOOKUP(C65,СписокРабот!$B:$E,3,FALSE()) -> м3 | F65: =VLOOKUP(C65,СписокРабот!$B:$E,4,FALSE()) -> 23310 | G65: =Q65 -> 0 | H65: =F65*G65 -> 0 | M65: =$F65*(100%-$B$3) -> 19813.5 | N65: =$G65*$M65 -> 0 | P65: =MAX(S65,W65,AA65,AE65,AI65,AM65,AQ65,AU65,AY65,BC65,BG65,BK65,BO65,BS65,BW65,CA65,CE65,CI65,CM65,CQ65) -> 0 | Q65: =IF($S65,T65,0)+IF($W65,X65,0)+IF($AA65,AB65,0)+IF($AE65,AF65,0)+IF($AI65,AJ65,0)+IF($AM65,AN65,0)+IF($AQ65,AR65,0)+IF($AU65,AV65,0)+IF($AY65,AZ65,0)+IF($BC65,BD65,0)+IF($BG65,BH65,0)+IF($BK65,BL65,0)+IF($BO65,BP65,0)+IF($BS65,BT65,0)+IF($BW65,BX65,0)+IF($CA65,CB65,0)+IF($CE65,CF65,0)+IF($CI65,CJ65,0)+IF($CM65,CN65,0)+IF($CQ65,CR65,0) -> 0 | R65: =IF($S65=1,U65,0)+IF($W65,Y65,0)+IF($AA65,AC65,0)+IF($AE65,AG65,0)+IF($AI65,AK65,0)+IF($AM65,AO65,0)+IF($AQ65,AS65,0)+IF($AU65,AW65,0)+IF($AY65,BA65,0)+IF($BC65,BE65,0)+IF($BG65,BI65,0)+IF($BK65,BM65,0)+IF($BO65,BQ65,0)+IF($BS65,BU65,0)+IF($BW65,BY65,0)+IF($CA65,CC65,0)+IF($CE65,CG65,0)+IF($CI65,CK65,0)+IF($CM65,CO65,0)+IF($CQ65,CS65,0) -> 0 | S65: =IF(Замер!$J$20="да",Комната_1!$B65,0) -> 0 | T65: =IF(Замер!$J$20="да",Комната_1!$G65,0) -> 1 | U65: =IF(Замер!$J$20="да",Комната_1!$H65,0) -> 23310 | W65: =IF(Замер!$J$40="да",Комната_2!$B65,0) -> 0 | X65: =IF(Замер!$J$40="да",Комната_2!$G65,0) -> 1 | Y65: =IF(Замер!$J$40="да",Комната_2!$H65,0) -> 23310 | AA65: =IF(Замер!$J$60="да",Комната_3!$B65,0) -> 0 | AB65: =IF(Замер!$J$60="да",Комната_3!$G65,0) -> 1 | AC65: =IF(Замер!$J$60="да",Комната_3!$H65,0) -> 23310 | AE65: =IF(Замер!$J$80="да",Комната_4!$B65,0) -> 0 | AF65: =IF(Замер!$J$80="да",Комната_4!$G65,0) -> 0 | AG65: =IF(Замер!$J$80="да",Комната_4!$H65,0) -> 0 | AI65: =IF(Замер!$J$100="да",Комната_5!$B65,0) -> 0 | AJ65: =IF(Замер!$J$100="да",Комната_5!$G65,0) -> 0 | AK65: =IF(Замер!$J$100="да",Комната_5!$H65,0) -> 0 | AM65: =IF(Замер!$J$120="да",Коридор!$B65,0) -> 0 | AN65: =IF(Замер!$J$120="да",Коридор!$G65,0) -> 0 | AO65: =IF(Замер!$J$120="да",Коридор!$H65,0) -> 0 | AQ65: =IF(Замер!$J$140="да",Кухня!$B65,0) -> 0 | AR65: =IF(Замер!$J$140="да",Кухня!$G65,0) -> 0 | AS65: =IF(Замер!$J$140="да",Кухня!$H65,0) -> 0 | AU65: =IF(Замер!$J$160="да",Ванна!$B65,0) -> 0 | AV65: =IF(Замер!$J$160="да",Ванна!$G65,0) -> 0 | AW65: =IF(Замер!$J$160="да",Ванна!$H65,0) -> 0 | AY65: =IF(Замер!$J$180="да",Туалет!$B65,0) -> 0 | AZ65: =IF(Замер!$J$180="да",Туалет!$G65,0) -> 0 | BA65: =IF(Замер!$J$180="да",Туалет!$H65,0) -> 0 | BC65: =IF(Замер!$J$200="да",Балкон!$B65,0) -> 0 | BD65: =IF(Замер!$J$200="да",Балкон!$G65,0) -> 0 | BE65: =IF(Замер!$J$200="да",Балкон!$H65,0) -> 0 | BG65: =IF(Замер!$J$220="да",Помещение_11!$B65,0) -> 0 | BH65: =IF(Замер!$J$220="да",Помещение_11!$G65,0) -> 0 | BI65: =IF(Замер!$J$220="да",Помещение_11!$H65,0) -> 0 | BK65: =IF(Замер!$J$240="да",Помещение_12!$B65,0) -> 0 | BL65: =IF(Замер!$J$240="да",Помещение_12!$G65,0) -> 0 | BM65: =IF(Замер!$J$240="да",Помещение_12!$H65,0) -> 0 | BO65: =IF(Замер!$J$260="да",Помещение_13!$B65,0) -> 0 | BP65: =IF(Замер!$J$260="да",Помещение_13!$G65,0) -> 0 | BQ65: =IF(Замер!$J$260="да",Помещение_13!$H65,0) -> 0 | BS65: =IF(Замер!$J$280="да",Помещение_14!$B65,0) -> 0 | BT65: =IF(Замер!$J$280="да",Помещение_14!$G65,0) -> 0 | BU65: =IF(Замер!$J$280="да",Помещение_14!$H65,0) -> 0 | BW65: =IF(Замер!$J$300="да",Помещение_15!$B65,0) -> 0 | BX65: =IF(Замер!$J$300="да",Помещение_15!$G65,0) -> 0 | BY65: =IF(Замер!$J$300="да",Помещение_15!$H65,0) -> 0 | CA65: =IF(Замер!$J$320="да",Помещение_16!$B65,0) -> 0 | CB65: =IF(Замер!$J$320="да",Помещение_16!$G65,0) -> 0 | CC65: =IF(Замер!$J$320="да",Помещение_16!$H65,0) -> 0 | CE65: =IF(Замер!$J$340="да",Помещение_17!$B65,0) -> 0 | CF65: =IF(Замер!$J$340="да",Помещение_17!$G65,0) -> 0 | CG65: =IF(Замер!$J$340="да",Помещение_17!$H65,0) -> 0 | CI65: =IF(Замер!$J$360="да",Помещение_18!$B65,0) -> 0 | CJ65: =IF(Замер!$J$360="да",Помещение_18!$G65,0) -> 0 | CK65: =IF(Замер!$J$360="да",Помещение_18!$H65,0) -> 0 | CM65: =IF(Замер!$J$380="да",Помещение_19!$B65,0) -> 0 | CN65: =IF(Замер!$J$380="да",Помещение_19!$G65,0) -> 0 | CO65: =IF(Замер!$J$380="да",Помещение_19!$H65,0) -> 0 | CQ65: =IF(Замер!$J$400="да",Помещение_20!$B65,0) -> 0 | CR65: =IF(Замер!$J$400="да",Помещение_20!$G65,0) -> 0 | CS65: =IF(Замер!$J$400="да",Помещение_20!$H65,0) -> 0
B66: =P66 -> 0 | C66: 3.5 | D66: =VLOOKUP(C66,СписокРабот!$B:$E,2,FALSE()) -> Демонтаж штукатурного покрытия толщ. до 2 см. (от 2см до 6см К-1.5, свыше 6 см К-2) | E66: =VLOOKUP(C66,СписокРабот!$B:$E,3,FALSE()) -> м² | F66: =VLOOKUP(C66,СписокРабот!$B:$E,4,FALSE()) -> 744 | G66: =Q66 -> 0 | H66: =F66*G66 -> 0 | M66: =$F66*(100%-$B$3) -> 632.4 | N66: =$G66*$M66 -> 0 | P66: =MAX(S66,W66,AA66,AE66,AI66,AM66,AQ66,AU66,AY66,BC66,BG66,BK66,BO66,BS66,BW66,CA66,CE66,CI66,CM66,CQ66) -> 0 | Q66: =IF($S66,T66,0)+IF($W66,X66,0)+IF($AA66,AB66,0)+IF($AE66,AF66,0)+IF($AI66,AJ66,0)+IF($AM66,AN66,0)+IF($AQ66,AR66,0)+IF($AU66,AV66,0)+IF($AY66,AZ66,0)+IF($BC66,BD66,0)+IF($BG66,BH66,0)+IF($BK66,BL66,0)+IF($BO66,BP66,0)+IF($BS66,BT66,0)+IF($BW66,BX66,0)+IF($CA66,CB66,0)+IF($CE66,CF66,0)+IF($CI66,CJ66,0)+IF($CM66,CN66,0)+IF($CQ66,CR66,0) -> 0 | R66: =IF($S66=1,U66,0)+IF($W66,Y66,0)+IF($AA66,AC66,0)+IF($AE66,AG66,0)+IF($AI66,AK66,0)+IF($AM66,AO66,0)+IF($AQ66,AS66,0)+IF($AU66,AW66,0)+IF($AY66,BA66,0)+IF($BC66,BE66,0)+IF($BG66,BI66,0)+IF($BK66,BM66,0)+IF($BO66,BQ66,0)+IF($BS66,BU66,0)+IF($BW66,BY66,0)+IF($CA66,CC66,0)+IF($CE66,CG66,0)+IF($CI66,CK66,0)+IF($CM66,CO66,0)+IF($CQ66,CS66,0) -> 0 | S66: =IF(Замер!$J$20="да",Комната_1!$B66,0) -> 0 | T66: =IF(Замер!$J$20="да",Комната_1!$G66,0) -> 52 | U66: =IF(Замер!$J$20="да",Комната_1!$H66,0) -> 38688 | W66: =IF(Замер!$J$40="да",Комната_2!$B66,0) -> 0 | X66: =IF(Замер!$J$40="да",Комната_2!$G66,0) -> 36.8 | Y66: =IF(Замер!$J$40="да",Комната_2!$H66,0) -> 27379.2 | AA66: =IF(Замер!$J$60="да",Комната_3!$B66,0) -> 0 | AB66: =IF(Замер!$J$60="да",Комната_3!$G66,0) -> 35 | AC66: =IF(Замер!$J$60="да",Комната_3!$H66,0) -> 26040 | AE66: =IF(Замер!$J$80="да",Комната_4!$B66,0) -> 0 | AF66: =IF(Замер!$J$80="да",Комната_4!$G66,0) -> 30.9 | AG66: =IF(Замер!$J$80="да",Комната_4!$H66,0) -> 22989.6 | AI66: =IF(Замер!$J$100="да",Комната_5!$B66,0) -> 0 | AJ66: =IF(Замер!$J$100="да",Комната_5!$G66,0) -> 20.4 | AK66: =IF(Замер!$J$100="да",Комната_5!$H66,0) -> 15177.6 | AM66: =IF(Замер!$J$120="да",Коридор!$B66,0) -> 0 | AN66: =IF(Замер!$J$120="да",Коридор!$G66,0) -> 19.5 | AO66: =IF(Замер!$J$120="да",Коридор!$H66,0) -> 14508 | AQ66: =IF(Замер!$J$140="да",Кухня!$B66,0) -> 0 | AR66: =IF(Замер!$J$140="да",Кухня!$G66,0) -> 27.7 | AS66: =IF(Замер!$J$140="да",Кухня!$H66,0) -> 20608.8 | AU66: =IF(Замер!$J$160="да",Ванна!$B66,0) -> 0 | AV66: =IF(Замер!$J$160="да",Ванна!$G66,0) -> 20 | AW66: =IF(Замер!$J$160="да",Ванна!$H66,0) -> 14880 | AY66: =IF(Замер!$J$180="да",Туалет!$B66,0) -> 0 | AZ66: =IF(Замер!$J$180="да",Туалет!$G66,0) -> 0 | BA66: =IF(Замер!$J$180="да",Туалет!$H66,0) -> 0 | BC66: =IF(Замер!$J$200="да",Балкон!$B66,0) -> 0 | BD66: =IF(Замер!$J$200="да",Балкон!$G66,0) -> 0 | BE66: =IF(Замер!$J$200="да",Балкон!$H66,0) -> 0 | BG66: =IF(Замер!$J$220="да",Помещение_11!$B66,0) -> 0 | BH66: =IF(Замер!$J$220="да",Помещение_11!$G66,0) -> 0 | BI66: =IF(Замер!$J$220="да",Помещение_11!$H66,0) -> 0 | BK66: =IF(Замер!$J$240="да",Помещение_12!$B66,0) -> 0 | BL66: =IF(Замер!$J$240="да",Помещение_12!$G66,0) -> 0 | BM66: =IF(Замер!$J$240="да",Помещение_12!$H66,0) -> 0 | BO66: =IF(Замер!$J$260="да",Помещение_13!$B66,0) -> 0 | BP66: =IF(Замер!$J$260="да",Помещение_13!$G66,0) -> 0 | BQ66: =IF(Замер!$J$260="да",Помещение_13!$H66,0) -> 0 | BS66: =IF(Замер!$J$280="да",Помещение_14!$B66,0) -> 0 | BT66: =IF(Замер!$J$280="да",Помещение_14!$G66,0) -> 0 | BU66: =IF(Замер!$J$280="да",Помещение_14!$H66,0) -> 0 | BW66: =IF(Замер!$J$300="да",Помещение_15!$B66,0) -> 0 | BX66: =IF(Замер!$J$300="да",Помещение_15!$G66,0) -> 0 | BY66: =IF(Замер!$J$300="да",Помещение_15!$H66,0) -> 0 | CA66: =IF(Замер!$J$320="да",Помещение_16!$B66,0) -> 0 | CB66: =IF(Замер!$J$320="да",Помещение_16!$G66,0) -> 0 | CC66: =IF(Замер!$J$320="да",Помещение_16!$H66,0) -> 0 | CE66: =IF(Замер!$J$340="да",Помещение_17!$B66,0) -> 0 | CF66: =IF(Замер!$J$340="да",Помещение_17!$G66,0) -> 0 | CG66: =IF(Замер!$J$340="да",Помещение_17!$H66,0) -> 0 | CI66: =IF(Замер!$J$360="да",Помещение_18!$B66,0) -> 0 | CJ66: =IF(Замер!$J$360="да",Помещение_18!$G66,0) -> 0 | CK66: =IF(Замер!$J$360="да",Помещение_18!$H66,0) -> 0 | CM66: =IF(Замер!$J$380="да",Помещение_19!$B66,0) -> 0 | CN66: =IF(Замер!$J$380="да",Помещение_19!$G66,0) -> 0 | CO66: =IF(Замер!$J$380="да",Помещение_19!$H66,0) -> 0 | CQ66: =IF(Замер!$J$400="да",Помещение_20!$B66,0) -> 0 | CR66: =IF(Замер!$J$400="да",Помещение_20!$G66,0) -> 0 | CS66: =IF(Замер!$J$400="да",Помещение_20!$H66,0) -> 0
B67: =P67 -> 0 | C67: 3.6 | D67: =VLOOKUP(C67,СписокРабот!$B:$E,2,FALSE()) -> Демонтаж маяка с заделкой шрабы стен, потолка и пола | E67: =VLOOKUP(C67,СписокРабот!$B:$E,3,FALSE()) -> п.м | F67: =VLOOKUP(C67,СписокРабот!$B:$E,4,FALSE()) -> 311 | G67: =Q67 -> 0 | H67: =F67*G67 -> 0 | M67: =$F67*(100%-$B$3) -> 264.35 | N67: =$G67*$M67 -> 0 | P67: =MAX(S67,W67,AA67,AE67,AI67,AM67,AQ67,AU67,AY67,BC67,BG67,BK67,BO67,BS67,BW67,CA67,CE67,CI67,CM67,CQ67) -> 0 | Q67: =IF($S67,T67,0)+IF($W67,X67,0)+IF($AA67,AB67,0)+IF($AE67,AF67,0)+IF($AI67,AJ67,0)+IF($AM67,AN67,0)+IF($AQ67,AR67,0)+IF($AU67,AV67,0)+IF($AY67,AZ67,0)+IF($BC67,BD67,0)+IF($BG67,BH67,0)+IF($BK67,BL67,0)+IF($BO67,BP67,0)+IF($BS67,BT67,0)+IF($BW67,BX67,0)+IF($CA67,CB67,0)+IF($CE67,CF67,0)+IF($CI67,CJ67,0)+IF($CM67,CN67,0)+IF($CQ67,CR67,0) -> 0 | R67: =IF($S67=1,U67,0)+IF($W67,Y67,0)+IF($AA67,AC67,0)+IF($AE67,AG67,0)+IF($AI67,AK67,0)+IF($AM67,AO67,0)+IF($AQ67,AS67,0)+IF($AU67,AW67,0)+IF($AY67,BA67,0)+IF($BC67,BE67,0)+IF($BG67,BI67,0)+IF($BK67,BM67,0)+IF($BO67,BQ67,0)+IF($BS67,BU67,0)+IF($BW67,BY67,0)+IF($CA67,CC67,0)+IF($CE67,CG67,0)+IF($CI67,CK67,0)+IF($CM67,CO67,0)+IF($CQ67,CS67,0) -> 0 | S67: =IF(Замер!$J$20="да",Комната_1!$B67,0) -> 0 | T67: =IF(Замер!$J$20="да",Комната_1!$G67,0) -> 0 | U67: =IF(Замер!$J$20="да",Комната_1!$H67,0) -> 0 | W67: =IF(Замер!$J$40="да",Комната_2!$B67,0) -> 0 | X67: =IF(Замер!$J$40="да",Комната_2!$G67,0) -> 0 | Y67: =IF(Замер!$J$40="да",Комната_2!$H67,0) -> 0 | AA67: =IF(Замер!$J$60="да",Комната_3!$B67,0) -> 0 | AB67: =IF(Замер!$J$60="да",Комната_3!$G67,0) -> 0 | AC67: =IF(Замер!$J$60="да",Комната_3!$H67,0) -> 0 | AE67: =IF(Замер!$J$80="да",Комната_4!$B67,0) -> 0 | AF67: =IF(Замер!$J$80="да",Комната_4!$G67,0) -> 0 | AG67: =IF(Замер!$J$80="да",Комната_4!$H67,0) -> 0 | AI67: =IF(Замер!$J$100="да",Комната_5!$B67,0) -> 0 | AJ67: =IF(Замер!$J$100="да",Комната_5!$G67,0) -> 0 | AK67: =IF(Замер!$J$100="да",Комната_5!$H67,0) -> 0 | AM67: =IF(Замер!$J$120="да",Коридор!$B67,0) -> 0 | AN67: =IF(Замер!$J$120="да",Коридор!$G67,0) -> 0 | AO67: =IF(Замер!$J$120="да",Коридор!$H67,0) -> 0 | AQ67: =IF(Замер!$J$140="да",Кухня!$B67,0) -> 0 | AR67: =IF(Замер!$J$140="да",Кухня!$G67,0) -> 0 | AS67: =IF(Замер!$J$140="да",Кухня!$H67,0) -> 0 | AU67: =IF(Замер!$J$160="да",Ванна!$B67,0) -> 0 | AV67: =IF(Замер!$J$160="да",Ванна!$G67,0) -> 0 | AW67: =IF(Замер!$J$160="да",Ванна!$H67,0) -> 0 | AY67: =IF(Замер!$J$180="да",Туалет!$B67,0) -> 0 | AZ67: =IF(Замер!$J$180="да",Туалет!$G67,0) -> 0 | BA67: =IF(Замер!$J$180="да",Туалет!$H67,0) -> 0 | BC67: =IF(Замер!$J$200="да",Балкон!$B67,0) -> 0 | BD67: =IF(Замер!$J$200="да",Балкон!$G67,0) -> 0 | BE67: =IF(Замер!$J$200="да",Балкон!$H67,0) -> 0 | BG67: =IF(Замер!$J$220="да",Помещение_11!$B67,0) -> 0 | BH67: =IF(Замер!$J$220="да",Помещение_11!$G67,0) -> 0 | BI67: =IF(Замер!$J$220="да",Помещение_11!$H67,0) -> 0 | BK67: =IF(Замер!$J$240="да",Помещение_12!$B67,0) -> 0 | BL67: =IF(Замер!$J$240="да",Помещение_12!$G67,0) -> 0 | BM67: =IF(Замер!$J$240="да",Помещение_12!$H67,0) -> 0 | BO67: =IF(Замер!$J$260="да",Помещение_13!$B67,0) -> 0 | BP67: =IF(Замер!$J$260="да",Помещение_13!$G67,0) -> 0 | BQ67: =IF(Замер!$J$260="да",Помещение_13!$H67,0) -> 0 | BS67: =IF(Замер!$J$280="да",Помещение_14!$B67,0) -> 0 | BT67: =IF(Замер!$J$280="да",Помещение_14!$G67,0) -> 0 | BU67: =IF(Замер!$J$280="да",Помещение_14!$H67,0) -> 0 | BW67: =IF(Замер!$J$300="да",Помещение_15!$B67,0) -> 0 | BX67: =IF(Замер!$J$300="да",Помещение_15!$G67,0) -> 0 | BY67: =IF(Замер!$J$300="да",Помещение_15!$H67,0) -> 0 | CA67: =IF(Замер!$J$320="да",Помещение_16!$B67,0) -> 0 | CB67: =IF(Замер!$J$320="да",Помещение_16!$G67,0) -> 0 | CC67: =IF(Замер!$J$320="да",Помещение_16!$H67,0) -> 0 | CE67: =IF(Замер!$J$340="да",Помещение_17!$B67,0) -> 0 | CF67: =IF(Замер!$J$340="да",Помещение_17!$G67,0) -> 0 | CG67: =IF(Замер!$J$340="да",Помещение_17!$H67,0) -> 0 | CI67: =IF(Замер!$J$360="да",Помещение_18!$B67,0) -> 0 | CJ67: =IF(Замер!$J$360="да",Помещение_18!$G67,0) -> 0 | CK67: =IF(Замер!$J$360="да",Помещение_18!$H67,0) -> 0 | CM67: =IF(Замер!$J$380="да",Помещение_19!$B67,0) -> 0 | CN67: =IF(Замер!$J$380="да",Помещение_19!$G67,0) -> 0 | CO67: =IF(Замер!$J$380="да",Помещение_19!$H67,0) -> 0 | CQ67: =IF(Замер!$J$400="да",Помещение_20!$B67,0) -> 0 | CR67: =IF(Замер!$J$400="да",Помещение_20!$G67,0) -> 0 | CS67: =IF(Замер!$J$400="да",Помещение_20!$H67,0) -> 0
B68: =P68 -> 0 | C68: 3.7 | D68: =VLOOKUP(C68,СписокРабот!$B:$E,2,FALSE()) -> Демонтаж дверного полотна | E68: =VLOOKUP(C68,СписокРабот!$B:$E,3,FALSE()) -> ед. | F68: =VLOOKUP(C68,СписокРабот!$B:$E,4,FALSE()) -> 450 | G68: =Q68 -> 0 | H68: =F68*G68 -> 0 | M68: =$F68*(100%-$B$3) -> 382.5 | N68: =$G68*$M68 -> 0 | P68: =MAX(S68,W68,AA68,AE68,AI68,AM68,AQ68,AU68,AY68,BC68,BG68,BK68,BO68,BS68,BW68,CA68,CE68,CI68,CM68,CQ68) -> 0 | Q68: =IF($S68,T68,0)+IF($W68,X68,0)+IF($AA68,AB68,0)+IF($AE68,AF68,0)+IF($AI68,AJ68,0)+IF($AM68,AN68,0)+IF($AQ68,AR68,0)+IF($AU68,AV68,0)+IF($AY68,AZ68,0)+IF($BC68,BD68,0)+IF($BG68,BH68,0)+IF($BK68,BL68,0)+IF($BO68,BP68,0)+IF($BS68,BT68,0)+IF($BW68,BX68,0)+IF($CA68,CB68,0)+IF($CE68,CF68,0)+IF($CI68,CJ68,0)+IF($CM68,CN68,0)+IF($CQ68,CR68,0) -> 0 | R68: =IF($S68=1,U68,0)+IF($W68,Y68,0)+IF($AA68,AC68,0)+IF($AE68,AG68,0)+IF($AI68,AK68,0)+IF($AM68,AO68,0)+IF($AQ68,AS68,0)+IF($AU68,AW68,0)+IF($AY68,BA68,0)+IF($BC68,BE68,0)+IF($BG68,BI68,0)+IF($BK68,BM68,0)+IF($BO68,BQ68,0)+IF($BS68,BU68,0)+IF($BW68,BY68,0)+IF($CA68,CC68,0)+IF($CE68,CG68,0)+IF($CI68,CK68,0)+IF($CM68,CO68,0)+IF($CQ68,CS68,0) -> 0 | S68: =IF(Замер!$J$20="да",Комната_1!$B68,0) -> 0 | T68: =IF(Замер!$J$20="да",Комната_1!$G68,0) -> 0 | U68: =IF(Замер!$J$20="да",Комната_1!$H68,0) -> 0 | W68: =IF(Замер!$J$40="да",Комната_2!$B68,0) -> 0 | X68: =IF(Замер!$J$40="да",Комната_2!$G68,0) -> 0 | Y68: =IF(Замер!$J$40="да",Комната_2!$H68,0) -> 0 | AA68: =IF(Замер!$J$60="да",Комната_3!$B68,0) -> 0 | AB68: =IF(Замер!$J$60="да",Комната_3!$G68,0) -> 0 | AC68: =IF(Замер!$J$60="да",Комната_3!$H68,0) -> 0 | AE68: =IF(Замер!$J$80="да",Комната_4!$B68,0) -> 0 | AF68: =IF(Замер!$J$80="да",Комната_4!$G68,0) -> 0 | AG68: =IF(Замер!$J$80="да",Комната_4!$H68,0) -> 0 | AI68: =IF(Замер!$J$100="да",Комната_5!$B68,0) -> 0 | AJ68: =IF(Замер!$J$100="да",Комната_5!$G68,0) -> 0 | AK68: =IF(Замер!$J$100="да",Комната_5!$H68,0) -> 0 | AM68: =IF(Замер!$J$120="да",Коридор!$B68,0) -> 0 | AN68: =IF(Замер!$J$120="да",Коридор!$G68,0) -> 0 | AO68: =IF(Замер!$J$120="да",Коридор!$H68,0) -> 0 | AQ68: =IF(Замер!$J$140="да",Кухня!$B68,0) -> 0 | AR68: =IF(Замер!$J$140="да",Кухня!$G68,0) -> 0 | AS68: =IF(Замер!$J$140="да",Кухня!$H68,0) -> 0 | AU68: =IF(Замер!$J$160="да",Ванна!$B68,0) -> 0 | AV68: =IF(Замер!$J$160="да",Ванна!$G68,0) -> 0 | AW68: =IF(Замер!$J$160="да",Ванна!$H68,0) -> 0 | AY68: =IF(Замер!$J$180="да",Туалет!$B68,0) -> 0 | AZ68: =IF(Замер!$J$180="да",Туалет!$G68,0) -> 0 | BA68: =IF(Замер!$J$180="да",Туалет!$H68,0) -> 0 | BC68: =IF(Замер!$J$200="да",Балкон!$B68,0) -> 0 | BD68: =IF(Замер!$J$200="да",Балкон!$G68,0) -> 0 | BE68: =IF(Замер!$J$200="да",Балкон!$H68,0) -> 0 | BG68: =IF(Замер!$J$220="да",Помещение_11!$B68,0) -> 0 | BH68: =IF(Замер!$J$220="да",Помещение_11!$G68,0) -> 0 | BI68: =IF(Замер!$J$220="да",Помещение_11!$H68,0) -> 0 | BK68: =IF(Замер!$J$240="да",Помещение_12!$B68,0) -> 0 | BL68: =IF(Замер!$J$240="да",Помещение_12!$G68,0) -> 0 | BM68: =IF(Замер!$J$240="да",Помещение_12!$H68,0) -> 0 | BO68: =IF(Замер!$J$260="да",Помещение_13!$B68,0) -> 0 | BP68: =IF(Замер!$J$260="да",Помещение_13!$G68,0) -> 0 | BQ68: =IF(Замер!$J$260="да",Помещение_13!$H68,0) -> 0 | BS68: =IF(Замер!$J$280="да",Помещение_14!$B68,0) -> 0 | BT68: =IF(Замер!$J$280="да",Помещение_14!$G68,0) -> 0 | BU68: =IF(Замер!$J$280="да",Помещение_14!$H68,0) -> 0 | BW68: =IF(Замер!$J$300="да",Помещение_15!$B68,0) -> 0 | BX68: =IF(Замер!$J$300="да",Помещение_15!$G68,0) -> 0 | BY68: =IF(Замер!$J$300="да",Помещение_15!$H68,0) -> 0 | CA68: =IF(Замер!$J$320="да",Помещение_16!$B68,0) -> 0 | CB68: =IF(Замер!$J$320="да",Помещение_16!$G68,0) -> 0 | CC68: =IF(Замер!$J$320="да",Помещение_16!$H68,0) -> 0 | CE68: =IF(Замер!$J$340="да",Помещение_17!$B68,0) -> 0 | CF68: =IF(Замер!$J$340="да",Помещение_17!$G68,0) -> 0 | CG68: =IF(Замер!$J$340="да",Помещение_17!$H68,0) -> 0 | CI68: =IF(Замер!$J$360="да",Помещение_18!$B68,0) -> 0 | CJ68: =IF(Замер!$J$360="да",Помещение_18!$G68,0) -> 0 | CK68: =IF(Замер!$J$360="да",Помещение_18!$H68,0) -> 0 | CM68: =IF(Замер!$J$380="да",Помещение_19!$B68,0) -> 0 | CN68: =IF(Замер!$J$380="да",Помещение_19!$G68,0) -> 0 | CO68: =IF(Замер!$J$380="да",Помещение_19!$H68,0) -> 0 | CQ68: =IF(Замер!$J$400="да",Помещение_20!$B68,0) -> 0 | CR68: =IF(Замер!$J$400="да",Помещение_20!$G68,0) -> 0 | CS68: =IF(Замер!$J$400="да",Помещение_20!$H68,0) -> 0
B69: =P69 -> 0 | C69: 3.8 | D69: =VLOOKUP(C69,СписокРабот!$B:$E,2,FALSE()) -> Демонтаж подоконника (пластик) | E69: =VLOOKUP(C69,СписокРабот!$B:$E,3,FALSE()) -> ед. | F69: =VLOOKUP(C69,СписокРабот!$B:$E,4,FALSE()) -> 809 | G69: =Q69 -> 0 | H69: =F69*G69 -> 0 | M69: =$F69*(100%-$B$3) -> 687.65 | N69: =$G69*$M69 -> 0 | P69: =MAX(S69,W69,AA69,AE69,AI69,AM69,AQ69,AU69,AY69,BC69,BG69,BK69,BO69,BS69,BW69,CA69,CE69,CI69,CM69,CQ69) -> 0 | Q69: =IF($S69,T69,0)+IF($W69,X69,0)+IF($AA69,AB69,0)+IF($AE69,AF69,0)+IF($AI69,AJ69,0)+IF($AM69,AN69,0)+IF($AQ69,AR69,0)+IF($AU69,AV69,0)+IF($AY69,AZ69,0)+IF($BC69,BD69,0)+IF($BG69,BH69,0)+IF($BK69,BL69,0)+IF($BO69,BP69,0)+IF($BS69,BT69,0)+IF($BW69,BX69,0)+IF($CA69,CB69,0)+IF($CE69,CF69,0)+IF($CI69,CJ69,0)+IF($CM69,CN69,0)+IF($CQ69,CR69,0) -> 0 | R69: =IF($S69=1,U69,0)+IF($W69,Y69,0)+IF($AA69,AC69,0)+IF($AE69,AG69,0)+IF($AI69,AK69,0)+IF($AM69,AO69,0)+IF($AQ69,AS69,0)+IF($AU69,AW69,0)+IF($AY69,BA69,0)+IF($BC69,BE69,0)+IF($BG69,BI69,0)+IF($BK69,BM69,0)+IF($BO69,BQ69,0)+IF($BS69,BU69,0)+IF($BW69,BY69,0)+IF($CA69,CC69,0)+IF($CE69,CG69,0)+IF($CI69,CK69,0)+IF($CM69,CO69,0)+IF($CQ69,CS69,0) -> 0 | S69: =IF(Замер!$J$20="да",Комната_1!$B69,0) -> 0 | T69: =IF(Замер!$J$20="да",Комната_1!$G69,0) -> 0 | U69: =IF(Замер!$J$20="да",Комната_1!$H69,0) -> 0 | W69: =IF(Замер!$J$40="да",Комната_2!$B69,0) -> 0 | X69: =IF(Замер!$J$40="да",Комната_2!$G69,0) -> 0 | Y69: =IF(Замер!$J$40="да",Комната_2!$H69,0) -> 0 | AA69: =IF(Замер!$J$60="да",Комната_3!$B69,0) -> 0 | AB69: =IF(Замер!$J$60="да",Комната_3!$G69,0) -> 0 | AC69: =IF(Замер!$J$60="да",Комната_3!$H69,0) -> 0 | AE69: =IF(Замер!$J$80="да",Комната_4!$B69,0) -> 0 | AF69: =IF(Замер!$J$80="да",Комната_4!$G69,0) -> 0 | AG69: =IF(Замер!$J$80="да",Комната_4!$H69,0) -> 0 | AI69: =IF(Замер!$J$100="да",Комната_5!$B69,0) -> 0 | AJ69: =IF(Замер!$J$100="да",Комната_5!$G69,0) -> 0 | AK69: =IF(Замер!$J$100="да",Комната_5!$H69,0) -> 0 | AM69: =IF(Замер!$J$120="да",Коридор!$B69,0) -> 0 | AN69: =IF(Замер!$J$120="да",Коридор!$G69,0) -> 0 | AO69: =IF(Замер!$J$120="да",Коридор!$H69,0) -> 0 | AQ69: =IF(Замер!$J$140="да",Кухня!$B69,0) -> 0 | AR69: =IF(Замер!$J$140="да",Кухня!$G69,0) -> 0 | AS69: =IF(Замер!$J$140="да",Кухня!$H69,0) -> 0 | AU69: =IF(Замер!$J$160="да",Ванна!$B69,0) -> 0 | AV69: =IF(Замер!$J$160="да",Ванна!$G69,0) -> 0 | AW69: =IF(Замер!$J$160="да",Ванна!$H69,0) -> 0 | AY69: =IF(Замер!$J$180="да",Туалет!$B69,0) -> 0 | AZ69: =IF(Замер!$J$180="да",Туалет!$G69,0) -> 0 | BA69: =IF(Замер!$J$180="да",Туалет!$H69,0) -> 0 | BC69: =IF(Замер!$J$200="да",Балкон!$B69,0) -> 0 | BD69: =IF(Замер!$J$200="да",Балкон!$G69,0) -> 0 | BE69: =IF(Замер!$J$200="да",Балкон!$H69,0) -> 0 | BG69: =IF(Замер!$J$220="да",Помещение_11!$B69,0) -> 0 | BH69: =IF(Замер!$J$220="да",Помещение_11!$G69,0) -> 0 | BI69: =IF(Замер!$J$220="да",Помещение_11!$H69,0) -> 0 | BK69: =IF(Замер!$J$240="да",Помещение_12!$B69,0) -> 0 | BL69: =IF(Замер!$J$240="да",Помещение_12!$G69,0) -> 0 | BM69: =IF(Замер!$J$240="да",Помещение_12!$H69,0) -> 0 | BO69: =IF(Замер!$J$260="да",Помещение_13!$B69,0) -> 0 | BP69: =IF(Замер!$J$260="да",Помещение_13!$G69,0) -> 0 | BQ69: =IF(Замер!$J$260="да",Помещение_13!$H69,0) -> 0 | BS69: =IF(Замер!$J$280="да",Помещение_14!$B69,0) -> 0 | BT69: =IF(Замер!$J$280="да",Помещение_14!$G69,0) -> 0 | BU69: =IF(Замер!$J$280="да",Помещение_14!$H69,0) -> 0 | BW69: =IF(Замер!$J$300="да",Помещение_15!$B69,0) -> 0 | BX69: =IF(Замер!$J$300="да",Помещение_15!$G69,0) -> 0 | BY69: =IF(Замер!$J$300="да",Помещение_15!$H69,0) -> 0 | CA69: =IF(Замер!$J$320="да",Помещение_16!$B69,0) -> 0 | CB69: =IF(Замер!$J$320="да",Помещение_16!$G69,0) -> 0 | CC69: =IF(Замер!$J$320="да",Помещение_16!$H69,0) -> 0 | CE69: =IF(Замер!$J$340="да",Помещение_17!$B69,0) -> 0 | CF69: =IF(Замер!$J$340="да",Помещение_17!$G69,0) -> 0 | CG69: =IF(Замер!$J$340="да",Помещение_17!$H69,0) -> 0 | CI69: =IF(Замер!$J$360="да",Помещение_18!$B69,0) -> 0 | CJ69: =IF(Замер!$J$360="да",Помещение_18!$G69,0) -> 0 | CK69: =IF(Замер!$J$360="да",Помещение_18!$H69,0) -> 0 | CM69: =IF(Замер!$J$380="да",Помещение_19!$B69,0) -> 0 | CN69: =IF(Замер!$J$380="да",Помещение_19!$G69,0) -> 0 | CO69: =IF(Замер!$J$380="да",Помещение_19!$H69,0) -> 0 | CQ69: =IF(Замер!$J$400="да",Помещение_20!$B69,0) -> 0 | CR69: =IF(Замер!$J$400="да",Помещение_20!$G69,0) -> 0 | CS69: =IF(Замер!$J$400="да",Помещение_20!$H69,0) -> 0
B70: =P70 -> 0 | C70: 3.9 | D70: =VLOOKUP(C70,СписокРабот!$B:$E,2,FALSE()) -> Демонтаж подоконника (камень/бетон) | E70: =VLOOKUP(C70,СписокРабот!$B:$E,3,FALSE()) -> ед. | F70: =VLOOKUP(C70,СписокРабот!$B:$E,4,FALSE()) -> 1466 | G70: =Q70 -> 0 | H70: =F70*G70 -> 0 | M70: =$F70*(100%-$B$3) -> 1246.1 | N70: =$G70*$M70 -> 0 | P70: =MAX(S70,W70,AA70,AE70,AI70,AM70,AQ70,AU70,AY70,BC70,BG70,BK70,BO70,BS70,BW70,CA70,CE70,CI70,CM70,CQ70) -> 0 | Q70: =IF($S70,T70,0)+IF($W70,X70,0)+IF($AA70,AB70,0)+IF($AE70,AF70,0)+IF($AI70,AJ70,0)+IF($AM70,AN70,0)+IF($AQ70,AR70,0)+IF($AU70,AV70,0)+IF($AY70,AZ70,0)+IF($BC70,BD70,0)+IF($BG70,BH70,0)+IF($BK70,BL70,0)+IF($BO70,BP70,0)+IF($BS70,BT70,0)+IF($BW70,BX70,0)+IF($CA70,CB70,0)+IF($CE70,CF70,0)+IF($CI70,CJ70,0)+IF($CM70,CN70,0)+IF($CQ70,CR70,0) -> 0 | R70: =IF($S70=1,U70,0)+IF($W70,Y70,0)+IF($AA70,AC70,0)+IF($AE70,AG70,0)+IF($AI70,AK70,0)+IF($AM70,AO70,0)+IF($AQ70,AS70,0)+IF($AU70,AW70,0)+IF($AY70,BA70,0)+IF($BC70,BE70,0)+IF($BG70,BI70,0)+IF($BK70,BM70,0)+IF($BO70,BQ70,0)+IF($BS70,BU70,0)+IF($BW70,BY70,0)+IF($CA70,CC70,0)+IF($CE70,CG70,0)+IF($CI70,CK70,0)+IF($CM70,CO70,0)+IF($CQ70,CS70,0) -> 0 | S70: =IF(Замер!$J$20="да",Комната_1!$B70,0) -> 0 | T70: =IF(Замер!$J$20="да",Комната_1!$G70,0) -> 0 | U70: =IF(Замер!$J$20="да",Комната_1!$H70,0) -> 0 | W70: =IF(Замер!$J$40="да",Комната_2!$B70,0) -> 0 | X70: =IF(Замер!$J$40="да",Комната_2!$G70,0) -> 0 | Y70: =IF(Замер!$J$40="да",Комната_2!$H70,0) -> 0 | AA70: =IF(Замер!$J$60="да",Комната_3!$B70,0) -> 0 | AB70: =IF(Замер!$J$60="да",Комната_3!$G70,0) -> 0 | AC70: =IF(Замер!$J$60="да",Комната_3!$H70,0) -> 0 | AE70: =IF(Замер!$J$80="да",Комната_4!$B70,0) -> 0 | AF70: =IF(Замер!$J$80="да",Комната_4!$G70,0) -> 0 | AG70: =IF(Замер!$J$80="да",Комната_4!$H70,0) -> 0 | AI70: =IF(Замер!$J$100="да",Комната_5!$B70,0) -> 0 | AJ70: =IF(Замер!$J$100="да",Комната_5!$G70,0) -> 0 | AK70: =IF(Замер!$J$100="да",Комната_5!$H70,0) -> 0 | AM70: =IF(Замер!$J$120="да",Коридор!$B70,0) -> 0 | AN70: =IF(Замер!$J$120="да",Коридор!$G70,0) -> 0 | AO70: =IF(Замер!$J$120="да",Коридор!$H70,0) -> 0 | AQ70: =IF(Замер!$J$140="да",Кухня!$B70,0) -> 0 | AR70: =IF(Замер!$J$140="да",Кухня!$G70,0) -> 0 | AS70: =IF(Замер!$J$140="да",Кухня!$H70,0) -> 0 | AU70: =IF(Замер!$J$160="да",Ванна!$B70,0) -> 0 | AV70: =IF(Замер!$J$160="да",Ванна!$G70,0) -> 0 | AW70: =IF(Замер!$J$160="да",Ванна!$H70,0) -> 0 | AY70: =IF(Замер!$J$180="да",Туалет!$B70,0) -> 0 | AZ70: =IF(Замер!$J$180="да",Туалет!$G70,0) -> 0 | BA70: =IF(Замер!$J$180="да",Туалет!$H70,0) -> 0 | BC70: =IF(Замер!$J$200="да",Балкон!$B70,0) -> 0 | BD70: =IF(Замер!$J$200="да",Балкон!$G70,0) -> 0 | BE70: =IF(Замер!$J$200="да",Балкон!$H70,0) -> 0 | BG70: =IF(Замер!$J$220="да",Помещение_11!$B70,0) -> 0 | BH70: =IF(Замер!$J$220="да",Помещение_11!$G70,0) -> 0 | BI70: =IF(Замер!$J$220="да",Помещение_11!$H70,0) -> 0 | BK70: =IF(Замер!$J$240="да",Помещение_12!$B70,0) -> 0 | BL70: =IF(Замер!$J$240="да",Помещение_12!$G70,0) -> 0 | BM70: =IF(Замер!$J$240="да",Помещение_12!$H70,0) -> 0 | BO70: =IF(Замер!$J$260="да",Помещение_13!$B70,0) -> 0 | BP70: =IF(Замер!$J$260="да",Помещение_13!$G70,0) -> 0 | BQ70: =IF(Замер!$J$260="да",Помещение_13!$H70,0) -> 0 | BS70: =IF(Замер!$J$280="да",Помещение_14!$B70,0) -> 0 | BT70: =IF(Замер!$J$280="да",Помещение_14!$G70,0) -> 0 | BU70: =IF(Замер!$J$280="да",Помещение_14!$H70,0) -> 0 | BW70: =IF(Замер!$J$300="да",Помещение_15!$B70,0) -> 0 | BX70: =IF(Замер!$J$300="да",Помещение_15!$G70,0) -> 0 | BY70: =IF(Замер!$J$300="да",Помещение_15!$H70,0) -> 0 | CA70: =IF(Замер!$J$320="да",Помещение_16!$B70,0) -> 0 | CB70: =IF(Замер!$J$320="да",Помещение_16!$G70,0) -> 0 | CC70: =IF(Замер!$J$320="да",Помещение_16!$H70,0) -> 0 | CE70: =IF(Замер!$J$340="да",Помещение_17!$B70,0) -> 0 | CF70: =IF(Замер!$J$340="да",Помещение_17!$G70,0) -> 0 | CG70: =IF(Замер!$J$340="да",Помещение_17!$H70,0) -> 0 | CI70: =IF(Замер!$J$360="да",Помещение_18!$B70,0) -> 0 | CJ70: =IF(Замер!$J$360="да",Помещение_18!$G70,0) -> 0 | CK70: =IF(Замер!$J$360="да",Помещение_18!$H70,0) -> 0 | CM70: =IF(Замер!$J$380="да",Помещение_19!$B70,0) -> 0 | CN70: =IF(Замер!$J$380="да",Помещение_19!$G70,0) -> 0 | CO70: =IF(Замер!$J$380="да",Помещение_19!$H70,0) -> 0 | CQ70: =IF(Замер!$J$400="да",Помещение_20!$B70,0) -> 0 | CR70: =IF(Замер!$J$400="да",Помещение_20!$G70,0) -> 0 | CS70: =IF(Замер!$J$400="да",Помещение_20!$H70,0) -> 0
B71: =P71 -> 0 | C71: 3.10 | D71: =VLOOKUP(C71,СписокРабот!$B:$E,2,FALSE()) -> Демонтаж дверных блоков | E71: =VLOOKUP(C71,СписокРабот!$B:$E,3,FALSE()) -> ед. | F71: =VLOOKUP(C71,СписокРабот!$B:$E,4,FALSE()) -> 777 | G71: =Q71 -> 0 | H71: =F71*G71 -> 0 | M71: =$F71*(100%-$B$3) -> 660.45 | N71: =$G71*$M71 -> 0 | P71: =MAX(S71,W71,AA71,AE71,AI71,AM71,AQ71,AU71,AY71,BC71,BG71,BK71,BO71,BS71,BW71,CA71,CE71,CI71,CM71,CQ71) -> 0 | Q71: =IF($S71,T71,0)+IF($W71,X71,0)+IF($AA71,AB71,0)+IF($AE71,AF71,0)+IF($AI71,AJ71,0)+IF($AM71,AN71,0)+IF($AQ71,AR71,0)+IF($AU71,AV71,0)+IF($AY71,AZ71,0)+IF($BC71,BD71,0)+IF($BG71,BH71,0)+IF($BK71,BL71,0)+IF($BO71,BP71,0)+IF($BS71,BT71,0)+IF($BW71,BX71,0)+IF($CA71,CB71,0)+IF($CE71,CF71,0)+IF($CI71,CJ71,0)+IF($CM71,CN71,0)+IF($CQ71,CR71,0) -> 0 | R71: =IF($S71=1,U71,0)+IF($W71,Y71,0)+IF($AA71,AC71,0)+IF($AE71,AG71,0)+IF($AI71,AK71,0)+IF($AM71,AO71,0)+IF($AQ71,AS71,0)+IF($AU71,AW71,0)+IF($AY71,BA71,0)+IF($BC71,BE71,0)+IF($BG71,BI71,0)+IF($BK71,BM71,0)+IF($BO71,BQ71,0)+IF($BS71,BU71,0)+IF($BW71,BY71,0)+IF($CA71,CC71,0)+IF($CE71,CG71,0)+IF($CI71,CK71,0)+IF($CM71,CO71,0)+IF($CQ71,CS71,0) -> 0 | S71: =IF(Замер!$J$20="да",Комната_1!$B71,0) -> 0 | T71: =IF(Замер!$J$20="да",Комната_1!$G71,0) -> 1 | U71: =IF(Замер!$J$20="да",Комната_1!$H71,0) -> 777 | W71: =IF(Замер!$J$40="да",Комната_2!$B71,0) -> 0 | X71: =IF(Замер!$J$40="да",Комната_2!$G71,0) -> 1 | Y71: =IF(Замер!$J$40="да",Комната_2!$H71,0) -> 777 | AA71: =IF(Замер!$J$60="да",Комната_3!$B71,0) -> 0 | AB71: =IF(Замер!$J$60="да",Комната_3!$G71,0) -> 1 | AC71: =IF(Замер!$J$60="да",Комната_3!$H71,0) -> 777 | AE71: =IF(Замер!$J$80="да",Комната_4!$B71,0) -> 0 | AF71: =IF(Замер!$J$80="да",Комната_4!$G71,0) -> 7 | AG71: =IF(Замер!$J$80="да",Комната_4!$H71,0) -> 5439 | AI71: =IF(Замер!$J$100="да",Комната_5!$B71,0) -> 0 | AJ71: =IF(Замер!$J$100="да",Комната_5!$G71,0) -> 1 | AK71: =IF(Замер!$J$100="да",Комната_5!$H71,0) -> 777 | AM71: =IF(Замер!$J$120="да",Коридор!$B71,0) -> 0 | AN71: =IF(Замер!$J$120="да",Коридор!$G71,0) -> 1 | AO71: =IF(Замер!$J$120="да",Коридор!$H71,0) -> 777 | AQ71: =IF(Замер!$J$140="да",Кухня!$B71,0) -> 0 | AR71: =IF(Замер!$J$140="да",Кухня!$G71,0) -> 1 | AS71: =IF(Замер!$J$140="да",Кухня!$H71,0) -> 777 | AU71: =IF(Замер!$J$160="да",Ванна!$B71,0) -> 0 | AV71: =IF(Замер!$J$160="да",Ванна!$G71,0) -> 1 | AW71: =IF(Замер!$J$160="да",Ванна!$H71,0) -> 777 | AY71: =IF(Замер!$J$180="да",Туалет!$B71,0) -> 0 | AZ71: =IF(Замер!$J$180="да",Туалет!$G71,0) -> 0 | BA71: =IF(Замер!$J$180="да",Туалет!$H71,0) -> 0 | BC71: =IF(Замер!$J$200="да",Балкон!$B71,0) -> 0 | BD71: =IF(Замер!$J$200="да",Балкон!$G71,0) -> 0 | BE71: =IF(Замер!$J$200="да",Балкон!$H71,0) -> 0 | BG71: =IF(Замер!$J$220="да",Помещение_11!$B71,0) -> 0 | BH71: =IF(Замер!$J$220="да",Помещение_11!$G71,0) -> 0 | BI71: =IF(Замер!$J$220="да",Помещение_11!$H71,0) -> 0 | BK71: =IF(Замер!$J$240="да",Помещение_12!$B71,0) -> 0 | BL71: =IF(Замер!$J$240="да",Помещение_12!$G71,0) -> 0 | BM71: =IF(Замер!$J$240="да",Помещение_12!$H71,0) -> 0 | BO71: =IF(Замер!$J$260="да",Помещение_13!$B71,0) -> 0 | BP71: =IF(Замер!$J$260="да",Помещение_13!$G71,0) -> 0 | BQ71: =IF(Замер!$J$260="да",Помещение_13!$H71,0) -> 0 | BS71: =IF(Замер!$J$280="да",Помещение_14!$B71,0) -> 0 | BT71: =IF(Замер!$J$280="да",Помещение_14!$G71,0) -> 0 | BU71: =IF(Замер!$J$280="да",Помещение_14!$H71,0) -> 0 | BW71: =IF(Замер!$J$300="да",Помещение_15!$B71,0) -> 0 | BX71: =IF(Замер!$J$300="да",Помещение_15!$G71,0) -> 0 | BY71: =IF(Замер!$J$300="да",Помещение_15!$H71,0) -> 0 | CA71: =IF(Замер!$J$320="да",Помещение_16!$B71,0) -> 0 | CB71: =IF(Замер!$J$320="да",Помещение_16!$G71,0) -> 0 | CC71: =IF(Замер!$J$320="да",Помещение_16!$H71,0) -> 0 | CE71: =IF(Замер!$J$340="да",Помещение_17!$B71,0) -> 0 | CF71: =IF(Замер!$J$340="да",Помещение_17!$G71,0) -> 0 | CG71: =IF(Замер!$J$340="да",Помещение_17!$H71,0) -> 0 | CI71: =IF(Замер!$J$360="да",Помещение_18!$B71,0) -> 0 | CJ71: =IF(Замер!$J$360="да",Помещение_18!$G71,0) -> 0 | CK71: =IF(Замер!$J$360="да",Помещение_18!$H71,0) -> 0 | CM71: =IF(Замер!$J$380="да",Помещение_19!$B71,0) -> 0 | CN71: =IF(Замер!$J$380="да",Помещение_19!$G71,0) -> 0 | CO71: =IF(Замер!$J$380="да",Помещение_19!$H71,0) -> 0 | CQ71: =IF(Замер!$J$400="да",Помещение_20!$B71,0) -> 0 | CR71: =IF(Замер!$J$400="да",Помещение_20!$G71,0) -> 0 | CS71: =IF(Замер!$J$400="да",Помещение_20!$H71,0) -> 0
B72: =P72 -> 0 | C72: 3.11 | D72: =VLOOKUP(C72,СписокРабот!$B:$E,2,FALSE()) -> Демонтаж оконных блоков | E72: =VLOOKUP(C72,СписокРабот!$B:$E,3,FALSE()) -> м² | F72: =VLOOKUP(C72,СписокРабот!$B:$E,4,FALSE()) -> 468 | G72: =Q72 -> 0 | H72: =F72*G72 -> 0 | M72: =$F72*(100%-$B$3) -> 397.8 | N72: =$G72*$M72 -> 0 | P72: =MAX(S72,W72,AA72,AE72,AI72,AM72,AQ72,AU72,AY72,BC72,BG72,BK72,BO72,BS72,BW72,CA72,CE72,CI72,CM72,CQ72) -> 0 | Q72: =IF($S72,T72,0)+IF($W72,X72,0)+IF($AA72,AB72,0)+IF($AE72,AF72,0)+IF($AI72,AJ72,0)+IF($AM72,AN72,0)+IF($AQ72,AR72,0)+IF($AU72,AV72,0)+IF($AY72,AZ72,0)+IF($BC72,BD72,0)+IF($BG72,BH72,0)+IF($BK72,BL72,0)+IF($BO72,BP72,0)+IF($BS72,BT72,0)+IF($BW72,BX72,0)+IF($CA72,CB72,0)+IF($CE72,CF72,0)+IF($CI72,CJ72,0)+IF($CM72,CN72,0)+IF($CQ72,CR72,0) -> 0 | R72: =IF($S72=1,U72,0)+IF($W72,Y72,0)+IF($AA72,AC72,0)+IF($AE72,AG72,0)+IF($AI72,AK72,0)+IF($AM72,AO72,0)+IF($AQ72,AS72,0)+IF($AU72,AW72,0)+IF($AY72,BA72,0)+IF($BC72,BE72,0)+IF($BG72,BI72,0)+IF($BK72,BM72,0)+IF($BO72,BQ72,0)+IF($BS72,BU72,0)+IF($BW72,BY72,0)+IF($CA72,CC72,0)+IF($CE72,CG72,0)+IF($CI72,CK72,0)+IF($CM72,CO72,0)+IF($CQ72,CS72,0) -> 0 | S72: =IF(Замер!$J$20="да",Комната_1!$B72,0) -> 0 | T72: =IF(Замер!$J$20="да",Комната_1!$G72,0) -> 3 | U72: =IF(Замер!$J$20="да",Комната_1!$H72,0) -> 1404 | W72: =IF(Замер!$J$40="да",Комната_2!$B72,0) -> 0 | X72: =IF(Замер!$J$40="да",Комната_2!$G72,0) -> 1 | Y72: =IF(Замер!$J$40="да",Комната_2!$H72,0) -> 468 | AA72: =IF(Замер!$J$60="да",Комната_3!$B72,0) -> 0 | AB72: =IF(Замер!$J$60="да",Комната_3!$G72,0) -> 2 | AC72: =IF(Замер!$J$60="да",Комната_3!$H72,0) -> 936 | AE72: =IF(Замер!$J$80="да",Комната_4!$B72,0) -> 0 | AF72: =IF(Замер!$J$80="да",Комната_4!$G72,0) -> 0 | AG72: =IF(Замер!$J$80="да",Комната_4!$H72,0) -> 0 | AI72: =IF(Замер!$J$100="да",Комната_5!$B72,0) -> 0 | AJ72: =IF(Замер!$J$100="да",Комната_5!$G72,0) -> 0 | AK72: =IF(Замер!$J$100="да",Комната_5!$H72,0) -> 0 | AM72: =IF(Замер!$J$120="да",Коридор!$B72,0) -> 0 | AN72: =IF(Замер!$J$120="да",Коридор!$G72,0) -> 0 | AO72: =IF(Замер!$J$120="да",Коридор!$H72,0) -> 0 | AQ72: =IF(Замер!$J$140="да",Кухня!$B72,0) -> 0 | AR72: =IF(Замер!$J$140="да",Кухня!$G72,0) -> 0 | AS72: =IF(Замер!$J$140="да",Кухня!$H72,0) -> 0 | AU72: =IF(Замер!$J$160="да",Ванна!$B72,0) -> 0 | AV72: =IF(Замер!$J$160="да",Ванна!$G72,0) -> 0 | AW72: =IF(Замер!$J$160="да",Ванна!$H72,0) -> 0 | AY72: =IF(Замер!$J$180="да",Туалет!$B72,0) -> 0 | AZ72: =IF(Замер!$J$180="да",Туалет!$G72,0) -> 0 | BA72: =IF(Замер!$J$180="да",Туалет!$H72,0) -> 0 | BC72: =IF(Замер!$J$200="да",Балкон!$B72,0) -> 0 | BD72: =IF(Замер!$J$200="да",Балкон!$G72,0) -> 0 | BE72: =IF(Замер!$J$200="да",Балкон!$H72,0) -> 0 | BG72: =IF(Замер!$J$220="да",Помещение_11!$B72,0) -> 0 | BH72: =IF(Замер!$J$220="да",Помещение_11!$G72,0) -> 0 | BI72: =IF(Замер!$J$220="да",Помещение_11!$H72,0) -> 0 | BK72: =IF(Замер!$J$240="да",Помещение_12!$B72,0) -> 0 | BL72: =IF(Замер!$J$240="да",Помещение_12!$G72,0) -> 0 | BM72: =IF(Замер!$J$240="да",Помещение_12!$H72,0) -> 0 | BO72: =IF(Замер!$J$260="да",Помещение_13!$B72,0) -> 0 | BP72: =IF(Замер!$J$260="да",Помещение_13!$G72,0) -> 0 | BQ72: =IF(Замер!$J$260="да",Помещение_13!$H72,0) -> 0 | BS72: =IF(Замер!$J$280="да",Помещение_14!$B72,0) -> 0 | BT72: =IF(Замер!$J$280="да",Помещение_14!$G72,0) -> 0 | BU72: =IF(Замер!$J$280="да",Помещение_14!$H72,0) -> 0 | BW72: =IF(Замер!$J$300="да",Помещение_15!$B72,0) -> 0 | BX72: =IF(Замер!$J$300="да",Помещение_15!$G72,0) -> 0 | BY72: =IF(Замер!$J$300="да",Помещение_15!$H72,0) -> 0 | CA72: =IF(Замер!$J$320="да",Помещение_16!$B72,0) -> 0 | CB72: =IF(Замер!$J$320="да",Помещение_16!$G72,0) -> 0 | CC72: =IF(Замер!$J$320="да",Помещение_16!$H72,0) -> 0 | CE72: =IF(Замер!$J$340="да",Помещение_17!$B72,0) -> 0 | CF72: =IF(Замер!$J$340="да",Помещение_17!$G72,0) -> 0 | CG72: =IF(Замер!$J$340="да",Помещение_17!$H72,0) -> 0 | CI72: =IF(Замер!$J$360="да",Помещение_18!$B72,0) -> 0 | CJ72: =IF(Замер!$J$360="да",Помещение_18!$G72,0) -> 0 | CK72: =IF(Замер!$J$360="да",Помещение_18!$H72,0) -> 0 | CM72: =IF(Замер!$J$380="да",Помещение_19!$B72,0) -> 0 | CN72: =IF(Замер!$J$380="да",Помещение_19!$G72,0) -> 0 | CO72: =IF(Замер!$J$380="да",Помещение_19!$H72,0) -> 0 | CQ72: =IF(Замер!$J$400="да",Помещение_20!$B72,0) -> 0 | CR72: =IF(Замер!$J$400="да",Помещение_20!$G72,0) -> 0 | CS72: =IF(Замер!$J$400="да",Помещение_20!$H72,0) -> 0
B73: =P73 -> 0 | C73: 3.12 | D73: =VLOOKUP(C73,СписокРабот!$B:$E,2,FALSE()) -> Расчистка стен от старой ВЭ краски / шпаклевки. От масляной краски К-1,3 | E73: =VLOOKUP(C73,СписокРабот!$B:$E,3,FALSE()) -> м² | F73: =VLOOKUP(C73,СписокРабот!$B:$E,4,FALSE()) -> 722 | G73: =Q73 -> 0 | H73: =F73*G73 -> 0 | M73: =$F73*(100%-$B$3) -> 613.7 | N73: =$G73*$M73 -> 0 | P73: =MAX(S73,W73,AA73,AE73,AI73,AM73,AQ73,AU73,AY73,BC73,BG73,BK73,BO73,BS73,BW73,CA73,CE73,CI73,CM73,CQ73) -> 0 | Q73: =IF($S73,T73,0)+IF($W73,X73,0)+IF($AA73,AB73,0)+IF($AE73,AF73,0)+IF($AI73,AJ73,0)+IF($AM73,AN73,0)+IF($AQ73,AR73,0)+IF($AU73,AV73,0)+IF($AY73,AZ73,0)+IF($BC73,BD73,0)+IF($BG73,BH73,0)+IF($BK73,BL73,0)+IF($BO73,BP73,0)+IF($BS73,BT73,0)+IF($BW73,BX73,0)+IF($CA73,CB73,0)+IF($CE73,CF73,0)+IF($CI73,CJ73,0)+IF($CM73,CN73,0)+IF($CQ73,CR73,0) -> 0 | R73: =IF($S73=1,U73,0)+IF($W73,Y73,0)+IF($AA73,AC73,0)+IF($AE73,AG73,0)+IF($AI73,AK73,0)+IF($AM73,AO73,0)+IF($AQ73,AS73,0)+IF($AU73,AW73,0)+IF($AY73,BA73,0)+IF($BC73,BE73,0)+IF($BG73,BI73,0)+IF($BK73,BM73,0)+IF($BO73,BQ73,0)+IF($BS73,BU73,0)+IF($BW73,BY73,0)+IF($CA73,CC73,0)+IF($CE73,CG73,0)+IF($CI73,CK73,0)+IF($CM73,CO73,0)+IF($CQ73,CS73,0) -> 0 | S73: =IF(Замер!$J$20="да",Комната_1!$B73,0) -> 0 | T73: =IF(Замер!$J$20="да",Комната_1!$G73,0) -> 52 | U73: =IF(Замер!$J$20="да",Комната_1!$H73,0) -> 37544 | W73: =IF(Замер!$J$40="да",Комната_2!$B73,0) -> 0 | X73: =IF(Замер!$J$40="да",Комната_2!$G73,0) -> 36.8 | Y73: =IF(Замер!$J$40="да",Комната_2!$H73,0) -> 26569.6 | AA73: =IF(Замер!$J$60="да",Комната_3!$B73,0) -> 0 | AB73: =IF(Замер!$J$60="да",Комната_3!$G73,0) -> 35 | AC73: =IF(Замер!$J$60="да",Комната_3!$H73,0) -> 25270 | AE73: =IF(Замер!$J$80="да",Комната_4!$B73,0) -> 0 | AF73: =IF(Замер!$J$80="да",Комната_4!$G73,0) -> 30.9 | AG73: =IF(Замер!$J$80="да",Комната_4!$H73,0) -> 22309.8 | AI73: =IF(Замер!$J$100="да",Комната_5!$B73,0) -> 0 | AJ73: =IF(Замер!$J$100="да",Комната_5!$G73,0) -> 20.4 | AK73: =IF(Замер!$J$100="да",Комната_5!$H73,0) -> 14728.8 | AM73: =IF(Замер!$J$120="да",Коридор!$B73,0) -> 0 | AN73: =IF(Замер!$J$120="да",Коридор!$G73,0) -> 19.5 | AO73: =IF(Замер!$J$120="да",Коридор!$H73,0) -> 14079 | AQ73: =IF(Замер!$J$140="да",Кухня!$B73,0) -> 0 | AR73: =IF(Замер!$J$140="да",Кухня!$G73,0) -> 27.7 | AS73: =IF(Замер!$J$140="да",Кухня!$H73,0) -> 19999.4 | AU73: =IF(Замер!$J$160="да",Ванна!$B73,0) -> 0 | AV73: =IF(Замер!$J$160="да",Ванна!$G73,0) -> 20 | AW73: =IF(Замер!$J$160="да",Ванна!$H73,0) -> 14440 | AY73: =IF(Замер!$J$180="да",Туалет!$B73,0) -> 0 | AZ73: =IF(Замер!$J$180="да",Туалет!$G73,0) -> 0 | BA73: =IF(Замер!$J$180="да",Туалет!$H73,0) -> 0 | BC73: =IF(Замер!$J$200="да",Балкон!$B73,0) -> 0 | BD73: =IF(Замер!$J$200="да",Балкон!$G73,0) -> 0 | BE73: =IF(Замер!$J$200="да",Балкон!$H73,0) -> 0 | BG73: =IF(Замер!$J$220="да",Помещение_11!$B73,0) -> 0 | BH73: =IF(Замер!$J$220="да",Помещение_11!$G73,0) -> 0 | BI73: =IF(Замер!$J$220="да",Помещение_11!$H73,0) -> 0 | BK73: =IF(Замер!$J$240="да",Помещение_12!$B73,0) -> 0 | BL73: =IF(Замер!$J$240="да",Помещение_12!$G73,0) -> 0 | BM73: =IF(Замер!$J$240="да",Помещение_12!$H73,0) -> 0 | BO73: =IF(Замер!$J$260="да",Помещение_13!$B73,0) -> 0 | BP73: =IF(Замер!$J$260="да",Помещение_13!$G73,0) -> 0 | BQ73: =IF(Замер!$J$260="да",Помещение_13!$H73,0) -> 0 | BS73: =IF(Замер!$J$280="да",Помещение_14!$B73,0) -> 0 | BT73: =IF(Замер!$J$280="да",Помещение_14!$G73,0) -> 0 | BU73: =IF(Замер!$J$280="да",Помещение_14!$H73,0) -> 0 | BW73: =IF(Замер!$J$300="да",Помещение_15!$B73,0) -> 0 | BX73: =IF(Замер!$J$300="да",Помещение_15!$G73,0) -> 0 | BY73: =IF(Замер!$J$300="да",Помещение_15!$H73,0) -> 0 | CA73: =IF(Замер!$J$320="да",Помещение_16!$B73,0) -> 0 | CB73: =IF(Замер!$J$320="да",Помещение_16!$G73,0) -> 0 | CC73: =IF(Замер!$J$320="да",Помещение_16!$H73,0) -> 0 | CE73: =IF(Замер!$J$340="да",Помещение_17!$B73,0) -> 0 | CF73: =IF(Замер!$J$340="да",Помещение_17!$G73,0) -> 0 | CG73: =IF(Замер!$J$340="да",Помещение_17!$H73,0) -> 0 | CI73: =IF(Замер!$J$360="да",Помещение_18!$B73,0) -> 0 | CJ73: =IF(Замер!$J$360="да",Помещение_18!$G73,0) -> 0 | CK73: =IF(Замер!$J$360="да",Помещение_18!$H73,0) -> 0 | CM73: =IF(Замер!$J$380="да",Помещение_19!$B73,0) -> 0 | CN73: =IF(Замер!$J$380="да",Помещение_19!$G73,0) -> 0 | CO73: =IF(Замер!$J$380="да",Помещение_19!$H73,0) -> 0 | CQ73: =IF(Замер!$J$400="да",Помещение_20!$B73,0) -> 0 | CR73: =IF(Замер!$J$400="да",Помещение_20!$G73,0) -> 0 | CS73: =IF(Замер!$J$400="да",Помещение_20!$H73,0) -> 0
B74: =P74 -> 0 | C74: 3.13 | D74: =VLOOKUP(C74,СписокРабот!$B:$E,2,FALSE()) -> Снятие старых обоев (флизелин,бумажные,текстильные, многослойные )/ утеплителя со стен | E74: =VLOOKUP(C74,СписокРабот!$B:$E,3,FALSE()) -> м² | F74: =VLOOKUP(C74,СписокРабот!$B:$E,4,FALSE()) -> 552 | G74: =Q74 -> 0 | H74: =F74*G74 -> 0 | M74: =$F74*(100%-$B$3) -> 469.2 | N74: =$G74*$M74 -> 0 | P74: =MAX(S74,W74,AA74,AE74,AI74,AM74,AQ74,AU74,AY74,BC74,BG74,BK74,BO74,BS74,BW74,CA74,CE74,CI74,CM74,CQ74) -> 0 | Q74: =IF($S74,T74,0)+IF($W74,X74,0)+IF($AA74,AB74,0)+IF($AE74,AF74,0)+IF($AI74,AJ74,0)+IF($AM74,AN74,0)+IF($AQ74,AR74,0)+IF($AU74,AV74,0)+IF($AY74,AZ74,0)+IF($BC74,BD74,0)+IF($BG74,BH74,0)+IF($BK74,BL74,0)+IF($BO74,BP74,0)+IF($BS74,BT74,0)+IF($BW74,BX74,0)+IF($CA74,CB74,0)+IF($CE74,CF74,0)+IF($CI74,CJ74,0)+IF($CM74,CN74,0)+IF($CQ74,CR74,0) -> 0 | R74: =IF($S74=1,U74,0)+IF($W74,Y74,0)+IF($AA74,AC74,0)+IF($AE74,AG74,0)+IF($AI74,AK74,0)+IF($AM74,AO74,0)+IF($AQ74,AS74,0)+IF($AU74,AW74,0)+IF($AY74,BA74,0)+IF($BC74,BE74,0)+IF($BG74,BI74,0)+IF($BK74,BM74,0)+IF($BO74,BQ74,0)+IF($BS74,BU74,0)+IF($BW74,BY74,0)+IF($CA74,CC74,0)+IF($CE74,CG74,0)+IF($CI74,CK74,0)+IF($CM74,CO74,0)+IF($CQ74,CS74,0) -> 0 | S74: =IF(Замер!$J$20="да",Комната_1!$B74,0) -> 0 | T74: =IF(Замер!$J$20="да",Комната_1!$G74,0) -> 52 | U74: =IF(Замер!$J$20="да",Комната_1!$H74,0) -> 28704 | W74: =IF(Замер!$J$40="да",Комната_2!$B74,0) -> 0 | X74: =IF(Замер!$J$40="да",Комната_2!$G74,0) -> 36.8 | Y74: =IF(Замер!$J$40="да",Комната_2!$H74,0) -> 20313.6 | AA74: =IF(Замер!$J$60="да",Комната_3!$B74,0) -> 0 | AB74: =IF(Замер!$J$60="да",Комната_3!$G74,0) -> 35 | AC74: =IF(Замер!$J$60="да",Комната_3!$H74,0) -> 19320 | AE74: =IF(Замер!$J$80="да",Комната_4!$B74,0) -> 0 | AF74: =IF(Замер!$J$80="да",Комната_4!$G74,0) -> 30.9 | AG74: =IF(Замер!$J$80="да",Комната_4!$H74,0) -> 17056.8 | AI74: =IF(Замер!$J$100="да",Комната_5!$B74,0) -> 0 | AJ74: =IF(Замер!$J$100="да",Комната_5!$G74,0) -> 20.4 | AK74: =IF(Замер!$J$100="да",Комната_5!$H74,0) -> 11260.8 | AM74: =IF(Замер!$J$120="да",Коридор!$B74,0) -> 0 | AN74: =IF(Замер!$J$120="да",Коридор!$G74,0) -> 19.5 | AO74: =IF(Замер!$J$120="да",Коридор!$H74,0) -> 10764 | AQ74: =IF(Замер!$J$140="да",Кухня!$B74,0) -> 0 | AR74: =IF(Замер!$J$140="да",Кухня!$G74,0) -> 27.7 | AS74: =IF(Замер!$J$140="да",Кухня!$H74,0) -> 15290.4 | AU74: =IF(Замер!$J$160="да",Ванна!$B74,0) -> 0 | AV74: =IF(Замер!$J$160="да",Ванна!$G74,0) -> 20 | AW74: =IF(Замер!$J$160="да",Ванна!$H74,0) -> 11040 | AY74: =IF(Замер!$J$180="да",Туалет!$B74,0) -> 0 | AZ74: =IF(Замер!$J$180="да",Туалет!$G74,0) -> 0 | BA74: =IF(Замер!$J$180="да",Туалет!$H74,0) -> 0 | BC74: =IF(Замер!$J$200="да",Балкон!$B74,0) -> 0 | BD74: =IF(Замер!$J$200="да",Балкон!$G74,0) -> 0 | BE74: =IF(Замер!$J$200="да",Балкон!$H74,0) -> 0 | BG74: =IF(Замер!$J$220="да",Помещение_11!$B74,0) -> 0 | BH74: =IF(Замер!$J$220="да",Помещение_11!$G74,0) -> 0 | BI74: =IF(Замер!$J$220="да",Помещение_11!$H74,0) -> 0 | BK74: =IF(Замер!$J$240="да",Помещение_12!$B74,0) -> 0 | BL74: =IF(Замер!$J$240="да",Помещение_12!$G74,0) -> 0 | BM74: =IF(Замер!$J$240="да",Помещение_12!$H74,0) -> 0 | BO74: =IF(Замер!$J$260="да",Помещение_13!$B74,0) -> 0 | BP74: =IF(Замер!$J$260="да",Помещение_13!$G74,0) -> 0 | BQ74: =IF(Замер!$J$260="да",Помещение_13!$H74,0) -> 0 | BS74: =IF(Замер!$J$280="да",Помещение_14!$B74,0) -> 0 | BT74: =IF(Замер!$J$280="да",Помещение_14!$G74,0) -> 0 | BU74: =IF(Замер!$J$280="да",Помещение_14!$H74,0) -> 0 | BW74: =IF(Замер!$J$300="да",Помещение_15!$B74,0) -> 0 | BX74: =IF(Замер!$J$300="да",Помещение_15!$G74,0) -> 0 | BY74: =IF(Замер!$J$300="да",Помещение_15!$H74,0) -> 0 | CA74: =IF(Замер!$J$320="да",Помещение_16!$B74,0) -> 0 | CB74: =IF(Замер!$J$320="да",Помещение_16!$G74,0) -> 0 | CC74: =IF(Замер!$J$320="да",Помещение_16!$H74,0) -> 0 | CE74: =IF(Замер!$J$340="да",Помещение_17!$B74,0) -> 0 | CF74: =IF(Замер!$J$340="да",Помещение_17!$G74,0) -> 0 | CG74: =IF(Замер!$J$340="да",Помещение_17!$H74,0) -> 0 | CI74: =IF(Замер!$J$360="да",Помещение_18!$B74,0) -> 0 | CJ74: =IF(Замер!$J$360="да",Помещение_18!$G74,0) -> 0 | CK74: =IF(Замер!$J$360="да",Помещение_18!$H74,0) -> 0 | CM74: =IF(Замер!$J$380="да",Помещение_19!$B74,0) -> 0 | CN74: =IF(Замер!$J$380="да",Помещение_19!$G74,0) -> 0 | CO74: =IF(Замер!$J$380="да",Помещение_19!$H74,0) -> 0 | CQ74: =IF(Замер!$J$400="да",Помещение_20!$B74,0) -> 0 | CR74: =IF(Замер!$J$400="да",Помещение_20!$G74,0) -> 0 | CS74: =IF(Замер!$J$400="да",Помещение_20!$H74,0) -> 0
... B82: =P82 -> 1 | C82: 3.21 | D82: =VLOOKUP(C82,СписокРабот!$B:$E,2,FALSE()) -> Демонтаж с откосов ВЭ краски/шпаклевки. Штукатурки, масл. Краски К-1,3 | E82: =VLOOKUP(C82,СписокРабот!$B:$E,3,FALSE()) -> п.м | F82: =VLOOKUP(C82,СписокРабот!$B:$E,4,FALSE()) -> 257 | G82: =Q82 -> 10 | H82: =F82*G82 -> 2570 | M82: =$F82*(100%-$B$3) -> 218.45 | N82: =$G82*$M82 -> 2184.5 | P82: =MAX(S82,W82,AA82,AE82,AI82,AM82,AQ82,AU82,AY82,BC82,BG82,BK82,BO82,BS82,BW82,CA82,CE82,CI82,CM82,CQ82) -> 1 | Q82: =IF($S82,T82,0)+IF($W82,X82,0)+IF($AA82,AB82,0)+IF($AE82,AF82,0)+IF($AI82,AJ82,0)+IF($AM82,AN82,0)+IF($AQ82,AR82,0)+IF($AU82,AV82,0)+IF($AY82,AZ82,0)+IF($BC82,BD82,0)+IF($BG82,BH82,0)+IF($BK82,BL82,0)+IF($BO82,BP82,0)+IF($BS82,BT82,0)+IF($BW82,BX82,0)+IF($CA82,CB82,0)+IF($CE82,CF82,0)+IF($CI82,CJ82,0)+IF($CM82,CN82,0)+IF($CQ82,CR82,0) -> 10 | R82: =IF($S82=1,U82,0)+IF($W82,Y82,0)+IF($AA82,AC82,0)+IF($AE82,AG82,0)+IF($AI82,AK82,0)+IF($AM82,AO82,0)+IF($AQ82,AS82,0)+IF($AU82,AW82,0)+IF($AY82,BA82,0)+IF($BC82,BE82,0)+IF($BG82,BI82,0)+IF($BK82,BM82,0)+IF($BO82,BQ82,0)+IF($BS82,BU82,0)+IF($BW82,BY82,0)+IF($CA82,CC82,0)+IF($CE82,CG82,0)+IF($CI82,CK82,0)+IF($CM82,CO82,0)+IF($CQ82,CS82,0) -> 2570 | S82: =IF(Замер!$J$20="да",Комната_1!$B82,0) -> 1 | T82: =IF(Замер!$J$20="да",Комната_1!$G82,0) -> 10 | U82: =IF(Замер!$J$20="да",Комната_1!$H82,0) -> 2570 | W82: =IF(Замер!$J$40="да",Комната_2!$B82,0) -> 0 | X82: =IF(Замер!$J$40="да",Комната_2!$G82,0) -> 36.8 | Y82: =IF(Замер!$J$40="да",Комната_2!$H82,0) -> 9457.6 | AA82: =IF(Замер!$J$60="да",Комната_3!$B82,0) -> 0 | AB82: =IF(Замер!$J$60="да",Комната_3!$G82,0) -> 35 | AC82: =IF(Замер!$J$60="да",Комната_3!$H82,0) -> 8995 | AE82: =IF(Замер!$J$80="да",Комната_4!$B82,0) -> 0 | AF82: =IF(Замер!$J$80="да",Комната_4!$G82,0) -> 30.9 | AG82: =IF(Замер!$J$80="да",Комната_4!$H82,0) -> 7941.3 | AI82: =IF(Замер!$J$100="да",Комната_5!$B82,0) -> 0 | AJ82: =IF(Замер!$J$100="да",Комната_5!$G82,0) -> 20.4 | AK82: =IF(Замер!$J$100="да",Комната_5!$H82,0) -> 5242.8 | AM82: =IF(Замер!$J$120="да",Коридор!$B82,0) -> 0 | AN82: =IF(Замер!$J$120="да",Коридор!$G82,0) -> 19.5 | AO82: =IF(Замер!$J$120="да",Коридор!$H82,0) -> 5011.5 | AQ82: =IF(Замер!$J$140="да",Кухня!$B82,0) -> 0 | AR82: =IF(Замер!$J$140="да",Кухня!$G82,0) -> 27.7 | AS82: =IF(Замер!$J$140="да",Кухня!$H82,0) -> 7118.9 | AU82: =IF(Замер!$J$160="да",Ванна!$B82,0) -> 0 | AV82: =IF(Замер!$J$160="да",Ванна!$G82,0) -> 20 | AW82: =IF(Замер!$J$160="да",Ванна!$H82,0) -> 5140 | AY82: =IF(Замер!$J$180="да",Туалет!$B82,0) -> 0 | AZ82: =IF(Замер!$J$180="да",Туалет!$G82,0) -> 0 | BA82: =IF(Замер!$J$180="да",Туалет!$H82,0) -> 0 | BC82: =IF(Замер!$J$200="да",Балкон!$B82,0) -> 0 | BD82: =IF(Замер!$J$200="да",Балкон!$G82,0) -> 0 | BE82: =IF(Замер!$J$200="да",Балкон!$H82,0) -> 0 | BG82: =IF(Замер!$J$220="да",Помещение_11!$B82,0) -> 0 | BH82: =IF(Замер!$J$220="да",Помещение_11!$G82,0) -> 0 | BI82: =IF(Замер!$J$220="да",Помещение_11!$H82,0) -> 0 | BK82: =IF(Замер!$J$240="да",Помещение_12!$B82,0) -> 0 | BL82: =IF(Замер!$J$240="да",Помещение_12!$G82,0) -> 0 | BM82: =IF(Замер!$J$240="да",Помещение_12!$H82,0) -> 0 | BO82: =IF(Замер!$J$260="да",Помещение_13!$B82,0) -> 0 | BP82: =IF(Замер!$J$260="да",Помещение_13!$G82,0) -> 0 | BQ82: =IF(Замер!$J$260="да",Помещение_13!$H82,0) -> 0 | BS82: =IF(Замер!$J$280="да",Помещение_14!$B82,0) -> 0 | BT82: =IF(Замер!$J$280="да",Помещение_14!$G82,0) -> 0 | BU82: =IF(Замер!$J$280="да",Помещение_14!$H82,0) -> 0 | BW82: =IF(Замер!$J$300="да",Помещение_15!$B82,0) -> 0 | BX82: =IF(Замер!$J$300="да",Помещение_15!$G82,0) -> 0 | BY82: =IF(Замер!$J$300="да",Помещение_15!$H82,0) -> 0 | CA82: =IF(Замер!$J$320="да",Помещение_16!$B82,0) -> 0 | CB82: =IF(Замер!$J$320="да",Помещение_16!$G82,0) -> 0 | CC82: =IF(Замер!$J$320="да",Помещение_16!$H82,0) -> 0 | CE82: =IF(Замер!$J$340="да",Помещение_17!$B82,0) -> 0 | CF82: =IF(Замер!$J$340="да",Помещение_17!$G82,0) -> 0 | CG82: =IF(Замер!$J$340="да",Помещение_17!$H82,0) -> 0 | CI82: =IF(Замер!$J$360="да",Помещение_18!$B82,0) -> 0 | CJ82: =IF(Замер!$J$360="да",Помещение_18!$G82,0) -> 0 | CK82: =IF(Замер!$J$360="да",Помещение_18!$H82,0) -> 0 | CM82: =IF(Замер!$J$380="да",Помещение_19!$B82,0) -> 0 | CN82: =IF(Замер!$J$380="да",Помещение_19!$G82,0) -> 0 | CO82: =IF(Замер!$J$380="да",Помещение_19!$H82,0) -> 0 | CQ82: =IF(Замер!$J$400="да",Помещение_20!$B82,0) -> 0 | CR82: =IF(Замер!$J$400="да",Помещение_20!$G82,0) -> 0 | CS82: =IF(Замер!$J$400="да",Помещение_20!$H82,0) -> 0
B83: 1 | C83: Итого по: Демонтажные работы ( стены, столярные работы) | G83: =SUMIF(B63:B82,">0",H63:H82) -> 2570 | L83: s | N83: =G83*(100%-$B$3) -> 2184.5
B84: 1 | C84: 4. Монтажные работы (стены,столярные работы) | E84: ед. изм. | F84: цена | G84: кол-во | H84: сумма | L84: t | N84: =N181 -> 935792.54
B85: =P85 -> 1 | C85: 4.1 | D85: =VLOOKUP(C85,СписокРабот!$B:$E,2,FALSE()) -> Оклейка стен сеткой «строби», «паутинка», «стеклохолст»/пароизоляция стен | E85: =VLOOKUP(C85,СписокРабот!$B:$E,3,FALSE()) -> м² | F85: =VLOOKUP(C85,СписокРабот!$B:$E,4,FALSE()) -> 496 | G85: =Q85 -> 15 | H85: =F85*G85 -> 7440 | M85: =$F85*(100%-$B$3) -> 421.6 | N85: =$G85*$M85 -> 6324 | P85: =MAX(S85,W85,AA85,AE85,AI85,AM85,AQ85,AU85,AY85,BC85,BG85,BK85,BO85,BS85,BW85,CA85,CE85,CI85,CM85,CQ85) -> 1 | Q85: =IF($S85,T85,0)+IF($W85,X85,0)+IF($AA85,AB85,0)+IF($AE85,AF85,0)+IF($AI85,AJ85,0)+IF($AM85,AN85,0)+IF($AQ85,AR85,0)+IF($AU85,AV85,0)+IF($AY85,AZ85,0)+IF($BC85,BD85,0)+IF($BG85,BH85,0)+IF($BK85,BL85,0)+IF($BO85,BP85,0)+IF($BS85,BT85,0)+IF($BW85,BX85,0)+IF($CA85,CB85,0)+IF($CE85,CF85,0)+IF($CI85,CJ85,0)+IF($CM85,CN85,0)+IF($CQ85,CR85,0) -> 15 | R85: =IF($S85=1,U85,0)+IF($W85,Y85,0)+IF($AA85,AC85,0)+IF($AE85,AG85,0)+IF($AI85,AK85,0)+IF($AM85,AO85,0)+IF($AQ85,AS85,0)+IF($AU85,AW85,0)+IF($AY85,BA85,0)+IF($BC85,BE85,0)+IF($BG85,BI85,0)+IF($BK85,BM85,0)+IF($BO85,BQ85,0)+IF($BS85,BU85,0)+IF($BW85,BY85,0)+IF($CA85,CC85,0)+IF($CE85,CG85,0)+IF($CI85,CK85,0)+IF($CM85,CO85,0)+IF($CQ85,CS85,0) -> 7440 | S85: =IF(Замер!$J$20="да",Комната_1!$B85,0) -> 1 | T85: =IF(Замер!$J$20="да",Комната_1!$G85,0) -> 15 | U85: =IF(Замер!$J$20="да",Комната_1!$H85,0) -> 7440 | W85: =IF(Замер!$J$40="да",Комната_2!$B85,0) -> 0 | X85: =IF(Замер!$J$40="да",Комната_2!$G85,0) -> 36.8 | Y85: =IF(Замер!$J$40="да",Комната_2!$H85,0) -> 18252.8 | AA85: =IF(Замер!$J$60="да",Комната_3!$B85,0) -> 0 | AB85: =IF(Замер!$J$60="да",Комната_3!$G85,0) -> 35 | AC85: =IF(Замер!$J$60="да",Комната_3!$H85,0) -> 17360 | AE85: =IF(Замер!$J$80="да",Комната_4!$B85,0) -> 0 | AF85: =IF(Замер!$J$80="да",Комната_4!$G85,0) -> 30.9 | AG85: =IF(Замер!$J$80="да",Комната_4!$H85,0) -> 15326.4 | AI85: =IF(Замер!$J$100="да",Комната_5!$B85,0) -> 0 | AJ85: =IF(Замер!$J$100="да",Комната_5!$G85,0) -> 20.4 | AK85: =IF(Замер!$J$100="да",Комната_5!$H85,0) -> 10118.4 | AM85: =IF(Замер!$J$120="да",Коридор!$B85,0) -> 0 | AN85: =IF(Замер!$J$120="да",Коридор!$G85,0) -> 19.5 | AO85: =IF(Замер!$J$120="да",Коридор!$H85,0) -> 9672 | AQ85: =IF(Замер!$J$140="да",Кухня!$B85,0) -> 0 | AR85: =IF(Замер!$J$140="да",Кухня!$G85,0) -> 27.7 | AS85: =IF(Замер!$J$140="да",Кухня!$H85,0) -> 13739.2 | AU85: =IF(Замер!$J$160="да",Ванна!$B85,0) -> 0 | AV85: =IF(Замер!$J$160="да",Ванна!$G85,0) -> 20 | AW85: =IF(Замер!$J$160="да",Ванна!$H85,0) -> 9920 | AY85: =IF(Замер!$J$180="да",Туалет!$B85,0) -> 0 | AZ85: =IF(Замер!$J$180="да",Туалет!$G85,0) -> 0 | BA85: =IF(Замер!$J$180="да",Туалет!$H85,0) -> 0 | BC85: =IF(Замер!$J$200="да",Балкон!$B85,0) -> 0 | BD85: =IF(Замер!$J$200="да",Балкон!$G85,0) -> 0 | BE85: =IF(Замер!$J$200="да",Балкон!$H85,0) -> 0 | BG85: =IF(Замер!$J$220="да",Помещение_11!$B85,0) -> 0 | BH85: =IF(Замер!$J$220="да",Помещение_11!$G85,0) -> 0 | BI85: =IF(Замер!$J$220="да",Помещение_11!$H85,0) -> 0 | BK85: =IF(Замер!$J$240="да",Помещение_12!$B85,0) -> 0 | BL85: =IF(Замер!$J$240="да",Помещение_12!$G85,0) -> 0 | BM85: =IF(Замер!$J$240="да",Помещение_12!$H85,0) -> 0 | BO85: =IF(Замер!$J$260="да",Помещение_13!$B85,0) -> 0 | BP85: =IF(Замер!$J$260="да",Помещение_13!$G85,0) -> 0 | BQ85: =IF(Замер!$J$260="да",Помещение_13!$H85,0) -> 0 | BS85: =IF(Замер!$J$280="да",Помещение_14!$B85,0) -> 0 | BT85: =IF(Замер!$J$280="да",Помещение_14!$G85,0) -> 0 | BU85: =IF(Замер!$J$280="да",Помещение_14!$H85,0) -> 0 | BW85: =IF(Замер!$J$300="да",Помещение_15!$B85,0) -> 0 | BX85: =IF(Замер!$J$300="да",Помещение_15!$G85,0) -> 0 | BY85: =IF(Замер!$J$300="да",Помещение_15!$H85,0) -> 0 | CA85: =IF(Замер!$J$320="да",Помещение_16!$B85,0) -> 0 | CB85: =IF(Замер!$J$320="да",Помещение_16!$G85,0) -> 0 | CC85: =IF(Замер!$J$320="да",Помещение_16!$H85,0) -> 0 | CE85: =IF(Замер!$J$340="да",Помещение_17!$B85,0) -> 0 | CF85: =IF(Замер!$J$340="да",Помещение_17!$G85,0) -> 0 | CG85: =IF(Замер!$J$340="да",Помещение_17!$H85,0) -> 0 | CI85: =IF(Замер!$J$360="да",Помещение_18!$B85,0) -> 0 | CJ85: =IF(Замер!$J$360="да",Помещение_18!$G85,0) -> 0 | CK85: =IF(Замер!$J$360="да",Помещение_18!$H85,0) -> 0 | CM85: =IF(Замер!$J$380="да",Помещение_19!$B85,0) -> 0 | CN85: =IF(Замер!$J$380="да",Помещение_19!$G85,0) -> 0 | CO85: =IF(Замер!$J$380="да",Помещение_19!$H85,0) -> 0 | CQ85: =IF(Замер!$J$400="да",Помещение_20!$B85,0) -> 0 | CR85: =IF(Замер!$J$400="да",Помещение_20!$G85,0) -> 0 | CS85: =IF(Замер!$J$400="да",Помещение_20!$H85,0) -> 0
B86: =P86 -> 0 | C86: 4.2 | D86: =VLOOKUP(C86,СписокРабот!$B:$E,2,FALSE()) -> Монтаж скрытого люка под окраску на стены/ на потолок К- 1,3 | E86: =VLOOKUP(C86,СписокРабот!$B:$E,3,FALSE()) -> ед | F86: =VLOOKUP(C86,СписокРабот!$B:$E,4,FALSE()) -> 3706 | G86: =Q86 -> 0 | H86: =F86*G86 -> 0 | M86: =$F86*(100%-$B$3) -> 3150.1 | N86: =$G86*$M86 -> 0 | P86: =MAX(S86,W86,AA86,AE86,AI86,AM86,AQ86,AU86,AY86,BC86,BG86,BK86,BO86,BS86,BW86,CA86,CE86,CI86,CM86,CQ86) -> 0 | Q86: =IF($S86,T86,0)+IF($W86,X86,0)+IF($AA86,AB86,0)+IF($AE86,AF86,0)+IF($AI86,AJ86,0)+IF($AM86,AN86,0)+IF($AQ86,AR86,0)+IF($AU86,AV86,0)+IF($AY86,AZ86,0)+IF($BC86,BD86,0)+IF($BG86,BH86,0)+IF($BK86,BL86,0)+IF($BO86,BP86,0)+IF($BS86,BT86,0)+IF($BW86,BX86,0)+IF($CA86,CB86,0)+IF($CE86,CF86,0)+IF($CI86,CJ86,0)+IF($CM86,CN86,0)+IF($CQ86,CR86,0) -> 0 | R86: =IF($S86=1,U86,0)+IF($W86,Y86,0)+IF($AA86,AC86,0)+IF($AE86,AG86,0)+IF($AI86,AK86,0)+IF($AM86,AO86,0)+IF($AQ86,AS86,0)+IF($AU86,AW86,0)+IF($AY86,BA86,0)+IF($BC86,BE86,0)+IF($BG86,BI86,0)+IF($BK86,BM86,0)+IF($BO86,BQ86,0)+IF($BS86,BU86,0)+IF($BW86,BY86,0)+IF($CA86,CC86,0)+IF($CE86,CG86,0)+IF($CI86,CK86,0)+IF($CM86,CO86,0)+IF($CQ86,CS86,0) -> 0 | S86: =IF(Замер!$J$20="да",Комната_1!$B86,0) -> 0 | T86: =IF(Замер!$J$20="да",Комната_1!$G86,0) -> 0 | U86: =IF(Замер!$J$20="да",Комната_1!$H86,0) -> 0 | W86: =IF(Замер!$J$40="да",Комната_2!$B86,0) -> 0 | X86: =IF(Замер!$J$40="да",Комната_2!$G86,0) -> 0 | Y86: =IF(Замер!$J$40="да",Комната_2!$H86,0) -> 0 | AA86: =IF(Замер!$J$60="да",Комната_3!$B86,0) -> 0 | AB86: =IF(Замер!$J$60="да",Комната_3!$G86,0) -> 0 | AC86: =IF(Замер!$J$60="да",Комната_3!$H86,0) -> 0 | AE86: =IF(Замер!$J$80="да",Комната_4!$B86,0) -> 0 | AF86: =IF(Замер!$J$80="да",Комната_4!$G86,0) -> 0 | AG86: =IF(Замер!$J$80="да",Комната_4!$H86,0) -> 0 | AI86: =IF(Замер!$J$100="да",Комната_5!$B86,0) -> 0 | AJ86: =IF(Замер!$J$100="да",Комната_5!$G86,0) -> 0 | AK86: =IF(Замер!$J$100="да",Комната_5!$H86,0) -> 0 | AM86: =IF(Замер!$J$120="да",Коридор!$B86,0) -> 0 | AN86: =IF(Замер!$J$120="да",Коридор!$G86,0) -> 0 | AO86: =IF(Замер!$J$120="да",Коридор!$H86,0) -> 0 | AQ86: =IF(Замер!$J$140="да",Кухня!$B86,0) -> 0 | AR86: =IF(Замер!$J$140="да",Кухня!$G86,0) -> 0 | AS86: =IF(Замер!$J$140="да",Кухня!$H86,0) -> 0 | AU86: =IF(Замер!$J$160="да",Ванна!$B86,0) -> 0 | AV86: =IF(Замер!$J$160="да",Ванна!$G86,0) -> 0 | AW86: =IF(Замер!$J$160="да",Ванна!$H86,0) -> 0 | AY86: =IF(Замер!$J$180="да",Туалет!$B86,0) -> 0 | AZ86: =IF(Замер!$J$180="да",Туалет!$G86,0) -> 0 | BA86: =IF(Замер!$J$180="да",Туалет!$H86,0) -> 0 | BC86: =IF(Замер!$J$200="да",Балкон!$B86,0) -> 0 | BD86: =IF(Замер!$J$200="да",Балкон!$G86,0) -> 0 | BE86: =IF(Замер!$J$200="да",Балкон!$H86,0) -> 0 | BG86: =IF(Замер!$J$220="да",Помещение_11!$B86,0) -> 0 | BH86: =IF(Замер!$J$220="да",Помещение_11!$G86,0) -> 0 | BI86: =IF(Замер!$J$220="да",Помещение_11!$H86,0) -> 0 | BK86: =IF(Замер!$J$240="да",Помещение_12!$B86,0) -> 0 | BL86: =IF(Замер!$J$240="да",Помещение_12!$G86,0) -> 0 | BM86: =IF(Замер!$J$240="да",Помещение_12!$H86,0) -> 0 | BO86: =IF(Замер!$J$260="да",Помещение_13!$B86,0) -> 0 | BP86: =IF(Замер!$J$260="да",Помещение_13!$G86,0) -> 0 | BQ86: =IF(Замер!$J$260="да",Помещение_13!$H86,0) -> 0 | BS86: =IF(Замер!$J$280="да",Помещение_14!$B86,0) -> 0 | BT86: =IF(Замер!$J$280="да",Помещение_14!$G86,0) -> 0 | BU86: =IF(Замер!$J$280="да",Помещение_14!$H86,0) -> 0 | BW86: =IF(Замер!$J$300="да",Помещение_15!$B86,0) -> 0 | BX86: =IF(Замер!$J$300="да",Помещение_15!$G86,0) -> 0 | BY86: =IF(Замер!$J$300="да",Помещение_15!$H86,0) -> 0 | CA86: =IF(Замер!$J$320="да",Помещение_16!$B86,0) -> 0 | CB86: =IF(Замер!$J$320="да",Помещение_16!$G86,0) -> 0 | CC86: =IF(Замер!$J$320="да",Помещение_16!$H86,0) -> 0 | CE86: =IF(Замер!$J$340="да",Помещение_17!$B86,0) -> 0 | CF86: =IF(Замер!$J$340="да",Помещение_17!$G86,0) -> 0 | CG86: =IF(Замер!$J$340="да",Помещение_17!$H86,0) -> 0 | CI86: =IF(Замер!$J$360="да",Помещение_18!$B86,0) -> 0 | CJ86: =IF(Замер!$J$360="да",Помещение_18!$G86,0) -> 0 | CK86: =IF(Замер!$J$360="да",Помещение_18!$H86,0) -> 0 | CM86: =IF(Замер!$J$380="да",Помещение_19!$B86,0) -> 0 | CN86: =IF(Замер!$J$380="да",Помещение_19!$G86,0) -> 0 | CO86: =IF(Замер!$J$380="да",Помещение_19!$H86,0) -> 0 | CQ86: =IF(Замер!$J$400="да",Помещение_20!$B86,0) -> 0 | CR86: =IF(Замер!$J$400="да",Помещение_20!$G86,0) -> 0 | CS86: =IF(Замер!$J$400="да",Помещение_20!$H86,0) -> 0
B87: =P87 -> 1 | C87: 4.3 | D87: =VLOOKUP(C87,СписокРабот!$B:$E,2,FALSE()) -> Усиление проёмов металлическим уголком с огрунтовкой | E87: =VLOOKUP(C87,СписокРабот!$B:$E,3,FALSE()) -> п.м | F87: =VLOOKUP(C87,СписокРабот!$B:$E,4,FALSE()) -> 1496 | G87: =Q87 -> 7.4 | H87: =F87*G87 -> 11070.4 | M87: =$F87*(100%-$B$3) -> 1271.6 | N87: =$G87*$M87 -> 9409.84 | P87: =MAX(S87,W87,AA87,AE87,AI87,AM87,AQ87,AU87,AY87,BC87,BG87,BK87,BO87,BS87,BW87,CA87,CE87,CI87,CM87,CQ87) -> 1 | Q87: =IF($S87,T87,0)+IF($W87,X87,0)+IF($AA87,AB87,0)+IF($AE87,AF87,0)+IF($AI87,AJ87,0)+IF($AM87,AN87,0)+IF($AQ87,AR87,0)+IF($AU87,AV87,0)+IF($AY87,AZ87,0)+IF($BC87,BD87,0)+IF($BG87,BH87,0)+IF($BK87,BL87,0)+IF($BO87,BP87,0)+IF($BS87,BT87,0)+IF($BW87,BX87,0)+IF($CA87,CB87,0)+IF($CE87,CF87,0)+IF($CI87,CJ87,0)+IF($CM87,CN87,0)+IF($CQ87,CR87,0) -> 7.4 | R87: =IF($S87=1,U87,0)+IF($W87,Y87,0)+IF($AA87,AC87,0)+IF($AE87,AG87,0)+IF($AI87,AK87,0)+IF($AM87,AO87,0)+IF($AQ87,AS87,0)+IF($AU87,AW87,0)+IF($AY87,BA87,0)+IF($BC87,BE87,0)+IF($BG87,BI87,0)+IF($BK87,BM87,0)+IF($BO87,BQ87,0)+IF($BS87,BU87,0)+IF($BW87,BY87,0)+IF($CA87,CC87,0)+IF($CE87,CG87,0)+IF($CI87,CK87,0)+IF($CM87,CO87,0)+IF($CQ87,CS87,0) -> 11070.4 | S87: =IF(Замер!$J$20="да",Комната_1!$B87,0) -> 1 | T87: =IF(Замер!$J$20="да",Комната_1!$G87,0) -> 7.4 | U87: =IF(Замер!$J$20="да",Комната_1!$H87,0) -> 11070.4 | W87: =IF(Замер!$J$40="да",Комната_2!$B87,0) -> 0 | X87: =IF(Замер!$J$40="да",Комната_2!$G87,0) -> 0 | Y87: =IF(Замер!$J$40="да",Комната_2!$H87,0) -> 0 | AA87: =IF(Замер!$J$60="да",Комната_3!$B87,0) -> 0 | AB87: =IF(Замер!$J$60="да",Комната_3!$G87,0) -> 0 | AC87: =IF(Замер!$J$60="да",Комната_3!$H87,0) -> 0 | AE87: =IF(Замер!$J$80="да",Комната_4!$B87,0) -> 0 | AF87: =IF(Замер!$J$80="да",Комната_4!$G87,0) -> 0 | AG87: =IF(Замер!$J$80="да",Комната_4!$H87,0) -> 0 | AI87: =IF(Замер!$J$100="да",Комната_5!$B87,0) -> 0 | AJ87: =IF(Замер!$J$100="да",Комната_5!$G87,0) -> 0 | AK87: =IF(Замер!$J$100="да",Комната_5!$H87,0) -> 0 | AM87: =IF(Замер!$J$120="да",Коридор!$B87,0) -> 0 | AN87: =IF(Замер!$J$120="да",Коридор!$G87,0) -> 0 | AO87: =IF(Замер!$J$120="да",Коридор!$H87,0) -> 0 | AQ87: =IF(Замер!$J$140="да",Кухня!$B87,0) -> 0 | AR87: =IF(Замер!$J$140="да",Кухня!$G87,0) -> 0 | AS87: =IF(Замер!$J$140="да",Кухня!$H87,0) -> 0 | AU87: =IF(Замер!$J$160="да",Ванна!$B87,0) -> 0 | AV87: =IF(Замер!$J$160="да",Ванна!$G87,0) -> 0 | AW87: =IF(Замер!$J$160="да",Ванна!$H87,0) -> 0 | AY87: =IF(Замер!$J$180="да",Туалет!$B87,0) -> 0 | AZ87: =IF(Замер!$J$180="да",Туалет!$G87,0) -> 0 | BA87: =IF(Замер!$J$180="да",Туалет!$H87,0) -> 0 | BC87: =IF(Замер!$J$200="да",Балкон!$B87,0) -> 0 | BD87: =IF(Замер!$J$200="да",Балкон!$G87,0) -> 0 | BE87: =IF(Замер!$J$200="да",Балкон!$H87,0) -> 0 | BG87: =IF(Замер!$J$220="да",Помещение_11!$B87,0) -> 0 | BH87: =IF(Замер!$J$220="да",Помещение_11!$G87,0) -> 0 | BI87: =IF(Замер!$J$220="да",Помещение_11!$H87,0) -> 0 | BK87: =IF(Замер!$J$240="да",Помещение_12!$B87,0) -> 0 | BL87: =IF(Замер!$J$240="да",Помещение_12!$G87,0) -> 0 | BM87: =IF(Замер!$J$240="да",Помещение_12!$H87,0) -> 0 | BO87: =IF(Замер!$J$260="да",Помещение_13!$B87,0) -> 0 | BP87: =IF(Замер!$J$260="да",Помещение_13!$G87,0) -> 0 | BQ87: =IF(Замер!$J$260="да",Помещение_13!$H87,0) -> 0 | BS87: =IF(Замер!$J$280="да",Помещение_14!$B87,0) -> 0 | BT87: =IF(Замер!$J$280="да",Помещение_14!$G87,0) -> 0 | BU87: =IF(Замер!$J$280="да",Помещение_14!$H87,0) -> 0 | BW87: =IF(Замер!$J$300="да",Помещение_15!$B87,0) -> 0 | BX87: =IF(Замер!$J$300="да",Помещение_15!$G87,0) -> 0 | BY87: =IF(Замер!$J$300="да",Помещение_15!$H87,0) -> 0 | CA87: =IF(Замер!$J$320="да",Помещение_16!$B87,0) -> 0 | CB87: =IF(Замер!$J$320="да",Помещение_16!$G87,0) -> 0 | CC87: =IF(Замер!$J$320="да",Помещение_16!$H87,0) -> 0 | CE87: =IF(Замер!$J$340="да",Помещение_17!$B87,0) -> 0 | CF87: =IF(Замер!$J$340="да",Помещение_17!$G87,0) -> 0 | CG87: =IF(Замер!$J$340="да",Помещение_17!$H87,0) -> 0 | CI87: =IF(Замер!$J$360="да",Помещение_18!$B87,0) -> 0 | CJ87: =IF(Замер!$J$360="да",Помещение_18!$G87,0) -> 0 | CK87: =IF(Замер!$J$360="да",Помещение_18!$H87,0) -> 0 | CM87: =IF(Замер!$J$380="да",Помещение_19!$B87,0) -> 0 | CN87: =IF(Замер!$J$380="да",Помещение_19!$G87,0) -> 0 | CO87: =IF(Замер!$J$380="да",Помещение_19!$H87,0) -> 0 | CQ87: =IF(Замер!$J$400="да",Помещение_20!$B87,0) -> 0 | CR87: =IF(Замер!$J$400="да",Помещение_20!$G87,0) -> 0 | CS87: =IF(Замер!$J$400="да",Помещение_20!$H87,0) -> 0
B88: =P88 -> 0 | C88: 4.4 | D88: =VLOOKUP(C88,СписокРабот!$B:$E,2,FALSE()) -> Устройство ниши до 100х100х10 (в.ш.г.) в бетоне | E88: =VLOOKUP(C88,СписокРабот!$B:$E,3,FALSE()) -> ед. | F88: =VLOOKUP(C88,СписокРабот!$B:$E,4,FALSE()) -> 7475 | G88: =Q88 -> 0 | H88: =F88*G88 -> 0 | M88: =$F88*(100%-$B$3) -> 6353.75 | N88: =$G88*$M88 -> 0 | P88: =MAX(S88,W88,AA88,AE88,AI88,AM88,AQ88,AU88,AY88,BC88,BG88,BK88,BO88,BS88,BW88,CA88,CE88,CI88,CM88,CQ88) -> 0 | Q88: =IF($S88,T88,0)+IF($W88,X88,0)+IF($AA88,AB88,0)+IF($AE88,AF88,0)+IF($AI88,AJ88,0)+IF($AM88,AN88,0)+IF($AQ88,AR88,0)+IF($AU88,AV88,0)+IF($AY88,AZ88,0)+IF($BC88,BD88,0)+IF($BG88,BH88,0)+IF($BK88,BL88,0)+IF($BO88,BP88,0)+IF($BS88,BT88,0)+IF($BW88,BX88,0)+IF($CA88,CB88,0)+IF($CE88,CF88,0)+IF($CI88,CJ88,0)+IF($CM88,CN88,0)+IF($CQ88,CR88,0) -> 0 | R88: =IF($S88=1,U88,0)+IF($W88,Y88,0)+IF($AA88,AC88,0)+IF($AE88,AG88,0)+IF($AI88,AK88,0)+IF($AM88,AO88,0)+IF($AQ88,AS88,0)+IF($AU88,AW88,0)+IF($AY88,BA88,0)+IF($BC88,BE88,0)+IF($BG88,BI88,0)+IF($BK88,BM88,0)+IF($BO88,BQ88,0)+IF($BS88,BU88,0)+IF($BW88,BY88,0)+IF($CA88,CC88,0)+IF($CE88,CG88,0)+IF($CI88,CK88,0)+IF($CM88,CO88,0)+IF($CQ88,CS88,0) -> 0 | S88: =IF(Замер!$J$20="да",Комната_1!$B88,0) -> 0 | T88: =IF(Замер!$J$20="да",Комната_1!$G88,0) -> 0 | U88: =IF(Замер!$J$20="да",Комната_1!$H88,0) -> 0 | W88: =IF(Замер!$J$40="да",Комната_2!$B88,0) -> 0 | X88: =IF(Замер!$J$40="да",Комната_2!$G88,0) -> 0 | Y88: =IF(Замер!$J$40="да",Комната_2!$H88,0) -> 0 | AA88: =IF(Замер!$J$60="да",Комната_3!$B88,0) -> 0 | AB88: =IF(Замер!$J$60="да",Комната_3!$G88,0) -> 0 | AC88: =IF(Замер!$J$60="да",Комната_3!$H88,0) -> 0 | AE88: =IF(Замер!$J$80="да",Комната_4!$B88,0) -> 0 | AF88: =IF(Замер!$J$80="да",Комната_4!$G88,0) -> 0 | AG88: =IF(Замер!$J$80="да",Комната_4!$H88,0) -> 0 | AI88: =IF(Замер!$J$100="да",Комната_5!$B88,0) -> 0 | AJ88: =IF(Замер!$J$100="да",Комната_5!$G88,0) -> 0 | AK88: =IF(Замер!$J$100="да",Комната_5!$H88,0) -> 0 | AM88: =IF(Замер!$J$120="да",Коридор!$B88,0) -> 0 | AN88: =IF(Замер!$J$120="да",Коридор!$G88,0) -> 0 | AO88: =IF(Замер!$J$120="да",Коридор!$H88,0) -> 0 | AQ88: =IF(Замер!$J$140="да",Кухня!$B88,0) -> 0 | AR88: =IF(Замер!$J$140="да",Кухня!$G88,0) -> 0 | AS88: =IF(Замер!$J$140="да",Кухня!$H88,0) -> 0 | AU88: =IF(Замер!$J$160="да",Ванна!$B88,0) -> 0 | AV88: =IF(Замер!$J$160="да",Ванна!$G88,0) -> 0 | AW88: =IF(Замер!$J$160="да",Ванна!$H88,0) -> 0 | AY88: =IF(Замер!$J$180="да",Туалет!$B88,0) -> 0 | AZ88: =IF(Замер!$J$180="да",Туалет!$G88,0) -> 0 | BA88: =IF(Замер!$J$180="да",Туалет!$H88,0) -> 0 | BC88: =IF(Замер!$J$200="да",Балкон!$B88,0) -> 0 | BD88: =IF(Замер!$J$200="да",Балкон!$G88,0) -> 0 | BE88: =IF(Замер!$J$200="да",Балкон!$H88,0) -> 0 | BG88: =IF(Замер!$J$220="да",Помещение_11!$B88,0) -> 0 | BH88: =IF(Замер!$J$220="да",Помещение_11!$G88,0) -> 0 | BI88: =IF(Замер!$J$220="да",Помещение_11!$H88,0) -> 0 | BK88: =IF(Замер!$J$240="да",Помещение_12!$B88,0) -> 0 | BL88: =IF(Замер!$J$240="да",Помещение_12!$G88,0) -> 0 | BM88: =IF(Замер!$J$240="да",Помещение_12!$H88,0) -> 0 | BO88: =IF(Замер!$J$260="да",Помещение_13!$B88,0) -> 0 | BP88: =IF(Замер!$J$260="да",Помещение_13!$G88,0) -> 0 | BQ88: =IF(Замер!$J$260="да",Помещение_13!$H88,0) -> 0 | BS88: =IF(Замер!$J$280="да",Помещение_14!$B88,0) -> 0 | BT88: =IF(Замер!$J$280="да",Помещение_14!$G88,0) -> 0 | BU88: =IF(Замер!$J$280="да",Помещение_14!$H88,0) -> 0 | BW88: =IF(Замер!$J$300="да",Помещение_15!$B88,0) -> 0 | BX88: =IF(Замер!$J$300="да",Помещение_15!$G88,0) -> 0 | BY88: =IF(Замер!$J$300="да",Помещение_15!$H88,0) -> 0 | CA88: =IF(Замер!$J$320="да",Помещение_16!$B88,0) -> 0 | CB88: =IF(Замер!$J$320="да",Помещение_16!$G88,0) -> 0 | CC88: =IF(Замер!$J$320="да",Помещение_16!$H88,0) -> 0 | CE88: =IF(Замер!$J$340="да",Помещение_17!$B88,0) -> 0 | CF88: =IF(Замер!$J$340="да",Помещение_17!$G88,0) -> 0 | CG88: =IF(Замер!$J$340="да",Помещение_17!$H88,0) -> 0 | CI88: =IF(Замер!$J$360="да",Помещение_18!$B88,0) -> 0 | CJ88: =IF(Замер!$J$360="да",Помещение_18!$G88,0) -> 0 | CK88: =IF(Замер!$J$360="да",Помещение_18!$H88,0) -> 0 | CM88: =IF(Замер!$J$380="да",Помещение_19!$B88,0) -> 0 | CN88: =IF(Замер!$J$380="да",Помещение_19!$G88,0) -> 0 | CO88: =IF(Замер!$J$380="да",Помещение_19!$H88,0) -> 0 | CQ88: =IF(Замер!$J$400="да",Помещение_20!$B88,0) -> 0 | CR88: =IF(Замер!$J$400="да",Помещение_20!$G88,0) -> 0 | CS88: =IF(Замер!$J$400="да",Помещение_20!$H88,0) -> 0
B89: =P89 -> 0 | C89: 4.5 | D89: =VLOOKUP(C89,СписокРабот!$B:$E,2,FALSE()) -> Устройство ниши до 100х100х10 (в.ш.г.) в кирпиче,пеноблок | E89: =VLOOKUP(C89,СписокРабот!$B:$E,3,FALSE()) -> ед. | F89: =VLOOKUP(C89,СписокРабот!$B:$E,4,FALSE()) -> 5757 | G89: =Q89 -> 0 | H89: =F89*G89 -> 0 | M89: =$F89*(100%-$B$3) -> 4893.45 | N89: =$G89*$M89 -> 0 | P89: =MAX(S89,W89,AA89,AE89,AI89,AM89,AQ89,AU89,AY89,BC89,BG89,BK89,BO89,BS89,BW89,CA89,CE89,CI89,CM89,CQ89) -> 0 | Q89: =IF($S89,T89,0)+IF($W89,X89,0)+IF($AA89,AB89,0)+IF($AE89,AF89,0)+IF($AI89,AJ89,0)+IF($AM89,AN89,0)+IF($AQ89,AR89,0)+IF($AU89,AV89,0)+IF($AY89,AZ89,0)+IF($BC89,BD89,0)+IF($BG89,BH89,0)+IF($BK89,BL89,0)+IF($BO89,BP89,0)+IF($BS89,BT89,0)+IF($BW89,BX89,0)+IF($CA89,CB89,0)+IF($CE89,CF89,0)+IF($CI89,CJ89,0)+IF($CM89,CN89,0)+IF($CQ89,CR89,0) -> 0 | R89: =IF($S89=1,U89,0)+IF($W89,Y89,0)+IF($AA89,AC89,0)+IF($AE89,AG89,0)+IF($AI89,AK89,0)+IF($AM89,AO89,0)+IF($AQ89,AS89,0)+IF($AU89,AW89,0)+IF($AY89,BA89,0)+IF($BC89,BE89,0)+IF($BG89,BI89,0)+IF($BK89,BM89,0)+IF($BO89,BQ89,0)+IF($BS89,BU89,0)+IF($BW89,BY89,0)+IF($CA89,CC89,0)+IF($CE89,CG89,0)+IF($CI89,CK89,0)+IF($CM89,CO89,0)+IF($CQ89,CS89,0) -> 0 | S89: =IF(Замер!$J$20="да",Комната_1!$B89,0) -> 0 | T89: =IF(Замер!$J$20="да",Комната_1!$G89,0) -> 0 | U89: =IF(Замер!$J$20="да",Комната_1!$H89,0) -> 0 | W89: =IF(Замер!$J$40="да",Комната_2!$B89,0) -> 0 | X89: =IF(Замер!$J$40="да",Комната_2!$G89,0) -> 0 | Y89: =IF(Замер!$J$40="да",Комната_2!$H89,0) -> 0 | AA89: =IF(Замер!$J$60="да",Комната_3!$B89,0) -> 0 | AB89: =IF(Замер!$J$60="да",Комната_3!$G89,0) -> 0 | AC89: =IF(Замер!$J$60="да",Комната_3!$H89,0) -> 0 | AE89: =IF(Замер!$J$80="да",Комната_4!$B89,0) -> 0 | AF89: =IF(Замер!$J$80="да",Комната_4!$G89,0) -> 0 | AG89: =IF(Замер!$J$80="да",Комната_4!$H89,0) -> 0 | AI89: =IF(Замер!$J$100="да",Комната_5!$B89,0) -> 0 | AJ89: =IF(Замер!$J$100="да",Комната_5!$G89,0) -> 0 | AK89: =IF(Замер!$J$100="да",Комната_5!$H89,0) -> 0 | AM89: =IF(Замер!$J$120="да",Коридор!$B89,0) -> 0 | AN89: =IF(Замер!$J$120="да",Коридор!$G89,0) -> 0 | AO89: =IF(Замер!$J$120="да",Коридор!$H89,0) -> 0 | AQ89: =IF(Замер!$J$140="да",Кухня!$B89,0) -> 0 | AR89: =IF(Замер!$J$140="да",Кухня!$G89,0) -> 0 | AS89: =IF(Замер!$J$140="да",Кухня!$H89,0) -> 0 | AU89: =IF(Замер!$J$160="да",Ванна!$B89,0) -> 0 | AV89: =IF(Замер!$J$160="да",Ванна!$G89,0) -> 0 | AW89: =IF(Замер!$J$160="да",Ванна!$H89,0) -> 0 | AY89: =IF(Замер!$J$180="да",Туалет!$B89,0) -> 0 | AZ89: =IF(Замер!$J$180="да",Туалет!$G89,0) -> 0 | BA89: =IF(Замер!$J$180="да",Туалет!$H89,0) -> 0 | BC89: =IF(Замер!$J$200="да",Балкон!$B89,0) -> 0 | BD89: =IF(Замер!$J$200="да",Балкон!$G89,0) -> 0 | BE89: =IF(Замер!$J$200="да",Балкон!$H89,0) -> 0 | BG89: =IF(Замер!$J$220="да",Помещение_11!$B89,0) -> 0 | BH89: =IF(Замер!$J$220="да",Помещение_11!$G89,0) -> 0 | BI89: =IF(Замер!$J$220="да",Помещение_11!$H89,0) -> 0 | BK89: =IF(Замер!$J$240="да",Помещение_12!$B89,0) -> 0 | BL89: =IF(Замер!$J$240="да",Помещение_12!$G89,0) -> 0 | BM89: =IF(Замер!$J$240="да",Помещение_12!$H89,0) -> 0 | BO89: =IF(Замер!$J$260="да",Помещение_13!$B89,0) -> 0 | BP89: =IF(Замер!$J$260="да",Помещение_13!$G89,0) -> 0 | BQ89: =IF(Замер!$J$260="да",Помещение_13!$H89,0) -> 0 | BS89: =IF(Замер!$J$280="да",Помещение_14!$B89,0) -> 0 | BT89: =IF(Замер!$J$280="да",Помещение_14!$G89,0) -> 0 | BU89: =IF(Замер!$J$280="да",Помещение_14!$H89,0) -> 0 | BW89: =IF(Замер!$J$300="да",Помещение_15!$B89,0) -> 0 | BX89: =IF(Замер!$J$300="да",Помещение_15!$G89,0) -> 0 | BY89: =IF(Замер!$J$300="да",Помещение_15!$H89,0) -> 0 | CA89: =IF(Замер!$J$320="да",Помещение_16!$B89,0) -> 0 | CB89: =IF(Замер!$J$320="да",Помещение_16!$G89,0) -> 0 | CC89: =IF(Замер!$J$320="да",Помещение_16!$H89,0) -> 0 | CE89: =IF(Замер!$J$340="да",Помещение_17!$B89,0) -> 0 | CF89: =IF(Замер!$J$340="да",Помещение_17!$G89,0) -> 0 | CG89: =IF(Замер!$J$340="да",Помещение_17!$H89,0) -> 0 | CI89: =IF(Замер!$J$360="да",Помещение_18!$B89,0) -> 0 | CJ89: =IF(Замер!$J$360="да",Помещение_18!$G89,0) -> 0 | CK89: =IF(Замер!$J$360="да",Помещение_18!$H89,0) -> 0 | CM89: =IF(Замер!$J$380="да",Помещение_19!$B89,0) -> 0 | CN89: =IF(Замер!$J$380="да",Помещение_19!$G89,0) -> 0 | CO89: =IF(Замер!$J$380="да",Помещение_19!$H89,0) -> 0 | CQ89: =IF(Замер!$J$400="да",Помещение_20!$B89,0) -> 0 | CR89: =IF(Замер!$J$400="да",Помещение_20!$G89,0) -> 0 | CS89: =IF(Замер!$J$400="да",Помещение_20!$H89,0) -> 0
B90: =P90 -> 0 | C90: 4.6 | D90: =VLOOKUP(C90,СписокРабот!$B:$E,2,FALSE()) -> Устройство ниши до 100х100х10 (в.ш.г.) в фальшстенах,ПГП,гипсолит | E90: =VLOOKUP(C90,СписокРабот!$B:$E,3,FALSE()) -> ед. | F90: =VLOOKUP(C90,СписокРабот!$B:$E,4,FALSE()) -> 4001 | G90: =Q90 -> 0 | H90: =F90*G90 -> 0 | M90: =$F90*(100%-$B$3) -> 3400.85 | N90: =$G90*$M90 -> 0 | P90: =MAX(S90,W90,AA90,AE90,AI90,AM90,AQ90,AU90,AY90,BC90,BG90,BK90,BO90,BS90,BW90,CA90,CE90,CI90,CM90,CQ90) -> 0 | Q90: =IF($S90,T90,0)+IF($W90,X90,0)+IF($AA90,AB90,0)+IF($AE90,AF90,0)+IF($AI90,AJ90,0)+IF($AM90,AN90,0)+IF($AQ90,AR90,0)+IF($AU90,AV90,0)+IF($AY90,AZ90,0)+IF($BC90,BD90,0)+IF($BG90,BH90,0)+IF($BK90,BL90,0)+IF($BO90,BP90,0)+IF($BS90,BT90,0)+IF($BW90,BX90,0)+IF($CA90,CB90,0)+IF($CE90,CF90,0)+IF($CI90,CJ90,0)+IF($CM90,CN90,0)+IF($CQ90,CR90,0) -> 0 | R90: =IF($S90=1,U90,0)+IF($W90,Y90,0)+IF($AA90,AC90,0)+IF($AE90,AG90,0)+IF($AI90,AK90,0)+IF($AM90,AO90,0)+IF($AQ90,AS90,0)+IF($AU90,AW90,0)+IF($AY90,BA90,0)+IF($BC90,BE90,0)+IF($BG90,BI90,0)+IF($BK90,BM90,0)+IF($BO90,BQ90,0)+IF($BS90,BU90,0)+IF($BW90,BY90,0)+IF($CA90,CC90,0)+IF($CE90,CG90,0)+IF($CI90,CK90,0)+IF($CM90,CO90,0)+IF($CQ90,CS90,0) -> 0 | S90: =IF(Замер!$J$20="да",Комната_1!$B90,0) -> 0 | T90: =IF(Замер!$J$20="да",Комната_1!$G90,0) -> 0 | U90: =IF(Замер!$J$20="да",Комната_1!$H90,0) -> 0 | W90: =IF(Замер!$J$40="да",Комната_2!$B90,0) -> 0 | X90: =IF(Замер!$J$40="да",Комната_2!$G90,0) -> 0 | Y90: =IF(Замер!$J$40="да",Комната_2!$H90,0) -> 0 | AA90: =IF(Замер!$J$60="да",Комната_3!$B90,0) -> 0 | AB90: =IF(Замер!$J$60="да",Комната_3!$G90,0) -> 0 | AC90: =IF(Замер!$J$60="да",Комната_3!$H90,0) -> 0 | AE90: =IF(Замер!$J$80="да",Комната_4!$B90,0) -> 0 | AF90: =IF(Замер!$J$80="да",Комната_4!$G90,0) -> 0 | AG90: =IF(Замер!$J$80="да",Комната_4!$H90,0) -> 0 | AI90: =IF(Замер!$J$100="да",Комната_5!$B90,0) -> 0 | AJ90: =IF(Замер!$J$100="да",Комната_5!$G90,0) -> 0 | AK90: =IF(Замер!$J$100="да",Комната_5!$H90,0) -> 0 | AM90: =IF(Замер!$J$120="да",Коридор!$B90,0) -> 0 | AN90: =IF(Замер!$J$120="да",Коридор!$G90,0) -> 0 | AO90: =IF(Замер!$J$120="да",Коридор!$H90,0) -> 0 | AQ90: =IF(Замер!$J$140="да",Кухня!$B90,0) -> 0 | AR90: =IF(Замер!$J$140="да",Кухня!$G90,0) -> 0 | AS90: =IF(Замер!$J$140="да",Кухня!$H90,0) -> 0 | AU90: =IF(Замер!$J$160="да",Ванна!$B90,0) -> 0 | AV90: =IF(Замер!$J$160="да",Ванна!$G90,0) -> 0 | AW90: =IF(Замер!$J$160="да",Ванна!$H90,0) -> 0 | AY90: =IF(Замер!$J$180="да",Туалет!$B90,0) -> 0 | AZ90: =IF(Замер!$J$180="да",Туалет!$G90,0) -> 0 | BA90: =IF(Замер!$J$180="да",Туалет!$H90,0) -> 0 | BC90: =IF(Замер!$J$200="да",Балкон!$B90,0) -> 0 | BD90: =IF(Замер!$J$200="да",Балкон!$G90,0) -> 0 | BE90: =IF(Замер!$J$200="да",Балкон!$H90,0) -> 0 | BG90: =IF(Замер!$J$220="да",Помещение_11!$B90,0) -> 0 | BH90: =IF(Замер!$J$220="да",Помещение_11!$G90,0) -> 0 | BI90: =IF(Замер!$J$220="да",Помещение_11!$H90,0) -> 0 | BK90: =IF(Замер!$J$240="да",Помещение_12!$B90,0) -> 0 | BL90: =IF(Замер!$J$240="да",Помещение_12!$G90,0) -> 0 | BM90: =IF(Замер!$J$240="да",Помещение_12!$H90,0) -> 0 | BO90: =IF(Замер!$J$260="да",Помещение_13!$B90,0) -> 0 | BP90: =IF(Замер!$J$260="да",Помещение_13!$G90,0) -> 0 | BQ90: =IF(Замер!$J$260="да",Помещение_13!$H90,0) -> 0 | BS90: =IF(Замер!$J$280="да",Помещение_14!$B90,0) -> 0 | BT90: =IF(Замер!$J$280="да",Помещение_14!$G90,0) -> 0 | BU90: =IF(Замер!$J$280="да",Помещение_14!$H90,0) -> 0 | BW90: =IF(Замер!$J$300="да",Помещение_15!$B90,0) -> 0 | BX90: =IF(Замер!$J$300="да",Помещение_15!$G90,0) -> 0 | BY90: =IF(Замер!$J$300="да",Помещение_15!$H90,0) -> 0 | CA90: =IF(Замер!$J$320="да",Помещение_16!$B90,0) -> 0 | CB90: =IF(Замер!$J$320="да",Помещение_16!$G90,0) -> 0 | CC90: =IF(Замер!$J$320="да",Помещение_16!$H90,0) -> 0 | CE90: =IF(Замер!$J$340="да",Помещение_17!$B90,0) -> 0 | CF90: =IF(Замер!$J$340="да",Помещение_17!$G90,0) -> 0 | CG90: =IF(Замер!$J$340="да",Помещение_17!$H90,0) -> 0 | CI90: =IF(Замер!$J$360="да",Помещение_18!$B90,0) -> 0 | CJ90: =IF(Замер!$J$360="да",Помещение_18!$G90,0) -> 0 | CK90: =IF(Замер!$J$360="да",Помещение_18!$H90,0) -> 0 | CM90: =IF(Замер!$J$380="да",Помещение_19!$B90,0) -> 0 | CN90: =IF(Замер!$J$380="да",Помещение_19!$G90,0) -> 0 | CO90: =IF(Замер!$J$380="да",Помещение_19!$H90,0) -> 0 | CQ90: =IF(Замер!$J$400="да",Помещение_20!$B90,0) -> 0 | CR90: =IF(Замер!$J$400="да",Помещение_20!$G90,0) -> 0 | CS90: =IF(Замер!$J$400="да",Помещение_20!$H90,0) -> 0
